Workbook

Sheet Oversight
A1: Dataset | B1: Status | C1: N_variables | D1: N_flow | E1: N_stock | F1: N_other | G1: N_waves | H1: Start | I1: End | J1: Apply for access | K1: Difficulty in applying | L1: Jacob's recommendation | M1: Codebook_link | N1: Comments | O1: Structure
A2: AddHealth | B2: 100 | C2: =COUNTA(AddHealth!$B$2:$B$2000) -> 29 | D2: =COUNTIF(AddHealth!$D$2:$D$2000,"Flow") -> 11 | E2: =COUNTIF(AddHealth!$D$2:$D$2000,"Stock") -> 9 | F2: =COUNTIF(AddHealth!$D$2:$D$2000,"Other") -> 8 | G2: 5 | H2: 1994 | I2: - | K2: Yes, costs $850-$1.700 | L2: No - not very detailed information and not that many time periods | M2: http://www.cpc.unc.edu/projects/addhealth/documentation/ace | N2: There is not one Codebook. Instead it is an online tool. It is a bit difficult to figure out what the dataset actually contains. There are a range of questions on allowance or summerjobs, where the respondent was at that point a child/teenager. I have skipped these questions even though they can be perceived as income. Furthermore, there are a range of questions, which concerns whether the respondent can afford hospital/dentist/food etc, which I have also not included. In addition, there is a range of questions on receiving public benefits, which I have skipped
A3: CE | B3: 0 | C3: =COUNTA(CE!$A$2:$A$2000) -> 1 | D3: =COUNTIF(CE!$C$2:$C$2000,"Flow") -> 0 | E3: =COUNTIF(CE!$C$2:$C$2000,"Stock") -> 0 | F3: =COUNTIF(CE!$C$2:$C$2000,"Other") -> 0 | G3: 37 | H3: 1980 | I3: - | K3: No | L3: Hard to use | M3: https://beta.bls.gov/dataQuery/find?fq=survey:%5bcx%5d&s=title:A&r=100&st=0 | N3: It is not feasible to code the codebook - Ask Ben | O3: The survey is conducted every year from 1980 and onwards. Before 1980 it was conducted every 10 years. The data is collected through two surveys, 1) an interview and 2) a Diary Survey. Lowest geographic unit seems to be state. This creates an enormeous database. The databank includes 19.263 measures. Proposed solution; code the survey from 2017 and assume that the variables also exists in earlier years.
A4: GSS | B4: 100 | C4: =COUNTA(GSS!$B$2:$B$2001) -> 62 | D4: =COUNTIF(GSS!$D$2:$D$2001,"Flow") -> 23 | E4: =COUNTIF(GSS!$D$2:$D$2001,"Stock") -> 8 | F4: =COUNTIF(GSS!$D$2:$D$2001,"Other") -> 26 | G4: 31 | H4: 1972 | I4: - | K4: Yes; costs $750 | L4: Yes | M4: http://gss.norc.org/documents/codebook/GSS_Codebook.pdf | N4: I was not able to open the dataset with any of my available programs (R, Alteryx, Tableau) due to the size of the dataset. The year count is based on the data in the descriptive tables. For convenience, GSS have collapsed some years. There may therefore be more years for many of the variables.
A5: HRS | B5: 100 | C5: =COUNTA(HRS!$B$2:$B$2223) -> 277 | D5: =COUNTIF(HRS!$D$2:$D$2223,"Flow") -> 95 | E5: =COUNTIF(HRS!$D$2:$D$2223,"Stock") -> 137 | F5: =COUNTIF(HRS!$D$2:$D$2223,"Other") -> 27 | G5: 15 | H5: 1992 | I5: - | K5: Yes, may cost something | L5: Yes | M5: https://hrs.isr.umich.edu/documentation/codebooks?_ga=2.150292402.546871128.1511281549-564893948.1511281549 | N5: The survey consists of 15 waves with independent questionnaires. I have coded the last and first questionnaire, which gives a good indication of the contents of the surveys. There are, however, around 2.000 questions on income and assets in the 2016 survey, and I may therefore not have coded all relevant variables. | O5: The survey is conducted every second year from 1992 (15 surveys - every year the first 4 years). Apart from the main survey, there are also off-year studies on a range of issues such as consumption and health. The surveys do seem to ask the same questions, but the variables do not seem to have the same names across surveys. The surveys are quite ordered, so will be quite easy to code. Solution: Code the first year and the last year.
A6: NLSY79 | B6: 100 | C6: =COUNTA(NLSY79!$B$2:$B$2245) -> 44 | D6: =COUNTIF(NLSY79!$D$2:$D$2245,"Flow") -> 15 | E6: =COUNTIF(NLSY79!$D$2:$D$2245,"Stock") -> 7 | F6: =COUNTIF(NLSY79!$D$2:$D$2245,"Other") -> 21 | G6: 26 | H6: 1979 | I6: - | K6: No | L6: Yes | M6: https://www.nlsinfo.org/content/cohorts/nlsy79/using-and-understanding-the-data/nlsy79-documentation | N6: I have used the online codebook. The survey contains around 70.000 variables. I have therefore relied extensively on the search tool and not been through all variables. I am using the quesiton name and not the variable name as the Mnemonic since this is the same across surveys, while the variable name varies | O6: The NLSY79 Cohort is a longitudinal project that follows the lives of a sample of American youth born between 1957-64. The cohort originally included 12,686 respondents ages 14-22 when first interviewed in 1979; after two subsamples were dropped, 9,964 respondents remain in the eligible samples. Data are now available from Round 1 (1979 survey year) to Round 26 (2014 survey year). The variables seems to be ordered, so the name for the variables are the same with an indicator for year. There is a data tool, which should make coding easy.
A7: NLSY97 | B7: 100 | C7: =COUNTA(NLSY97!$B$3:$B$2249) -> 55 | D7: =COUNTIF(NLSY97!$D$3:$D$2249,"Flow") -> 21 | E7: =COUNTIF(NLSY97!$D$3:$D$2249,"Stock") -> 10 | F7: =COUNTIF(NLSY97!$D$3:$D$2249,"Other") -> 23 | G7: 17 | H7: 1997 | I7: - | K7: No | L7: Yes | M7: https://www.nlsinfo.org/content/cohorts/nlsy97/using-and-understanding-the-data/nlsy97-documentation | O7: The NLSY97 Cohort is a longitudinal project that follows the lives of a sample of American youth born between 1980-84; 8,984 respondents were ages 12-17 when first interviewed in 1997. This ongoing cohort has been surveyed 17 times to date and is now interviewed biennially. Data are now available from Round 1 (1997-98) to Round 17 (2015-16). The variables seems to be ordered, so the name for the variables are the same with an indicator for year. There is a data tool, which should make coding easy.
A8: NSFH | B8: 100 | C8: =COUNTA(NSFH!$B$2:$B$2138) -> 208 | D8: =COUNTIF(NSFH!$D$2:$D$2138,"Flow") -> 80 | E8: =COUNTIF(NSFH!$D$2:$D$2138,"Stock") -> 60 | F8: =COUNTIF(NSFH!$D$2:$D$2138,"Other") -> 55 | G8: 3 | H8: 1988 | I8: 2002 | K8: No, but need to request geoinformation | L8: Yes | M8: https://www.ssc.wisc.edu/nsfh/codedata1.htm | N8: The survey consists of three waves, where all members of a household is interviewed. I have only coded the interview with the primary respondent. The questionnaire and names of the variables differs across the 3 interviews, so I have coded them seperately. The survey includes very detailed questions on income and wealth on a large number of areas, and I have only coded the main variables as a result.
A9: NIS | B9: 100 | C9: =COUNTA(NIS!$B$2:$B$2234) -> 122 | D9: =COUNTIF(NIS!$D$2:$D$2234,"Flow") -> 55 | E9: =COUNTIF(NIS!$D$2:$D$2234,"Stock") -> 50 | F9: =COUNTIF(NIS!$D$2:$D$2234,"Other") -> 11 | G9: 3 | H9: 1996 | I9: 2009 | K9: Yes, costs $550 | L9: Probably not, unless we want to do something on immigrants | M9: http://nis.princeton.edu/documentation.html | N9: I have only coded the adult part of the last wave. There are also surveys for the person's children and spouse. The codebook consists of +5000 pages, so I have relied on the search function quite a bit | O9: The New Immigrant Survey (NIS) is a nationally representative multi-cohort longitudinal study of new legal immigrants and their children to the United States based on nationally representative samples of the administrative records, compiled by the U.S. Immigration and Naturalization Service (INS), pertaining to immigrants newly admitted to permanent residence. The dataset consists of 3 rounds. 1996 (pilot study), 2003 (First real round) and 2009 (Second real rounds). The rounds have different codebooks, but the structure seems to be the same. Proposed solution: code the last codebook (NIS 2003-2)
A10: NSHAP | B10: 100 | C10: =COUNTA(NSHAP!$B$2:$B$2220) -> 12 | D10: =COUNTIF(NSHAP!$D$2:$D$2220,"Flow") -> 1 | E10: =COUNTIF(NSHAP!$D$2:$D$2220,"Stock") -> 1 | F10: =COUNTIF(NSHAP!$D$2:$D$2220,"Other") -> 8 | G10: 2 | H10: 2005 | I10: - | K10: No | L10: No - not much data we can use | M10: http://www.icpsr.umich.edu/icpsrweb/NACDA/studies/20541 | O10: The National Social Life, Health, and Aging Project (NSHAP) is a longitudinal, population-based study of health and social factors. The target group is elderly people aged between 57 to 85 at the time of Wave 1 interview. There are 4,400 households in the first sample. The survey has 3 waves; Wave 1 (2005-2006 with 3,005 interviews), Wave 2 (2010-2011 with 3.377 interviews) and Wave 3 (2015-2016 with 4,600 interviews). Wave 3 is not released yet. Two codebooks with 800 and 1,201 pages - names of variables seems to be the same. Proposed solution: Code Wave 2
A11: PSID | B11: 100 | C11: =COUNTA(PSID!$B$2:$B$2288) -> 99 | D11: =COUNTIF(PSID!$D$2:$D$2288,"Flow") -> 50 | E11: =COUNTIF(PSID!$D$2:$D$2288,"Stock") -> 28 | F11: =COUNTIF(PSID!$D$2:$D$2288,"Other") -> 17 | G11: 39 | H11: 1968 | I11: - | K11: Yes; costs $750 | L11: Probably - has a long time period | M11: https://simba.isr.umich.edu/VS/i.aspx | N11: There is both an individual survey and a family survey. I have coded both using the datatool. The variable names most often differ across years. I have noted the mnemonic from the latest year. The survey contains extremely detailed data on income, transfers and tax. As a result, I have only coded the main variables. | O11: The PSID began in 1968 with a nationally representative sample of over 18,000 individuals living in 5,000 families in the United States. There are 39 main surveys and supplemental studies (Child Development Supplement, Transition into Adulthood Supplement, Intergenerational Transfer). The survey should be relatively easy to code since there is a superb data tool.
A12: SCF | B12: 100 | C12: =COUNTA(SCF!$B$2:$B$2426) -> 155 | D12: =COUNTIF(SCF!$D$2:$D$2426,"Flow") -> 32 | E12: =COUNTIF(SCF!$D$2:$D$2426,"Stock") -> 108 | F12: =COUNTIF(SCF!$D$2:$D$2426,"Other") -> 11 | G12: 11 | H12: 1983 | I12: - | K12: No | L12: Probably not; hard to use | M12: https://www.federalreserve.gov/econres/scf-previous-surveys.htm/https://www.federalreserve.gov/econres/files/codebk2013.txt | N12: I am coding the 2013 survey | O12: The Survey of Consumer Finances (SCF) is normally a triennial cross-sectional survey of U.S. families. The survey data include information on families’ balance sheets, pensions, income, and demographic characteristics. The survey has contained a panel element over two periods. Respondents to the 1983 survey were re-interviewed in 1986 and 1989. Respondents to the 2007 survey were re-interviewed in 2009. The survey has 12 waves. There are decent codebooks for every wave, but the variables seems to be independent of each other and the codebooks are enormeous. Solution: Code the latest codebook
A13: SIPP | B13: 100 | C13: =COUNTA(SIPP!$A$2:$A$2300) -> 206 | D13: =COUNTIF(SIPP!$C$2:$C$2300,"Flow") -> 72 | E13: =COUNTIF(SIPP!$C$2:$C$2300,"Stock") -> 121 | F13: =COUNTIF(SIPP!$C$2:$C$2300,"Other") -> 12 | G13: 15 | H13: 1984 | I13: 2014 | K13: No | L13: Probably not; hard to use, but has a lot of information | M13: https://www.census.gov/programs-surveys/sipp/data.2014.html/https://www.census.gov/data-tools/demo/sipp/sippdict.html | N13: The SIPP is gigantic. I have used the codebook for the 2014 survey, and tried to manly focus on the summarizing variables in order to make it doable. | O13: The main objective of the SIPP has been, and continues to be, to provide accurate and comprehensive information about the income and program participation of individuals and households in the United States. The survey has 14 panels with 9-16 waves in each, which results in +100 questionnaires with 45-350 pages in each. This seems to be a gigantic dataset. Should I code one panel to give an indication of what the dataset includes?
A14: L.A.FANS | B14: 100 | C14: =COUNTA(L.A.FANS!$B$2:$B$2326) -> 56 | D14: =COUNTIF(L.A.FANS!$D$2:$D$2326,"Flow") -> 18 | E14: =COUNTIF(L.A.FANS!$D$2:$D$2326,"Stock") -> 18 | F14: =COUNTIF(L.A.FANS!$D$2:$D$2326,"Other") -> 15 | G14: 2 | H14: 2000 | I14: 2008 | K14: Yes, variable dependent on the dataset | L14: Maybe; Has good data on L.A., but is limited to this area | M14: https://www.rand.org/pubs/drafts/DRU2400z2-1.html/https://www.rand.org/pubs/working_papers/WR240z20.html | N14: I have coded the first wave. There is a public and a restricted use dataset. The public have top coded income and assets values plus have very limited geographic data. | O14: The Los Angeles Family and Neighborhood Survey (L.A.FANS) is a longitudinal study of families in Los Angeles County, California, and of the neighborhoods in which they live. There are 2 waves. The first from 2000-2001, while the second is from 2006-2008. There are codebooks for each wave - I have coded the 2004 codebook
A15: WLS | B15: 100 | C15: =COUNTA(WLS!$A$3:$A$2378) -> 87 | D15: =COUNTIF(WLS!$C$2:$C$2378,"Flow") -> 29 | E15: =COUNTIF(WLS!$C$2:$C$2378,"Stock") -> 37 | F15: =COUNTIF(WLS!$C$2:$C$2378,"Other") -> 21 | G15: 6 | H15: 1957 | I15: 2011 | K15: Yes, but free | L15: Maybe; Has good data on Wisconsin, but is limited to this area. | M15: https://www.ssc.wisc.edu/wlsresearch/documentation/waves/ | N15: The survey has 6 waves with very different codebooks. Furthermore, they are also interviewing siblings/spouses of the repsodnent. I have looked at the codebook from 1957 and the one from 2011 only for the respondent | O15: The Wisconsin Longitudinal Study (WLS) is a long-term study of a random sample of 10,317 men and women who graduated from Wisconsin high schools in 1957. There are 8 waves, which seems to differ a lot over time. The surveys are relatively small though. Maybe code 1 wave and figure out which waves that includes data on income and assets?
A16: HES/SIH | B16: 100 | C16: =COUNTA(HESSIH!$B$4:$B$2589) -> 245 | D16: =COUNTIF(HESSIH!$D$3:$D$2589,"Flow") -> 149 | E16: =COUNTIF(HESSIH!$D$3:$D$2589,"Stock") -> 72 | F16: =COUNTIF(HESSIH!$D$3:$D$2589,"Other") -> 22 | G16: 9 | H16: 1974 | K16: Yes, variable dependent on the dataset | L16: Yes, if we are interested in Australia | M16: http://www.abs.gov.au/AUSSTATS/abs@.nsf/ViewContent?readform&view=ProductsbyCatalogue&Action=Expand&Num=7.5 | N16: I have only coded the latest codebook (2015-2016) | O16: Confusing for now
A17: HILDA Survey | B17: 100 | C17: =COUNTA(HILDA!$B$2:$B$2410) -> 118 | D17: =COUNTIF(HILDA!$D$2:$D$2410,"Flow") -> 45 | E17: =COUNTIF(HILDA!$D$2:$D$2410,"Stock") -> 56 | F17: =COUNTIF(HILDA!$D$2:$D$2410,"Other") -> 16 | G17: 16 | H17: 2001 | I17: - | K17: Yes, costs AUS $330 | L17: Yes, if we are interested in Australia (HILDA seems better than HES) | M17: https://www.online.fbe.unimelb.edu.au/HILDAodd/srchSubjectAreas.aspx | N17: The survey has extremely detailed information on income and wealth. I have therefore only coded the main variables, but there are many more in the survey itself | O17: The Household, Income and Labour Dynamics in Australia (HILDA) Survey is a household-based panel study that collects valuable information about economic and personal well-being, labour market dynamics and family life. There are 15 waves, the first in 2001. The survey should be fairly easy to code with the data dictionary;
A18: SFS | B18: 100 | C18: =COUNTA(SFS!$B$2:$B$2484) -> 76 | D18: =COUNTIF(SFS!$D$2:$D$2484,"Flow") -> 2 | E18: =COUNTIF(SFS!$D$2:$D$2484,"Stock") -> 70 | F18: =COUNTIF(SFS!$D$2:$D$2484,"Other") -> 2 | G18: 4 | H18: 1999 | I18: - | K18: ? | L18: Probably not | M18: http://www23.statcan.gc.ca/imdb/p3Instr.pl?Function=assembleInstr&lang=en&Item_Id=313871 | N18: I have coded the 20116 survey | O18: The purpose of the survey is to collect information from a sample of Canadian households on their assets and debts. The SFS provides a comprehensive picture of the financial health of Canadians. Every 7 years since 1999. There are 4 waves until now. Relatively short survey and seems to be the case that the variables names are reused. Code 2016
A19: CFPS | B19: 0 | C19: =COUNTA(CFPS!$A$2:$A$2484) -> 0 | D19: =COUNTIF(CFPS!$C$2:$C$2484,"Flow") -> 0 | E19: =COUNTIF(CFPS!$C$2:$C$2484,"Stock") -> 0 | F19: =COUNTIF(CFPS!$C$2:$C$2484,"Other") -> 0 | G19: 6? | H19: 2010 | I19: - | K19: ? | L19: No, no information on this survey. | M19: http://www.icpsr.umich.edu/icpsrweb/ICPSR/studies/36524#method/http://opendata.pku.edu.cn/dataset.xhtml?persistentId=doi:10.18170/DVN/45LCSO | N19: I cannot find any information on the data in this survey | O19: The China Family Panel Studies (CFPS) is a nationally representative, annual longitudinal general social survey project designed to document changes in Chinese society, economy, population, education, and health. Started in 2010 and ended in 2015. The webpage does not provide much information on the data nor the codebook.
A20: HWS | B20: 0 | C20: =COUNTA(HWS!$A$2:$A$2484) -> 0 | D20: =COUNTIF(HWS!$C$2:$C$2484,"Flow") -> 0 | E20: =COUNTIF(HWS!$C$2:$C$2484,"Stock") -> 0 | F20: =COUNTIF(HWS!$C$2:$C$2484,"Other") -> 0 | G20: 7 | H20: 1987 | I20: - | K20: ? | L20: No | M20: http://pxnet2.stat.fi/PXWeb/pxweb/en/StatFin/StatFin__tul__vtutk/?tablelist=true | N20: It is not a survey in the same way as the remaining surveys in this codebook. It is more a database with a few key variables. I can code these if necessary - alternatively we should inquire about the codebook | O20: The wealth survey describes household’s assets: their total amount, structure and distribution among different population groups. There are the following waves; Saving and indebtedness survey in 1987 and 1988. Wealth survey in 1994. Wealth survey in 1998. Housing and wealth survey in 2004. Wealth survey 2009. Wealth survey 2013. Wealth Survey 2017. Unlike most of the other surveys the data is not solely based on survey data, but also on registerdata. The database seems to solely include data on wealth and assets
A21: SOEP | B21: 0 | C21: =COUNTA(SOEP!$A$2:$A$2484) -> 1 | D21: =COUNTIF(SOEP!$C$2:$C$2484,"Flow") -> 0 | E21: =COUNTIF(SOEP!$C$2:$C$2484,"Stock") -> 0 | F21: =COUNTIF(SOEP!$C$2:$C$2484,"Other") -> 0 | H21: 1988 | I21: - | K21: Yes | L21: Yes, but we will die doing the data management | M21: http://www.diw.de/en/diw_02.c.239921.en/codebooks.html | N21: I have only coded version 30 of the codebook. The codebook is 12.000 pages (all 30 surveys together). I can therefore not open it on my laptop and need a stronger computer | O21: The German Socio-Economic Panel (SOEP) is a longitudinal survey of approximately 11,000 private households in the Federal Republic of Germany from 1984 to 2016, and eastern German länder from 1990 to 2016. There are 30 versions of the codebook, but it seems most reasonable to use the last one. There are, however, 11.339 pages in the codebook, so I might need a better computer and have a very selective way of choosing variables
A22: SHIW | B22: 100 | C22: =COUNTA(SHIW!$A$2:$A$2524) -> 63 | D22: =COUNTIF(SHIW!$C$2:$C$2524,"Flow") -> 12 | E22: =COUNTIF(SHIW!$C$2:$C$2524,"Stock") -> 36 | F22: =COUNTIF(SHIW!$C$2:$C$2524,"Other") -> 14 | G22: 23 | H22: 1977 (1965) | I22: - | K22: Yes, but free | L22: Yes | M22: http://www.bancaditalia.it/statistiche/tematiche/indagini-famiglie-imprese/bilanci-famiglie/documentazione/index.html | N22: I have used the historical database as the reference material for the coding and used the questionnaire from 2014 as reference document | O22: The Survey on Household Income and Wealth (SHIW) was begun in the 1960s to gather data on the incomes and savings of Italian households. There are 24 waves from 1977 to 2016 with separate questionnaires. Seems like I can get an overview quite easily by using the "Historical Database 1977-2014". There are also results from 1965 to 1975, but these are solely in Italian
A23: JHPS/KHPS | B23: 0 | C23: =COUNTA(KHPS!$A$2:$A$2524) -> 1 | D23: =COUNTIF(KHPS!$C$2:$C$2524,"Flow") -> 0 | E23: =COUNTIF(KHPS!$C$2:$C$2524,"Stock") -> 0 | F23: =COUNTIF(KHPS!$C$2:$C$2524,"Other") -> 0 | G23: 14 | H23: 2004 | I23: - | K23: Yes | L23: Yes, but I tried to get in contact with them and they did not reply back. | M23: https://www.pdrc.keio.ac.jp/en/paneldata/datasets/jhpskhps/ | N23: Status: Applied for the data from JHPS since I could not find a codebook. I have only coded the KHPS and not the additional round (JHPS). This is so because the surveys apparently are identical for the two rounds | O23: The Keio Household Panel Survey (KHPS) has been implemented continuously since 2004 on 4,000 households and 7,000 individuals nationwide. An additional survey on a cohort of about 1,400 households and 2,500 individuals was initiated from 2007. There are 14 waves with a seperate questionnaire for each wave. Solution: Code the last survey (2016/2017)
A24: KLIPS | B24: 100 | C24: =COUNTA(KLIPS!$B$3:$B$2611) -> 126 | D24: =COUNTIF(KLIPS!$D$3:$D$2611,"Flow") -> 53 | E24: =COUNTIF(KLIPS!$D$3:$D$2611,"Stock") -> 53 | F24: =COUNTIF(KLIPS!$D$3:$D$2611,"Other") -> 18 | G24: 18 | H24: 1998 | I24: - | K24: Yes, costs $125 | L24: Yes | M24: https://www.kli.re.kr/klips_eng/selectBbsNttList.do?bbsNo=73&key=261 | O24: KLIPS (Korean Labor & Income Panel Study) is a longitudinal survey of the labor market / income activities of households and individuals residing in urban areas. The 1st wave was launched in 1998. There are as of now 18 surveys with a separate questionnaire for each, but one codebook, which gives an overview (though it is rather confusing). Code this
A25: SHP | B25: 100 | C25: =COUNTA(SHP!$A$3:$A$2652) -> 70 | D25: =COUNTIF(SHP!$C$3:$C$2652,"Flow") -> 42 | E25: =COUNTIF(SHP!$C$3:$C$2652,"Stock") -> 11 | F25: =COUNTIF(SHP!$C$3:$C$2652,"Other") -> 16 | G25: 19 | H25: 1999 | I25: - | K25: Yes, but free | L25: Maybe, not much data on wealth | M25: http://forscenter.ch/en/our-surveys/swiss-household-panel/documentationfaq-2/variables/ | N25: I have been going through all variables that are included in Wave 18 in Liste Des Variables. The $$ in the mnemonic can be replaced with the wave to get the given variable | O25: The SHP constitutes a unique longitudinal database for Switzerland. Data collection started in 1999 with a sample of 5,074 households containing 12,931 household members. In 2004 a second sample of 2,538 households with a total of 6,569 household members was added; and since 2013 the SHP contains a third sample of 4’093 households and 9’945 individuals. There are now 17 waves with a separate questionnaire for each in French. They also have a list of variables and it may be beneficial to go over this list of variables to get an idea of the content
A26: BHPS | B26: 100 | C26: =COUNTA(BHPS!$B$2:$B$2003) -> 45 | D26: =COUNTIF(BHPS!$D$2:$D$2003,"Flow") -> 7 | E26: =COUNTIF(BHPS!$D$2:$D$2003,"Stock") -> 6 | F26: =COUNTIF(BHPS!$D$2:$D$2003,"Other") -> 31 | G26: 18 | H26: 1991 | I26: 2008 | K26: No | L26: Yes | M26: https://www.iser.essex.ac.uk/bhps/documentation/volb/ | N26: The database consists of 18 surveys (every year from 1991 to 2008), which each has 7-10 sections with different questions. The variables are named, so year 1 is A, 2 is B and so on. I have tried to find the relevant variables and the years they are included in the first codebook and the last codebook. I did not have time to go through all 18 codebooks - at least for now. The survey may be difficult to handle since it is a household survey and therefore interviews different people in the interviewed households over time. The survey has very detailed data on wealth and income; the full list of variables on income can be found at: https://www.iser.essex.ac.uk/bhps/documentation/volb/indexes/subjcat13.html#Incomes
A27: UKHLS | B27: 100 | C27: =COUNTA(UKHLS!$A$2:$A$2094) -> 121 | D27: =COUNTIF(UKHLS!$C$2:$C$2094,"Flow") -> 78 | E27: =COUNTIF(UKHLS!$C$2:$C$2094,"Stock") -> 10 | F27: =COUNTIF(UKHLS!$C$2:$C$2094,"Other") -> 25 | G27: 7 | H27: 2009 | I27: - | K27: No | L27: Yes | M27: https://www.understandingsociety.ac.uk/documentation/mainstage/dataset-documentation | N27: I coded the last wave, 7, in UKHLS | O27: The survey has 9 waves. Their website contains information for both BHPS and UKHLS, which makes the site a bit confusing. I may want to code the first and the last wave.
A28: WAS | B28: 100 | C28: =COUNTA(WAS!$A$2:$A$2438) -> 387 | D28: =COUNTIF(WAS!$C$2:$C$2438,"Flow") -> 83 | E28: =COUNTIF(WAS!$C$2:$C$2438,"Stock") -> 261 | F28: =COUNTIF(WAS!$C$2:$C$2438,"Other") -> 37 | G28: 3 | H28: 2006 | I28: 2012 | K28: No | L28: Yes | M28: http://webarchive.nationalarchives.gov.uk/20160106070411/http://www.ons.gov.uk/ons/guide-method/method-quality/specific/economy/wealth-and-assets-survey/wealth-and-assets-survey---user-guidance/index.html | N28: For some reason most of the files on the variables are not available. I have therefore coded "Volume 4: details of WAS variables 2008 to 2010", which is the newest publicly available variable description. Because of the very extensive size of the survey I have coded it selectively | O28: WAS has 3 waves, 2006-2008, 2008-2010 and 2010-2012. There is not much publicly available information on what it the survey includes
A29: HFCS | B29: 100 | C29: =COUNTA(HFCS!$B$2:$B$2581) -> 166 | D29: =COUNTIF(HFCS!$D$2:$D$2581,"Flow") -> 50 | E29: =COUNTIF(HFCS!$D$2:$D$2581,"Stock") -> 101 | F29: =COUNTIF(HFCS!$D$2:$D$2581,"Other") -> 14 | G29: 2 | H29: 2010 | I29: - | K29: Yes, but free | L29: Yes | M29: https://www.ecb.europa.eu/pub/economic-research/research-networks/html/researcher_hfcn.en.html | O29: The HFCS collects information on the assets, liabilities, income and consumption of households. The survey is based on 84,000 interviews conducted in 18 euro area countries, as well as Poland and Hungary, mainly in 2013 and 2014. The first wave of the HFCS was conducted mainly in 2010 and was published in 2013. There are two waves with a separate questionnaire for each. | P29: Comparative
A30: ISSP | B30: 100 | C30: =COUNTA(ISSP!$B$2:$B$2578) -> 18 | D30: =COUNTIF(ISSP!$D$2:$D$2578,"Flow") -> 2 | E30: =COUNTIF(ISSP!$D$2:$D$2578,"Stock") -> 2 | F30: =COUNTIF(ISSP!$D$2:$D$2578,"Other") -> 13 | G30: 4 | H30: 1987 | I30: - | L30: Maybe; but very few questions on wealth | M30: https://dbk.gesis.org/dbksearch/sdesc2.asp?no=5400&search=issp%202009&search2=&field=all&field2=&DB=e&tab=0&notabs=&nf=1&af=&ll=10 | N30: I have coded the 2009 survey. It seems to vary quite a lot from earlier surveys | O30: The survey has done research on inequality in 1987, 1992, 1999 and 2009. The surveys seems to vary a lot over time. It seems like the 2009 is the most interesting from our perspective. The 2009 survey covers around 40 countries, and will be updated in 2019. Solution; code the 2009 survey | P30: Comparative
A31: LWS | B31: 100 | C31: =COUNTA(LWS!$B$3:$B$2693) -> 321 | D31: =COUNTIF(LWS!$D$3:$D$2693,"Flow") -> 244 | E31: =COUNTIF(LWS!$D$3:$D$2693,"Stock") -> 52 | F31: =COUNTIF(LWS!$D$3:$D$2693,"Other") -> 23 | G31: Up to 10 | H31: 1967 | I31: - | K31: Yes, costs €750/quarter | L31: Yes | M31: http://www.lisdatacenter.org/data-access/web-tabulator/variables/ | N31: I coded both LIS and LWS. 1967 is earliest datapoint (Sweden). There is income data from 1967 for some countries, while there is only wealth data from 1995 and onwards. The number of waves varies from 1 to 12 for the different countries. To code the dataset, I have used METIS (http://www.lisdatacenter.org/frontend#/home) and the codebook for US in 2013 (http://www.lisdatacenter.org/wp-content/uploads/our-lis-documentation-by-us13-hcodebook.txt). It should be noted that the accessibility of data varies across countries and over time. | O31: Consists of both an income and a wealth database. The wealth database has data on 15 countries from 1995 and onwards. There are now 7 waves. Data only seems to be available on a aggregated level. Also has a list of references to databases, which may be of interest | P31: Comparative
A32: SHARE | B32: 100 | C32: =COUNTA(SHARE!$A$3:$A$2734) -> 66 | D32: =COUNTIF(SHARE!$C$3:$C$2734,"Flow") -> 22 | E32: =COUNTIF(SHARE!$C$3:$C$2734,"Stock") -> 33 | F32: =COUNTIF(SHARE!$C$3:$C$2734,"Other") -> 10 | G32: 7 | H32: 2004 | I32: - | K32: Yes, but free | L32: Maybe | M32: http://www.share-project.org/data-documentation/questionnaires/questionnaire-wave-7.html | N32: I have coded the survey using the comparison tool (in the DropBox) and the latest survey. It is incredibly hard to get an actual overview over the variables, so there may be mistakes. It is possibly the worst codebook I have ever seen | O32: The Survey of Health, Ageing and Retirement in Europe (SHARE) is a multidisciplinary and cross-national panel database of micro data on health, socio-economic status and social and family networks of more than 120,000 individuals aged 50 or older (more than 297,000 interviews). SHARE covers EU27 and Israel. It has 7 waves, the first in 2004 and the last in 2015. It does not look like a codebook exists, but there are questionnaires for each wave. These are a bit hard to get an overview of though. Solution: Guess I should code the last questionnaire | P32: Comparative
A33: Sum | B33: =SUM(B2:B32)/COUNTA(B2:B32)/100 -> 0.83870968 | C33: =SUM(C2:C32) -> 3237 | D33: =SUM(D2:D32) -> 1291 | E33: =SUM(E2:E32) -> 1357 | F33: =SUM(F2:F32) -> 496 | G33: =SUM(G2:G32)+10 -> 373 | H33: =MIN(H2:H32) -> 1957 | I33: -
A34: Number of surveys | B34: =COUNTIF($B$2:$B$32,100) -> 26
A35: Other surveys of interest; SLID(1993-) of Canada
A36: http://www.lisdatacenter.org/resources/other-databases/

Sheet Datasets
A1: Abbreviation | B1: Dataset | C1: Country | D1: Overview | E1: Survey years | F1: Years with wealth information | G1: Wealth data coverage | H1: General website | I1: Accessible? | J1: Access or Application link | K1: Geocoding? | L1: Access notes | M1: Access cost
A2: Add Health | B2: The National Longitudinal Study of Adolescent to Adult Health | C2: USA (national) | D2: Panel of American adolescents in grades 7–12 in 1994–1995 (24–32 years old in 2008) with an oversample of black, Chinese, Cuban, and Puerto Rican students | E2: 1994–present | F2: 2008 | G2: All household members | H2: http://www.cpc.unc.edu/projects/addhealth | I2: APPLY | J2: Apply via http://www.cpc.unc.edu/projects/addhealth/contracts/new-add-health-restricted-use-data-contract | K2: No, see comment | L2: Public-Use data available via ICPSR, but must have contract for Restricted data. Contract includes form, security plan, IRB approval letter, and payment $850. 'Romatic Pairs' data requires additional application and $850. | M2: US$850 (plus another $850?)
A3: CE | B3: Consumer Expenditure Survey | C3: USA (national) | D3: Rotating panel of American households | E3: 1980–present | F3: Yearly | G3: All household members | H3: https://www.bls.gov/cex/ | I3: Yes | J3: https://www.icpsr.umich.edu/icpsrweb/ICPSR/series/20 | K3: ? | L3: BLS website lists CE databases with download option "for those who want it all" but also lists Public-Use Microdata separately - assuming therefore that the 'public' download is not actually everything and we need the PUMD? Is the PUMD itself everything? Website says "This format [PUMD] allows researchers to analyze expenditures, income, and demographic trends beyond what the published tables show." (https://www.bls.gov/cex/pumd.htm) | M3: Free
A4: GSS | B4: General Social Survey | C4: USA (national) | D4: Until 2008, a cross-sectional sample of American adults, with an oversample of black adults in certain years. Starting in 2008, a combined rolling panel and cross-sectional sample | E4: 1972–present | F4: 2006, 2014 | G4: Individual | H4: http://gss.norc.org/ | I4: APPLY | J4: Apply via http://gss.norc.org/documents/other/ObtainingGSSSensitiveDataFiles.pdf | K4: Yes (in Sensitive Data, costs money) | L4: Some data freely available to download, but Sensitive Data requires application including research plan, CVs, data protection plan, and human subjects review clearance. | M4: US$750
A5: HRS | B5: Health and Retirement Study | C5: USA (national) | D5: Panel of American adults older than 50, with an oversample of black and Hispanic adults and residents of Florida. Florida oversample dropped after 1993 | E5: 1992–present | F5: Every 2 years | G5: All household members | H5: http://hrsonline.isr.umich.edu/ | I5: APPLY | J5: Apply via http://hrsonline.isr.umich.edu/sitedocs/rda/OrderForm.pdf | K5: Yes (in Restricted data) | L5: Some data freely available to download, but must apply for Restricted data, including sending a research proposal, security plan, human subjects review, and safeguarding info. Step-by-step guide to applying here http://hrsonline.isr.umich.edu/index.php?p=micdahrsapply. | M5: ?
A6: NLSY79 | B6: National Longitudinal Survey of Youth 1979 | C6: USA (national) | D6: Panel of 1957–1964 US birth cohorts, with an oversample of black, Hispanic, economically disadvantaged, and enlisted-military youths. The economically disadvantaged and military oversamples were dropped in 1990 and 1984, respectively | E6: 1979–present | F6: Every year from 1985–1990 and 1992–1994, every other year from 1996–2000, every 4 years from 2004–present | G6: Partners | H6: https://www.nlsinfo.org/content/cohorts/nlsy79 | I6: Yes? | J6: https://www.nlsinfo.org/investigator/pages/search.jsp?s=NLSY79 | K6: No, see comment | L6: Accessed via NLS Investigator web programme. Restricted data either not available to researchers outside the US or only available onsite in Washington DC (https://www.nlsinfo.org/content/getting-started/accessing-data). | M6: Free
A7: NLSY97 | B7: National Longitudinal Survey of Youth 1997 | C7: USA (national) | D7: Panel of 1980–1984 US birth cohorts, with an oversample of black and Latino adolescents | E7: 1997–present | F7: When respondent is age 18, 20, 25, and 30, and first interview when respondent is independent | G7: Partners | H7: https://www.nlsinfo.org/content/cohorts/nlsy97 | I7: Yes? | J7: https://www.nlsinfo.org/investigator/pages/search.jsp?s=NLSY97 | K7: No, see comment | L7: Accessed via NLS Investigator web programme. Restricted data either not available to researchers outside the US or only available onsite in Washington DC (https://www.nlsinfo.org/content/getting-started/accessing-data). | M7: Free
A8: NSFH | B8: National Survey of Families and Households | C8: USA (national) | D8: Panel of American households, with an oversample of blacks, Puerto Ricans, Mexican Americans, single-parent families, families with stepchildren, cohabiting couples, and recently married persons | E8: 1987–2002 | F8: 1987–1988, 1992–1994, 2001–2002 | G8: Partners | H8: http://www.ssc.wisc.edu/nsfh/ | I8: APPLY | J8: Apply via http://www.ssc.wisc.edu/nsfh/624649EB.pdf | K8: Yes (in Geomerge request) | L8: Can download most data directly, but need to request geographical information (http://www.ssc.wisc.edu/nsfh/support.htm). | M8: Free
A9: NIS | B9: New Immigrant Survey | C9: USA (national) | D9: Panel of documented immigrants to the US in 2003 | E9: 2003–2009 | F9: 2003–2004 and 2007–2009 | G9: Partners | H9: http://nis.princeton.edu/ | I9: APPLY | J9: Apply via http://opr.princeton.edu/archive/restricted/ | K9: Yes (in Restricted data) | L9: Some data freely available but there is a Restricted dataset with geographical info. There are two levels of restricted data, with grographical identifiers being the highest level of restriction - http://nis.princeton.edu/data_restricted.html#Restricted_data. Applications involve proving need for access, as well as an abstract, data protection plan, IRB human subjects approval, signed agreement, CVs, and online training from NIH - http://nis.princeton.edu/data_restricted2.html. Regardless of which dataset you want to use, you have to register for an account to be able to see anything. Also NB "Deductive disclosure concerns prevent full access to all data sources." | M9: US$550
A10: NSHAP | B10: National Social Life, Health, and Aging Project | C10: USA (national) | D10: Panel of 1920–1947 US birth cohorts, with an oversample of black and Hispanic adults | E10: 2005–present | F10: Every 5 years | G10: All household members | H10: http://www.norc.org/Research/Projects/Pages/national-social-life-health-and-aging-project.aspx | I10: Yes | J10: Wave 1: http://www.icpsr.umich.edu/icpsrweb/NACDA/studies/20541 and Wave 2: http://www.icpsr.umich.edu/icpsrweb/NACDA/studies/34921. Wave 3 collection ended in September 2016. | K10: No, see comment | L10: All data that is available is available via ICPSR; data has been anonymised so presumably NORC have more info than they are sharing? | M10: Free
A11: PSID | B11: Panel Study of Income Dynamics | C11: USA (national) | D11: Panel of American families and their descendants’ families, with an oversample of low-income families. Additional samples of immigrant families were added in 1997 and 2017, and a sample of Latino families was added in 1990 but dropped after 1995. | E11: 1968–present | F11: Every 5 years between 1984–1999, every other year since then | G11: All family/household members | H11: https://psidonline.isr.umich.edu/ | I11: APPLY | J11: Apply via https://simba.isr.umich.edu/restricted/RestrictedUse.aspx | K11: Yes (in Restricted data) | L11: Most data available online, but 'specialized geographic information' is restricted. 1. Curriculum vitae 2. Research plan 3. Institutional Review Board (IRB) approval 4. Data request form 5. MiCDA acceptable use policy (AUP) 6. VDI-Data security plan 7. Institute for Social Research Confidentiality pledge Confidentiality pledge 8. After approval, a $750 non-refundable administration fee will be collected. | M11: US$750
A12: SCF | B12: Survey of Consumer Finances | C12: USA (national) | D12: Cross-sectional sample of American families, with 2 panel follow-ups (1983 sample reinterviewed in 1986 and 1989; 2007 sample reinterviewed in 2009) and an oversample of the wealthy | E12: 1983–present | F12: Every 3 years | G12: All household members | H12: https://www.federalreserve.gov/econres/scfindex.htm | I12: Yes | J12: Current survey: https://www.federalreserve.gov/econres/scfindex.htm. Previous surveys: https://www.federalreserve.gov/econres/scf-previous-surveys.htm | K12: Not mentioned | L12: Sign up to be informed of changes. | M12: Free
A13: SIPP | B13: Survey of Income and Program Participation | C13: USA (national) | D13: Rotating panel (until 2013), single panel changed every 4 years (starting 2014) of American families, with an oversample of poor families | E13: 1984–present | F13: Every year, with some gaps | G13: All household members | H13: https://www.census.gov/sipp/ | I13: Yes | J13: https://www.census.gov/programs-surveys/sipp/data.html | K13: Not mentioned | L13: Appears to all be public? | M13: Free
A14: L.A.FANS | B14: Los Angeles Family and Neighborhood Survey | C14: USA (subnational) | D14: Panel of households in Los Angeles County, with an oversample of poor neighborhoods and families with children and new respondents added to remain cross-sectionally representative | E14: 2000–2008 | F14: 2000–2001 and 2006–2008 | G14: Partners | H14: http://lasurvey.rand.org/ | I14: APPLY? | J14: Apply via http://lasurvey.rand.org/data/restricted/ | K14: Yes (in Restricted data) | L14: Four versions of Restricted Data. Requires Federal Wide Assurance (FWA) Certificate - not sure we have? Alternatively public data available here: http://lasurvey.rand.org/data/public/. | M14: Depends on which dataset.
... A18: SFS | B18: Survey of Financial Security | C18: Canada | D18: Cross-sectional sample of Canadian households in the 10 provinces (territories are excluded), with an oversample of high-income areas | E18: 1999–present | F18: Every 7 years | G18: All household members | H18: https://www.statcan.gc.ca/eng/survey/household/2620 | I18: ? | J18: ? | K18: ? | L18: Unclear how to access data - is it available to download or are these just summary tables? | M18: ?
A19: CFPS | B19: China Family Panel Studies | C19: China | D19: Panel of Chinese communities, families, and their descendants, with an oversample of five provinces | E19: 2010–present | F19: Every other year | G19: All family members | H19: http://www.isss.edu.cn/cfps/EN/
A20: HWS | B20: Household Wealth Survey | C20: Finland | D20: 4-year rotating panel of Finnish households, with an oversample of high-income households | E20: 1987–present | F20: Every 3 years since 1994 | G20: All household members | H20: http://www.stat.fi/til/vtutk/index_en.html | I20: ? | J20: ? | K20: ? | L20: Only summary information available in English - suggest contact them re access http://www.stat.fi/til/vtutk/yht_en.html | M20: ?
A21: SOEP | B21: German SocioEconomic Panel | C21: Germany | D21: Panel of German households, with immigrant and highincome subsamples added later | E21: 1984–present | F21: 1988 and every 5 years since 2002 | G21: All household members | H21: https://www.eui.eu/Research/Library/ResearchGuides/Economics/Statistics/DataPortal/GSOEP | I21: APPLY? | J21: See https://www.eui.eu/Research/Library/ResearchGuides/Economics/Statistics/DataPortal/GSOEP#Howtoaccessdata | K21: Yes but Restricted geo-coded regional data can only be consulted on-site in Germany | L21: Data only available to European University Institute members. Some data restricted even further. If not EUI member, cannot access any data. | M21: Free?
A22: SHIW | B22: Survey on Household Income and Wealth | C22: Italy | D22: Cross-sectional and partly panel sample of Italian households | E22: 1965–present | F22: Every 2 years since 1991 | G22: All household members | H22: http://www.bancaditalia.it/statistiche/tematiche/indagini-famiglie-imprese/bilanci-famiglie/index.html?com.dotmarketing.htmlpage.language=1 | I22: Yes | J22: http://www.bancaditalia.it/statistiche/tematiche/indagini-famiglie-imprese/bilanci-famiglie/distribuzione-microdati/index.html | K22: Not mentioned | L22: Data on household level is freely available; cannot find info on any restricted data or further info for researchers. | M22: Free
A23: JHPS/KHPS | B23: Japan Household Panel Survey | C23: Japan | D23: KHPS (Keio Household Panel Survey) and JHPS were separate panels of Japanese households that combined in 2014. KHPS had additional samples added in 2007 and 2012. | E23: KHPS: 2004– present JHPS: 2009– present | F23: Every year | G23: All household members | H23: https://www.pdrc.keio.ac.jp/en/paneldata/datasets/jhpskhps/ | I23: APPLY | J23: Apply via https://www.pdrc.keio.ac.jp/en/paneldata/howto/ | K23: No, see comment | L23: Apply for access online, note data is only valid for one year from approval.
A24: KLIPS | B24: Korea Labor and Income Panel Study | C24: Korea | D24: Panel of Korean households, with new respondents added to remain cross-sectionally representative | E24: 1998–present | F24: Every year | G24: All household members | H24: https://www.kli.re.kr/klips_eng/ | I24: APPLY | J24: Apply via email, see https://www.kli.re.kr/klips_eng/selectBbsNttList.do?bbsNo=70&key=413. | K24: Not mentioned | L24: Website says data held by Cornell University, sent by them once User Agreement has been signed, but no info on Cornell website about KLIPS. | M24: US$125
A25: SHP | B25: Swiss Household Panel | C25: Switzerland | D25: Panel of households living in Switzerland | E25: 1999–present | F25: 2009, 2010, 2012, 2016 | G25: All household members | H25: http://forscenter.ch/en/our-surveys/swiss-household-panel/ | I25: APPLY | J25: Apply via http://forscenter.ch/en/our-surveys/swiss-household-panel/datasupport/data-contract-2/ | K25: Not mentioned | L25: Data available from website after contract signed. Contract here: http://forscenter.ch/wp-content/uploads/2015/03/SHP_Data_Contract_2015_W1_17.pdf | M25: Free
A26: BHPS | B26: British Household Panel Survey | C26: UK | D26: Panel of British households, with youth panel added in 1994, Northern Ireland and Great Britain low-income samples added in 1997, Scottish and Welsh samples added in 1999, Northern Ireland sample added in 2001; incorporated into UKHLS in 2010 | E26: 1991–2008 | F26: Every 5 years since 1995 | G26: All household members | H26: https://www.iser.essex.ac.uk/bhps | I26: Yes | J26: Register with UK Data Service via http://sp.ukdataservice.ac.uk/newRegistration/newLogin.asp | K26: Yes (in Special Licence or Conditional Access datasets) | L26: Access via UK Data Service account (should be linked to Oxford SSO); order datasets as required - cannot find any info about how to get a Special Licence… | M26: Free
A27: UKHLS | B27: Understanding Society, UK Household Longitudinal Study | C27: UK | D27: Panel of UK households, with an oversample of ethnic minorities in original sample; sample of immigrants and ethnic minorities added in 2014–2015; incorporated BHPS in 2010 | E27: 2009–present | F27: Every 4 years since 2009–2010 | G27: All household members | H27: https://www.understandingsociety.ac.uk/ | I27: Yes | J27: Register with UK Data Service via http://sp.ukdataservice.ac.uk/newRegistration/newLogin.asp | K27: Yes (in Levels of Restricted data) | L27: Access via UK Data Service account (should be linked to Oxford SSO); order datasets as required. See https://www.understandingsociety.ac.uk/documentation/getting-started for information on which levels of data contain which indicators. | M27: Free
A28: WAS | B28: Wealth and Asset Survey | C28: UK | D28: Panel of households in England, Scotland, and Wales, with new samples added every 2 years to remain cross-sectionally representative | E28: 2006–present | F28: Every 2 years | G28: All household members | H28: https://www.ons.gov.uk/economy/nationalaccounts/uksectoraccounts/methodologies/wealthandassetssurveywas | I28: Yes | J28: Register with UK Data Service via http://sp.ukdataservice.ac.uk/newRegistration/newLogin.asp | K28: Not mentioned | L28: Access via UK Data Service account (should be linked to Oxford SSO); order datasets as required. | M28: Free
A29: HFCS | B29: Household Finance and Consumption Survey | C29: Comparative | D29: Sample of households in 15 eurozone countries, representative at country and continental level, with panel component and an oversample of wealthy for some countries. The sample will expand to encompass 17 euro area member states beginning with the second wave of the survey. | E29: 2010/2011– present | F29: Every 3 years | G29: All household members | H29: https://www.ecb.europa.eu/stats/ecb_surveys/hfcs/html/index.en.html | I29: APPLY | J29: Apply via https://www.ecb.europa.eu/home/pdf/research/hfcn/access_form_for_external_researchers.pdf?09f0ff81412800346775f1a6dc080c61 | K29: Not mentioned | L29: Must complete form, including information on research project and data management. | M29: Free
A30: ISSP | B30: International Social Survey Programme | C30: Comparative | D30: Harmonized versions of existing samples of all adults in 30+ countries | E30: 1985–present | F30: 2009 | G30: All household members | H30: http://www.issp.org/menu-top/home/ | I30: ? | J30: ? | K30: ? | L30: Redirected to GESIS to access data - unclear how to apply for access to secure data; need to know which specific dataset you want. | M30: ?
A31: LWS | B31: Luxembourg Wealth Study | C31: Comparative | D31: Wealth microdata compiled from various wealth surveys and harmonized for cross-national research, including Australia, Canada, Finland, Germany, Greece, Italy, Norway, South Africa, Spain, Sweden, United Kingdom, United States, representative at country level. Datasets for Austria, Cyprus, Slovenia, and Slovak Republic currently being harmonized | E31: 1995–present | F31: Every 3–5 years | G31: All household members | H31: http://www.lisdatacenter.org/our-data/lws-database/ | I31: APPLY | J31: Apply via http://www.lisdatacenter.org/data-access/access-eligibility/ | K31: Yes | L31: Apply for LISSY account - see http://www.lisdatacenter.org/data-access/access-eligibility/ | M31: €750/quarter
A32: SHARE | B32: Survey of Health, Ageing and Retirement in Europe | C32: Comparative | D32: Panel of adults 50 or over in 20 European nations and Israel, with 7 new countries in the field 2017–18 | E32: 2004–present | F32: Every 2 years | G32: Partners | H32: http://www.share-project.org/ | J32: Apply via http://www.share-project.org/data-access/user-registration.html | K32: Yes | L32: All data available to download after application. | M32: Free

Sheet SOEP
A1: Mnemonic | B1: Mnemonic description | C1: Type (Flow/stock) | D1: Gross/net | E1: Index | F1: Values | G1: Min | H1: Max | I1: Year_start | J1: Year_end | K1: Year_count | L1: Comments
A9: Background variables

Sheet HWS
A1: Mnemonic | B1: Mnemonic description | C1: Type (Flow/stock) | D1: Gross/net | E1: Index | F1: Values | G1: Min | H1: Max | I1: Year_start | J1: Year_end | K1: Year_count | L1: Comments

Sheet KHPS
A1: Mnemonic | B1: Mnemonic description | C1: Type (Flow/stock) | D1: Gross/net | E1: Index | F1: Values | G1: Min | H1: Max | I1: Year_start | J1: Year_end | K1: Year_count | L1: Comments
A15: Background variables

Sheet CFPS
A1: Mnemonic | B1: Mnemonic description | C1: Type (Flow/stock) | D1: Gross/net | E1: Index | F1: Values | G1: Min | H1: Max | I1: Year_start | J1: Year_end | K1: Year_count | L1: Comments

Sheet CE
A1: Mnemonic | B1: Mnemonic description | C1: Type (Flow/stock) | D1: Gross/net | E1: Index | F1: Values | G1: Min | H1: Max | I1: Year_start | J1: Year_end | K1: Year_count | L1: Comments
A14: Backgtound variables

Sheet AddHealth
A1: Important | B1: Mnemonic | C1: Mnemonic description | D1: Type (Flow/stock) | E1: Gross/net | F1: Index | G1: Values | H1: Min | I1: Max | J1: Year_start | K1: Year_end | L1: Year_count | M1: Comments
B2: H4EC5 | C2: About how much do {YOU AND/OR YOUR SPOUSE/PARTNER} owe on the mortgage for your house, apartment, or residence? | D2: Stock | E2: NA | F2: Price in $ for the given year | G2: Continuous | H2: 0 | I2: No max | J2: 2008 | K2: 2008 | L2: 1
B3: PA55 | C3: About how much total income, before taxes did your family receive in 1994? Include your own income, the income of everyone else in your household, and income from welfare benefits, dividends, and all other sources. | D3: Flow | E3: Gross | F3: Price in $ for the given year | G3: Continuous | H3: 0 | I3: No max | J3: 1994 | K3: 1994 | L3: 1
B4: H3EC11 | C4: Do you own a car, truck, van or motorcycle? | D4: Stock | E4: NA | F4: NA | G4: Categorical | H4: NA | I4: NA | J4: 2001 | K4: 2001 | L4: 1
B5: H3EC12/H4DA19 | C5: Do you own a computer? | D5: Stock | E5: NA | F5: NA | G5: Categorical | H5: NA | I5: NA | J5: 2001 | K5: 2008 | L5: 2
B6: H3EC10/H4EC4 | C6: Do you own a residence such as a house, condominium, or mobile home? | D6: Stock | E6: NA | F6: NA | G6: Categorical | H6: NA | I6: NA | J6: 2001 | K6: 2008 | L6: 2
B7: H3EC55 | C7: Do you [or your spouse] have any credit card debt? | D7: Stock | E7: NA | F7: NA | G7: Categorical | H7: NA | I7: NA | J7: 2001 | K7: 2001 | L7: 1
B8: H3EC53 | C8: Do you [or your spouse] have any shares of stock in publicly held corporations, mutual funds, or investment trusts, including stocks in IRAs? | D8: Stock | E8: NA | F8: NA | G8: Categorical | H8: NA | I8: NA | J8: 2001 | K8: 2001 | L8: 1
B9: H3EC54 | C9: Do you [or your spouse] have any student loans or other educational loans that have not yet been paid? | D9: Stock | E9: NA | F9: NA | G9: Categorical | H9: NA | I9: NA | J9: 2001 | K9: 2001 | L9: 1
B10: H3EC1A-F | C10: During any part of {2000/2001}* did you receive income from the following sources? | D10: Flow | E10: NA | F10: NA | G10: Categorical | H10: NA | I10: NA | J10: 2001 | K10: 2001 | L10: 1 | M10: Mentions a list of sources such as wages, stocks, family and child support
B11: H3LM18-20 | C11: Excluding overtime pay, tips, and commissions, what is your hourly/daily/weekly rate of pay for this [current] job? | D11: Flow | E11: Gross | F11: Price in $ for the given year | G11: Continuous | H11: 0 | I11: No max | J11: 2001 | K11: 2001 | L11: 1 | M11: Gross is a guess, but it would be weird to frame the question net
B12: H3LM30-32 | C12: Excluding overtime pay, tips, and commissions, what was your hourly/daily/weekly rate of pay when you started? | D12: Flow | E12: Gross | F12: Price in $ for the given year | G12: Continuous | H12: 0 | I12: No max | J12: 2001 | K12: 2001 | L12: 1 | M12: Gross is a guess, but it would be weird to frame the question net
A13: 1 | B13: H4EC8 | C13: Now, think about your debts besides any mortgage on your home. How much do you and others in your household owe altogether? Include all debts, including all types of loans, credit card debt, medical or legal bills, etc. | D13: Stock | E13: NA | F13: Price in $ for the given year | G13: Categorical | H13: ="-1.000$" -> -1.000$ | I13: ="250.000+" -> 250.000+ | J13: 2008 | K13: 2008 | L13: 1
A14: 1 | B14: H3EC4 | C14: In {2000/2001}, how much income did you receive from earnings--that is, wages or salaries, including tips, bonuses, and overtime pay, and income from self-employment? | D14: Flow | E14: Gross | F14: Price in $ for the given year | G14: Continuous | H14: 0 | I14: No max | J14: 2001 | K14: 2001 | L14: 1 | M14: Gross is a guess, but it would be weird to frame the question net
A15: 1 | B15: H4EC2 | C15: In {2006/2007/2008}, how much income did you receive from personal earnings before taxes, that is, wages or salaries, including tips, bonuses, and overtime pay, and income from self-employment? | D15: Flow | E15: Gross | F15: Price in $ for the given year | G15: Continuous | H15: 0 | I15: No max | J15: 2008 | K15: 2008 | L15: 1
A16: 1 | B16: H3EC2 | C16: Including all the income sources you reported above, what was your total personal income before taxes in {2000/2001}? | D16: Flow | E16: Gross | F16: Price in $ for the given year | G16: Continuous | H16: 0 | I16: No max | J16: 2001 | K16: 2001 | L16: 1
A17: 1 | B17: H4EC9 | C17: Suppose you and others in your household were to sell all of your major possessions (including your home), turn all of your investments and other assets into cash, and pay off all of your debts. Would you have something left over, break even, or be in debt? | D17: Other | E17: NA | F17: NA | G17: Categorical | H17: NA | I17: NA | J17: 2008 | K17: 2008 | L17: 1
B18: H4EC19 | C18: Think of this ladder as representing where people stand in the United States. At the top of the ladder (step 10) are the people who have the most money and education, and the most respected jobs. At the bottom of the ladder (step 1) are the people who have the least money and education, and the least respected jobs or no job. Where would you place yourself on this ladder? Pick the number for the step that shows where you think you stand at this time in your life, relative to other people in the United States. {allow 1-10} | D18: Other | E18: NA | F18: NA | G18: Categorical | H18: NA | I18: NA | J18: 2008 | K18: 2008 | L18: 1
B19: H3LM21-24 | C19: What are your usual bi-weekly/bi-monthly/annual earnings on this [current] job before taxes or other deductions? | D19: Flow | E19: Gross | F19: Price in $ for the given year | G19: Continuous | H19: 0 | I19: No max | J19: 2001 | K19: 2001 | L19: 1
A20: 1 | B20: H4EC7 | C20: What is your best estimate of the total value of your assets and the assets of everyone who lives in your household and contributes to the household budget? Include all assets, such as bank accounts, retirement plans and stocks. Do not include equity in your home | D20: Stock | E20: NA | F20: Price in $ for the given year | G20: Categorical | H20: ="-5.000$" -> -5.000$ | I20: ="1.000.000+" -> 1.000.000+ | J20: 2008 | K20: 2008 | L20: 1
A21: 1 | B21: H3EC5 | C21: What is your best guess of the income you received from earnings? | D21: Flow | E21: Gross | F21: Price in $ for the given year | G21: Categorical | H21: ="-10.000$" -> -10.000$ | I21: ="75.000+" -> 75.000+ | J21: 2001 | K21: 2001 | L21: 1 | M21: Gross is a guess, but it would be weird to frame the question net
A22: 1 | B22: H3EC7/H3EC9 | C22: What is your best guess of the total household income before taxes? | D22: Flow | E22: Gross | F22: Price in $ for the given year | G22: Categorical | H22: ="-10.000$" -> -10.000$ | I22: ="75.000+" -> 75.000+ | J22: 2001 | K22: 2001 | L22: 1
A23: 1 | B23: H4EC3 | C23: What is your best guess of your personal earnings before taxes? | D23: Flow | E23: Gross | F23: Price in $ for the given year | G23: Categorical | H23: ="-5.000$" -> -5.000$ | I23: ="75.000" -> 75.000 | J23: 2008 | K23: 2008 | L23: 1 | M23: Doesn't indicate time period (month/year)
B24: H3LM7/H4LM11 | C24: Are you currently working for pay for at least 10 hours a week? | D24: Other | E24: NA | F24: NA | G24: Categorical | H24: NA | I24: NA | J24: 2001 | K24: 2008 | L24: 2 | M24: There are a long range of questions on employment status in addition to this
B26: Background variables
B27: H1GI1M/H1GI1Y/H2GI1M/H2GI1Y/H3OD1M/H30D1Y/H4OD1M/H4OD1Y | C27: What is your birth date? | D27: Other | E27: NA | F27: NA | G27: Categorical | H27: NA | I27: NA | J27: 1994 | K27: 2008 | L27: 4
B28: S2/BIO_SEX1-4 | C28: Respondent's gender/sex | D28: Other | E28: NA | F28: NA | G28: Categorical | H28: NA | I28: NA | J28: 1994 | K28: 2008 | L28: 4
B29: S6A-E/H1GI6A-E/H3OD4A-D | C29: What is your race? | D29: Other | E29: NA | F29: NA | G29: Categorical | H29: NA | I29: NA | J29: 1994 | K29: 2001 | L29: 3
B30: H3LM/H4LM11 | C30: Are you currently working for pay for at least 10 hours a week? | D30: Other | E30: NA | F30: NA | G30: Categorical | H30: NA | I30: NA | J30: 2001 | K30: 2008 | L30: 2
B31: H3LM25/H3LM25A/H3LM25B/H3LM25C/H4LM14/H4LM18 | C31: What do you do in your [current] job? | D31: Other | E31: NA | F31: NA | G31: Categorical | H31: NA | I31: NA | J31: 2001 | K31: 2008 | L31: 2

Sheet BHPS
A1: Important | B1: Mnemonic | C1: Mnemonic description | D1: Type (Flow/stock) | E1: Gross/net | F1: Index | G1: Values | H1: Min | I1: Max | J1: Year_start | K1: Year_end | L1: Year_count | M1: Comments
B2: AHSOWND | C2: House owned or rented | D2: Stock | E2: NA | F2: NA | G2: Categorical | H2: NA | I2: NA | J2: 1991 | K2: 2008 | L2: 18 | M2: Possibility of shared ownership
B3: AMGHAVE | C3: Home mortgaged or owned outright | D3: Stock | E3: NA | F3: NA | G3: Categorical | H3: NA | I3: NA | J3: 1991 | K3: 2008 | L3: 18
B4: AMGYNOT | C4: How home came to be owned outright | D4: Other | E4: NA | F4: NA | G4: Categorical | H4: NA | I4: NA | J4: 1991 | K4: 2008 | L4: 18
A5: 1 | B5: AHSCOST | C5: Original purchase price of property | D5: Stock | E5: Gross | F5: Price in £ for given year | G5: Continuous | H5: 0 | I5: No max | J5: 1991 | K5: 2008 | L5: 18
B6: AMGYR0 | C6: Year mortgage began | D6: Other | E6: NA | F6: NA | G6: Categorical | H6: NA | I6: NA | J6: 1991 | K6: 1996 | L6: 6
B7: AHSYR0 | C7: Year became owner: home bought outright | D7: Other | E7: NA | F7: NA | G7: Categorical | H7: NA | I7: NA | J7: 1991 | K7: 1996 | L7: 6
A8: 1 | B8: AMGOLD | C8: Amount borrowed at purchase: mortgagee | D8: Stock | E8: Gross | F8: Price in £ for given year | G8: Continuous | H8: 0 | I8: No max | J8: 1991 | K8: 2008 | L8: 18
B9: AMGLIFE | C9: Years left to pay: mortgagee | D9: Other | E9: NA | F9: NA | G9: Categorical | H9: NA | I9: NA | J9: 1991 | K9: 2008 | L9: 18
B10: AMGTYPE | C10: Type of mortgage | D10: Other | E10: NA | F10: NA | G10: Categorical | H10: NA | I10: NA | J10: 1991 | K10: 2008 | L10: 18
B11: AMGXTRA | C11: Taken out additional mortgage on home | D11: Other | E11: NA | F11: NA | G11: Categorical | H11: NA | I11: NA | J11: 1991 | K11: 2008 | L11: 18 | M11: Followed by questions on what this additional mortgage was used for (Car, home improvement, consumer goods)
B12: AMGNEW | C12: Amount of additional mortgage on home | D12: Stock | E12: Gross | F12: Price in £ for given year | G12: Continuous | H12: 0 | I12: No max | J12: 1991 | K12: 2008 | L12: 18
B13: AXPMG | C13: Last total monthly mortgage payment | D13: Flow | E13: Gross | F13: Price in £ for given year | G13: Continuous | H13: 0 | I13: No max | J13: 1991 | K13: 2008 | L13: 18 | M13: Followed by questions on what the mortgage includes (protection policy, structure insurance, contents insurance, extra payments)
A14: 1 | B14: AHSVAL | C14: Value of property: home owners | D14: Stock | E14: Gross | F14: Price in £ for given year | G14: Continuous | H14: 0 | I14: No max | J14: 1991 | K14: 2008 | L14: 18
B15: ARENT | C15: Net amount of last rent payment | D15: Flow | E15: Gross | F15: Price in £ for given year | G15: Continuous | H15: 0 | I15: No max | J15: 1991 | K15: 2008 | L15: 18 | M15: A range of questions about what the rent includes (furniture, water, land premises, garage, council tax (after 1995), sewarage charges (after 1995).
B16: ARENTW | C16: Weeks covered by last rent payment | D16: Other | E16: NA | F16: NA | G16: Categorical | H16: NA | I16: NA | J16: 1991 | K16: 2008 | L16: 18
B17: AJHPAYL | C17: Pay at 1.9.90: previous job | D17: Flow | E17: Gross/net | F17: Price in £ for given year | G17: Continuous | H17: 0 | I17: No max | J17: 1991 | K17: 2008 | L17: 18 | M17: The respondent is asked about whether the response is before or after tax
B18: AJHPYLW | C18: Pay period (weeks) 1.9.90: previous job | D18: Other | E18: NA | F18: NA | G18: Continuous | H18: 0 | I18: No max | J18: 1991 | K18: 2008 | L18: 18
B19: AJHPYLG | C19: Pay gross or net at 1.9.90: previous job | D19: Other | E19: NA | F19: NA | G19: Categorical | H19: NA | I19: NA | J19: 1991 | K19: 2008 | L19: 18
B20: AJHGPAY | C20: Monthly Gross Pay: previous job | D20: Flow | E20: Gross | F20: Price in £ for given year | G20: Continuous | H20: 0 | I20: No max | J20: 1991 | K20: 2008 | L20: 18
B21: AJHNPAY | C21: Monthly Net Pay: previous job | D21: Flow | E21: Net | F21: Price in £ for given year | G21: Continuous | H21: 0 | I21: No max | J21: 1991 | K21: 2008 | L21: 18
B22: AFICODE | C22: Income receipt code | D22: Other | E22: NA | F22: NA | G22: Categorical | H22: NA | I22: NA | J22: 1991 | K22: 2008 | L22: 18 | M22: AF3A : (Interviewer Code) Transfer the name and code of each received (source of income) into separate income grids. For each one ask 3b-3f below and record answers in grids. If respondent receives more than one income within any source enter in separate grids.
B23: AFRALL | C23: Received payment each month | D23: Other | E23: NA | F23: NA | G23: Categorical | H23: NA | I23: NA | J23: 1991 | K23: 2008 | L23: 18
B24: AFR01-16 | C24: Payment received in MONTH YEAR | D24: Other | E24: NA | F24: NA | G24: Categorical | H24: NA | I24: NA | J24: 1991 | K24: 2008 | L24: 18 | M24: The questions is about whether the respondent has received payment and not the amount
B25: AFRVAL | C25: Last amount received | D25: Flow | E25: ? | F25: Price in £ for given year | G25: Continuous | H25: 0 | I25: No max | J25: 1991 | K25: 2008 | L25: 18
B26: AFRW | C26: Weeks covered by last amount received | D26: Other | E26: NA | F26: NA | G26: Categorical | H26: NA | I26: NA | J26: 1991 | K26: 2008 | L26: 18
B27: AFRJT | C27: Last payment: sole or joint recipient | D27: Other | E27: NA | F27: NA | G27: Categorical | H27: NA | I27: NA | J27: 1991 | K27: 2008 | L27: 18
A28: 1 | B28: AFIM09L-12T | C28: Estimated Income in MONTH YEAR | D28: Flow | E28: Gross | F28: Price in £ for given year | G28: Continuous | H28: 0 | I28: No max | J28: 1991 | K28: 2008 | L28: 18 | M28: The question ask about estimated income in every single month for period of 1 year. Gross is a qualified guess
B29: RHGEMP | C29: Employment status - HH Grid | D29: Other | E29: NA | F29: NA | G29: Categorical | H29: NA | I29: NA | J29: 1992 | K29: 2008 | L29: 17
B30: RJHSTAT | C30: Labour force status code | D30: Other | E30: NA | F30: NA | G30: Categorical | H30: NA | I30: NA | J30: 2006 | K30: 2008 | L30: 3
B33: Background variables
B34: AHID | C34: Household identification number | D34: Other | E34: NA | F34: NA | G34: Categorical | H34: NA | I34: NA | J34: 1991 | K34: 1991 | L34: 1 | M34: Household survey, so constant
B35: AHHAC | C35: Area code | D35: Other | E35: NA | F35: NA | G35: Categorical | H35: NA | I35: NA | J35: 1991 | K35: 1991 | L35: 1 | M35: Household survey, so constant
B36: AHHAN | C36: Address number | D36: Other | E36: NA | F36: NA | G36: Categorical | H36: NA | I36: NA | J36: 1991 | K36: 1991 | L36: 1 | M36: Household survey, so constant
B37: AHSTYPE | C37: Type of accommodation | D37: Other | E37: NA | F37: NA | G37: Categorical | H37: NA | I37: NA | J37: 1991 | K37: 1991 | L37: 1 | M37: Household survey, so constant
B38: AREGION | C38: Region / Metropolitan Area | D38: Other | E38: NA | F38: NA | G38: Categorical | H38: NA | I38: NA | J38: 1991 | K38: 2008 | L38: 18
B39: ALADISTC | C39: Local Authority District of Residence | D39: Other | E39: NA | F39: NA | G39: Categorical | H39: NA | I39: NA | J39: 1991 | K39: 2006 | L39: 16
B40: AREGION2 | C40: Government Office Region | D40: Other | E40: NA | F40: NA | G40: Categorical | H40: NA | I40: NA | J40: 1991 | K40: 2008 | L40: 18
B41: AHGSEX | C41: Sex - HH grid | D41: Other | E41: NA | F41: NA | G41: Categorical | H41: NA | I41: NA | J41: 1991 | K41: 2008 | L41: 18
B42: AHGBM | C42: Month of birth - HH grid | D42: Other | E42: NA | F42: NA | G42: Continuous | H42: NA | I42: NA | J42: 1991 | K42: 2008 | L42: 18
B43: AHGBY | C43: Year of birth - HH grid | D43: Other | E43: NA | F43: NA | G43: Continuous | H43: NA | I43: NA | J43: 1991 | K43: 2008 | L43: 18
B44: AHGEST | C44: Employment status - HH Grid | D44: Other | E44: NA | F44: NA | G44: Categorical | H44: NA | I44: NA | J44: 1991 | K44: 2008 | L44: 18
B45: AAGE | C45: Age at Date of Interview | D45: Other | E45: NA | F45: NA | G45: Continuous | H45: NA | I45: NA | J45: 1991 | K45: 2008 | L45: 18
B46: AAGE12 | C46: Age at 1.12.1991 | D46: Other | E46: NA | F46: NA | G46: Continuous | H46: NA | I46: NA | J46: 1991 | K46: 2008 | L46: 18
B47: ASEX | C47: Sex | D47: Other | E47: NA | F47: NA | G47: Continuous | H47: NA | I47: NA | J47: 1991 | K47: 2008 | L47: 18
B48: AJHSTAT | C48: Labour force status code | D48: Other | E48: NA | F48: NA | G48: Continuous | H48: NA | I48: NA | J48: 1991 | K48: 2008 | L48: 18

Sheet HESSIH
A1: Important | B1: Mnemonic | C1: Mnemonic description | D1: Type (Flow/stock) | E1: Gross/net | F1: Index | G1: Values | H1: Min | I1: Max | J1: Year_start | K1: Year_end | L1: Year_count | M1: Comments
B2: Househould variables
B3: IWSUCH8 | C3: Current weekly HH employee income | D3: Flow | E3: Gross | F3: AUD in given year | G3: Continuous | H3: 0 | I3: 999999 | J3: 2015 | K3: 2015 | L3: 1
B4: IWSUPH8 | C4: Previous financial year HH employee income | D4: Flow | E4: Gross | F4: AUD in given year | G4: Continuous | H4: 0 | I4: 9999999 | J4: 2015 | K4: 2015 | L4: 1
B5: IOBTCH | C5: Current weekly HH income from own unincorporated business | D5: Flow | E5: Gross | F5: AUD in given year | G5: Continuous | H5: -99999999 | I5: 9999999 | J5: 2015 | K5: 2015 | L5: 1
B6: IOBTPH | C6: Previous financial year HH income from own unincorporated business | D6: Flow | E6: Gross | F6: AUD in given year | G6: Continuous | H6: -99999999 | I6: 9999999 | J6: 2015 | K6: 2015 | L6: 1
B7: ITGCBCH8 | C7: Current weekly HH income from government pensions and allowances | D7: Flow | E7: Gross | F7: AUD in given year | G7: Continuous | H7: 0 | I7: 9999999 | J7: 2015 | K7: 2015 | L7: 1
B8: ITAGEPH | C8: Current weekly HH income from age pensions | D8: Flow | E8: Gross | F8: AUD in given year | G8: Continuous | H8: -99999999 | I8: 9999999 | J8: 2015 | K8: 2015 | L8: 1
B9: ITDISPH | C9: Current weekly HH income from disability and carer payments | D9: Flow | E9: Gross | F9: AUD in given year | G9: Continuous | H9: -99999999 | I9: 9999999 | J9: 2015 | K9: 2015 | L9: 1
B10: ITFAMPH | C10: Current weekly HH income from family support payments | D10: Flow | E10: Gross | F10: AUD in given year | G10: Continuous | H10: -99999999 | I10: 9999999 | J10: 2015 | K10: 2015 | L10: 1
B11: ITSTUPH | C11: Current weekly HH income from unemployed and study payments | D11: Flow | E11: Gross | F11: AUD in given year | G11: Continuous | H11: -99999999 | I11: 9999999 | J11: 2015 | K11: 2015 | L11: 1
B12: ITOTHPH | C12: Current weekly HH income from other government payments | D12: Flow | E12: Gross | F12: AUD in given year | G12: Continuous | H12: -99999999 | I12: 9999999 | J12: 2015 | K12: 2015 | L12: 1
B13: CWKCRAH | C13: Current weekly HH amount of Commonwealth Rent Assistance | D13: Flow | E13: Gross | F13: AUD in given year | G13: Continuous | H13: 0 | I13: 9999999 | J13: 2015 | K13: 2015 | L13: 1
B14: ITGCBPH | C14: Previous financial year HH income from government pensions and allowances | D14: Flow | E14: Gross | F14: AUD in given year | G14: Continuous | H14: 0 | I14: 9999999 | J14: 2015 | K14: 2015 | L14: 1
... B25: ISUPERPH | C25: Previous financial year HH income from superannuation/annuity/private pension | D25: Flow | E25: Gross | F25: AUD in given year | G25: Continuous | H25: 0 | I25: 999999 | J25: 2015 | K25: 2015 | L25: 1
A26: 1 | B26: PRVINC | C26: Current weekly HH private income | D26: Flow | E26: Gross | F26: AUD in given year | G26: Continuous | H26: -999999 | I26: 999999 | J26: 2015 | K26: 2015 | L26: 1
B27: DISPSCH8 | C27: Current weekly HH disposable income | D27: Flow | E27: Net | F27: AUD in given year | G27: Continuous | H27: -999999 | I27: 999999 | J27: 2015 | K27: 2015 | L27: 1
B28: CRADISP | C28: Current weekly HH disposable income (excluding CRA) | D28: Flow | E28: Net | F28: AUD in given year | G28: Continuous | H28: -999999 | I28: 999999 | J28: 2015 | K28: 2015 | L28: 1
B29: DISPPH8 | C29: Previous financial year HH disposable income | D29: Flow | E29: Net | F29: AUD in given year | G29: Continuous | H29: -99999999 | I29: 99999999 | J29: 2015 | K29: 2015 | L29: 1
B30: INCTSCH8 | C30: Total current weekly HH income from all sources | D30: Flow | E30: Gross | F30: AUD in given year | G30: Continuous | H30: -99999999 | I30: 99999999 | J30: 2015 | K30: 2015 | L30: 1
B31: CRATOT | C31: Total current weekly HH income from all sources (excluding CRA) | D31: Flow | E31: Gross | F31: AUD in given year | G31: Continuous | H31: -99999999 | I31: 99999999 | J31: 2015 | K31: 2015 | L31: 1
B32: INCTOPH8 | C32: Total previous financial year HH income from all sources | D32: Flow | E32: Gross | F32: AUD in given year | G32: Continuous | H32: -99999999 | I32: 99999999 | J32: 2015 | K32: 2015 | L32: 1
B33: INCTFIS0 | C33: Current weekly household gross income (incl imputed rent net of STIK) | D33: Flow | E33: Gross | F33: AUD in given year | G33: Continuous | H33: -99999999 | I33: 99999999 | J33: 2015 | K33: 2015 | L33: 1
B34: PINC | C34: Weekly household private income (incl imputed rent net of STIK) | D34: Flow | E34: Gross | F34: AUD in given year | G34: Continuous | H34: -99999999 | I34: 99999999 | J34: 2015 | K34: 2015 | L34: 1
B35: PINC2 | C35: Weekly household private income (incl imputed rent) | D35: Flow | E35: Gross | F35: AUD in given year | G35: Continuous | H35: -99999999 | I35: 99999999 | J35: 2015 | K35: 2015 | L35: 1
B36: DISPFIS0 | C36: Current weekly household disposable income (incl imputed rent net of STIK) | D36: Flow | E36: Net | F36: AUD in given year | G36: Continuous | H36: -99999999 | I36: 99999999 | J36: 2015 | K36: 2015 | L36: 1
B37: DINCST | C37: Current weekly household disposable income plus STIK (incl imputed rent net of STIK) | D37: Flow | E37: Net | F37: AUD in given year | G37: Continuous | H37: -99999999 | I37: 99999999 | J37: 2015 | K37: 2015 | L37: 1
B38: INCTSCH | C38: Total current weekly HH income from all sources (2005-06 basis) | D38: Flow | E38: Gross | F38: AUD in 2005/2006 basis | G38: Continuous | H38: -99999999 | I38: 99999999 | J38: 2015 | K38: 2015 | L38: 1
... B43: TOWE5CH | C43: Amount owing on housing loans incl. for other purposes | D43: Stock | E43: Gross | F43: AUD in given year | G43: Continuous | H43: 0 | I43: 9999999 | J43: 2015 | K43: 2015 | L43: 1
A44: 1 | B44: WEALTHH | C44: Net wealth of household | D44: Stock | E44: Gross | F44: AUD in given year | G44: Continuous | H44: -99999999 | I44: 999999999 | J44: 2015 | K44: 2015 | L44: 1
B45: HDWLEQT | C45: Equity in dwelling | D45: Stock | E45: Gross | F45: AUD in given year | G45: Continuous | H45: -999999 | I45: 9999999 | J45: 2015 | K45: 2015 | L45: 1
B46: NUMRP | C46: Number of residential properties owned (excl selected dwelling) | D46: Stock | E46: NA | F46: NA | G46: Continuous | H46: NA | I46: NA | J46: 2015 | K46: 2015 | L46: 1
B47: VOFTCH | C47: Value of offset accounts - household level | D47: Stock | E47: Gross | F47: AUD in given year | G47: Continuous | H47: 0 | I47: 9999999 | J47: 2015 | K47: 2015 | L47: 1
B48: VSHARCH | C48: Value of shares - household level | D48: Stock | E48: Gross | F48: AUD in given year | G48: Continuous | H48: 0 | I48: 9999999 | J48: 2015 | K48: 2015 | L48: 1
B49: VPUTCH | C49: Value of public unit trusts - household level | D49: Stock | E49: Gross | F49: AUD in given year | G49: Continuous | H49: 0 | I49: 9999999 | J49: 2015 | K49: 2015 | L49: 1
B50: VPRTCH | C50: Value of private trust - household level | D50: Stock | E50: Gross | F50: AUD in given year | G50: Continuous | H50: 0 | I50: 9999999 | J50: 2015 | K50: 2015 | L50: 1
A51: 1 | B51: VTOTTCH | C51: Total value of trusts - household level | D51: Stock | E51: Gross | F51: AUD in given year | G51: Continuous | H51: 0 | I51: 9999999 | J51: 2015 | K51: 2015 | L51: 1
B52: VSIPCH | C52: Value of silent partnerships - household level | D52: Stock | E52: Gross | F52: AUD in given year | G52: Continuous | H52: 0 | I52: 9999999 | J52: 2015 | K52: 2015 | L52: 1
B53: VDEBCH | C53: Value of debentures and bonds - household level | D53: Stock | E53: Gross | F53: AUD in given year | G53: Continuous | H53: 0 | I53: 9999999 | J53: 2015 | K53: 2015 | L53: 1
B54: VIBUSCH | C54: Value of own incorporated business (net of liabilities) - household level | D54: Stock | E54: Gross | F54: AUD in given year | G54: Continuous | H54: 0 | I54: 9999999 | J54: 2015 | K54: 2015 | L54: 1
B55: VSUP | C55: Total value of superannuation funds - household level | D55: Stock | E55: Gross | F55: AUD in given year | G55: Continuous | H55: 0 | I55: 9999999 | J55: 2015 | K55: 2015 | L55: 1
B56: VPLNCH | C56: Value of loans to persons not in the same household - household level | D56: Stock | E56: Gross | F56: AUD in given year | G56: Continuous | H56: 0 | I56: 9999999 | J56: 2015 | K56: 2015 | L56: 1
B57: VINVOTCH | C57: Value of other financial investments - household level | D57: Stock | E57: Gross | F57: AUD in given year | G57: Continuous | H57: 0 | I57: 9999999 | J57: 2015 | K57: 2015 | L57: 1
A58: 1 | B58: HVALUECH | C58: Estimated sale price of dwelling - HH | D58: Stock | E58: Gross | F58: AUD in given year | G58: Continuous | H58: 0 | I58: 9999999 | J58: 2015 | K58: 2015 | L58: 1
B59: VRPRCH | C59: Value of residential property excl selected dwelling | D59: Stock | E59: Gross | F59: AUD in given year | G59: Continuous | H59: 0 | I59: 9999999 | J59: 2015 | K59: 2015 | L59: 1
B60: VNRPRCH | C60: Value of non-residential property | D60: Stock | E60: Gross | F60: AUD in given year | G60: Continuous | H60: 0 | I60: 9999999 | J60: 2015 | K60: 2015 | L60: 1
A61: 1 | B61: VPROPOTH | C61: Total value of other property | D61: Stock | E61: Gross | F61: AUD in given year | G61: Continuous | H61: 0 | I61: 9999999 | J61: 2015 | K61: 2015 | L61: 1
A62: 1 | B62: VPROPALL | C62: Total value of property assets | D62: Stock | E62: Gross | F62: AUD in given year | G62: Continuous | H62: 0 | I62: 9999999 | J62: 2015 | K62: 2015 | L62: 1
B63: VUBUSCH | C63: Value of own unincorporated business (net of liabilities) - household level | D63: Stock | E63: Gross | F63: AUD in given year | G63: Continuous | H63: 0 | I63: 9999999 | J63: 2015 | K63: 2015 | L63: 1
B64: VCONTCH | C64: Value of contents of selected dwelling | D64: Stock | E64: Gross | F64: AUD in given year | G64: Continuous | H64: 0 | I64: 9999999 | J64: 2015 | K64: 2015 | L64: 1
B65: VVEHICH | C65: Value of vehicles | D65: Stock | E65: Gross | F65: AUD in given year | G65: Continuous | H65: 0 | I65: 9999999 | J65: 2015 | K65: 2015 | L65: 1
B66: VOTASSCH | C66: Value of assets nec | D66: Stock | E66: Gross | F66: AUD in given year | G66: Continuous | H66: 0 | I66: 9999999 | J66: 2015 | K66: 2015 | L66: 1
B67: LIASDCH | C67: Principal outstanding on loans for selected dwelling | D67: Stock | E67: Gross | F67: AUD in given year | G67: Continuous | H67: 0 | I67: 9999999 | J67: 2015 | K67: 2015 | L67: 1
B68: LALLDCH | C68: Principal outstanding on all loans secured against selected dwelling | D68: Stock | E68: Gross | F68: AUD in given year | G68: Continuous | H68: 0 | I68: 9999999 | J68: 2015 | K68: 2015 | L68: 1
B69: LIAOPCH | C69: Principal outstanding on loans for other property (excl business and investment loans) | D69: Stock | E69: Gross | F69: AUD in given year | G69: Continuous | H69: 0 | I69: 9999999 | J69: 2015 | K69: 2015 | L69: 1
B70: LIARPCH | C70: Principal outstanding on rental property loans | D70: Stock | E70: Gross | F70: AUD in given year | G70: Continuous | H70: 0 | I70: 9999999 | J70: 2015 | K70: 2015 | L70: 1
B71: LIAPROCH | C71: Principal outstanding on other property loans (incl. rentals) | D71: Stock | E71: Gross | F71: AUD in given year | G71: Continuous | H71: 0 | I71: 9999999 | J71: 2015 | K71: 2015 | L71: 1
B72: TOTLIAPR | C72: Principal outstanding on total property loans | D72: Stock | E72: Gross | F72: AUD in given year | G72: Continuous | H72: 0 | I72: 9999999 | J72: 2015 | K72: 2015 | L72: 1
B73: TOTLIASL | C73: Principal outstanding on total study loans | D73: Stock | E73: Gross | F73: AUD in given year | G73: Continuous | H73: 0 | I73: 9999999 | J73: 2015 | K73: 2015 | L73: 1
B74: LIAVECH | C74: Principal outstanding on loans for vehicle purchases (excl business and investment loans) | D74: Stock | E74: Gross | F74: AUD in given year | G74: Continuous | H74: 0 | I74: 9999999 | J74: 2015 | K74: 2015 | L74: 1
B75: LIAOTCH | C75: Principal outstanding on loans for other purposes (excl business and investment loans) | D75: Stock | E75: Gross | F75: AUD in given year | G75: Continuous | H75: 0 | I75: 9999999 | J75: 2015 | K75: 2015 | L75: 1
A76: 1 | B76: TOTASSET | C76: Total value of household assets | D76: Stock | E76: Gross | F76: AUD in given year | G76: Continuous | H76: -9999999 | I76: 9999999 | J76: 2015 | K76: 2015 | L76: 1
A77: 1 | B77: TOTLIABL | C77: Total value of household liabilities | D77: Stock | E77: Gross | F77: AUD in given year | G77: Continuous | H77: -9999999 | I77: 9999999 | J77: 2015 | K77: 2015 | L77: 1
B78: VTASSTH | C78: Value of total household financial assets | D78: Stock | E78: Gross | F78: AUD in given year | G78: Continuous | H78: -9999999 | I78: 9999999 | J78: 2015 | K78: 2015 | L78: 1
B79: VTASSTH1 | C79: Value of total household non-financial assets | D79: Stock | E79: Gross | F79: AUD in given year | G79: Continuous | H79: -9999999 | I79: 9999999 | J79: 2015 | K79: 2015 | L79: 1
B80: VNOCDWL | C80: Net value of owner occupied dwelling | D80: Stock | E80: Gross | F80: AUD in given year | G80: Continuous | H80: -9999999 | I80: 9999999 | J80: 2015 | K80: 2015 | L80: 1
B81: VNOTHPR | C81: Net value of other property | D81: Stock | E81: Gross | F81: AUD in given year | G81: Continuous | H81: -9999999 | I81: 9999999 | J81: 2015 | K81: 2015 | L81: 1
B82: VNTOTPR | C82: Net value of total property | D82: Stock | E82: Gross | F82: AUD in given year | G82: Continuous | H82: -9999999 | I82: 9999999 | J82: 2015 | K82: 2015 | L82: 1
B83: VNVEHIC | C83: Net value of vehicles | D83: Stock | E83: Gross | F83: AUD in given year | G83: Continuous | H83: -9999999 | I83: 9999999 | J83: 2015 | K83: 2015 | L83: 1
A84: 1 | B84: HVALPRIC | C84: Purchase price of dwelling (for dwellings purchased/built in the previous 3 years) | D84: Stock | E84: Gross | F84: AUD in given year | G84: Continuous | H84: -9999999 | I84: 9999999 | J84: 2015 | K84: 2015 | L84: 1
B85: HVALPRWD | C85: Purchase price of dwelling (with deduc inc) (for dwellings purchased/built in the previous 3 years) | D85: Stock | E85: Gross | F85: AUD in given year | G85: Continuous | H85: -9999999 | I85: 9999999 | J85: 2015 | K85: 2015 | L85: 1
A86: 1 | B86: DBTRDHI | C86: Debt-to-disposable-income ratio | D86: Stock | E86: NA | F86: NA | G86: Continuous | H86: 0 | I86: 9999999 | J86: 2015 | K86: 2015 | L86: 1
B87: DBTRGHI | C87: Debt-to-gross-income ratio | D87: Stock | E87: NA | F87: NA | G87: Continuous | H87: 0 | I87: 9999999 | J87: 2015 | K87: 2015 | L87: 1
B88: DBTRAST | C88: Debt-to-assets ratio | D88: Stock | E88: NA | F88: NA | G88: Continuous | H88: 0 | I88: 9999999 | J88: 2015 | K88: 2015 | L88: 1
B89: EQDSPCH8 | C89: Current weekly HH equivalised disposable income (Household level) | D89: Flow | E89: Net | F89: AUD in given year | G89: Continuous | H89: 0 | I89: 9999999 | J89: 2015 | K89: 2015 | L89: 1
B90: EQDSPSCH | C90: Current weekly equivalised HH disposable income (2005-06 basis) (Household level) | D90: Flow | E90: Net | F90: AUD (2005-2006 basis) | G90: Continuous | H90: 0 | I90: 9999999 | J90: 2015 | K90: 2015 | L90: 1
B91: EQINCIR | C91: Current weekly HH equivalised disposable income (incl. imputed rent) (Household level) | D91: Flow | E91: Net | F91: AUD in given year | G91: Continuous | H91: -9999999 | I91: 9999999 | J91: 2015 | K91: 2015 | L91: 1
B92: CRAEDHI | C92: Current weekly HH equivalised disposable income (excluding CRA) (Household level) | D92: Flow | E92: Net | F92: AUD in given year | G92: Continuous | H92: -9999999 | I92: 9999999 | J92: 2015 | K92: 2015 | L92: 1
B93: EQGSHI8 | C93: Current weekly equivalised HH gross income (Household level) | D93: Flow | E93: Gross | F93: AUD in given year | G93: Continuous | H93: -9999999 | I93: 9999999 | J93: 2015 | K93: 2015 | L93: 1
B94: CRAEGHI | C94: Current weekly HH equivalised gross income (excluding CRA) (Household level) | D94: Flow | E94: Gross | F94: AUD in given year | G94: Continuous | H94: -9999999 | I94: 9999999 | J94: 2015 | K94: 2015 | L94: 1
A95: 1 | B95: EQWEALTH | C95: Equivalised net wealth of household (Household level) | D95: Stock | E95: Gross | F95: AUD in given year | G95: Continuous | H95: -9999999 | I95: 9999999 | J95: 2015 | K95: 2015 | L95: 1
B96: EQPINC | C96: Current weekly HH equivalised private income (incl imputed rent net of STIK) (Household level) | D96: Flow | E96: Not specified | F96: AUD in given year | G96: Continuous | H96: 0 | I96: 9999999 | J96: 2015 | K96: 2015 | L96: 1
B97: EQDSPFIS | C97: Current weekly HH equivalised disposable income (incl imputed rent net of STIK) (Household level) | D97: Flow | E97: Net | F97: AUD in given year | G97: Continuous | H97: 0 | I97: 9999999 | J97: 2015 | K97: 2015 | L97: 1
B98: EQDINCST | C98: Current weekly household equivalised disposable income plus STIK (incl imputed rent net of STIK) (Household level) | D98: Flow | E98: Not specified | F98: AUD in given year | G98: Continuous | H98: 0 | I98: 9999999 | J98: 2015 | K98: 2015 | L98: 1
B99: FINC | C99: Weekly household final income (FIS) - Not yet available | D99: Flow | E99: Not specified | F99: AUD in given year | G99: Continuous | H99: -9999999 | I99: 9999999 | J99: 2015 | K99: 2015 | L99: 1
B100: FINC04 | C100: Weekly household final income (no imputed rent) (FIS) - Not yet available | D100: Flow | E100: Not specified | F100: AUD in given year | G100: Continuous | H100: -9999999 | I100: 9999999 | J100: 2015 | K100: 2015 | L100: 1
B101: IWSUCU8 | C101: Current weekly IU employee income | D101: Flow | E101: Not specified | F101: AUD in given year | G101: Continuous | H101: 0 | I101: 9999999 | J101: 2015 | K101: 2015 | L101: 1
B102: IWSTPU8 | C102: Previous financial year IU employee income | D102: Flow | E102: Not specified | F102: AUD in given year | G102: Continuous | H102: 0 | I102: 9999999 | J102: 2015 | K102: 2015 | L102: 1
B103: INVESCU8 | C103: Current weekly IU income from investments | D103: Flow | E103: Not specified | F103: AUD in given year | G103: Continuous | H103: -9999999 | I103: 9999999 | J103: 2015 | K103: 2015 | L103: 1
B104: INVESPU8 | C104: Previous financial year IU income from investments | D104: Flow | E104: Not specified | F104: AUD in given year | G104: Continuous | H104: -9999999 | I104: 9999999 | J104: 2015 | K104: 2015 | L104: 1
B105: OTHSRCU | C105: Current weekly IU income from other regular sources (excluding superannuation) | D105: Flow | E105: Not specified | F105: AUD in given year | G105: Continuous | H105: 0 | I105: 9999999 | J105: 2015 | K105: 2015 | L105: 1
B106: OTHSRCU8 | C106: Current weekly IU income from other regular sources (excl superannuation) (incl WC lump sums) | D106: Flow | E106: Not specified | F106: AUD in given year | G106: Continuous | H106: 0 | I106: 9999999 | J106: 2015 | K106: 2015 | L106: 1
B107: ISUPERCU | C107: Current weekly IU income from superannuation/annuity/private pension | D107: Flow | E107: Not specified | F107: AUD in given year | G107: Continuous | H107: 0 | I107: 9999999 | J107: 2015 | K107: 2015 | L107: 1
... B119: INVESTPU | C119: Previous financial year IU income from investments (2005-06 basis) | D119: Flow | E119: Not specified | F119: AUD (2005-2006 basis) | G119: Continuous | H119: -9999999 | I119: 9999999 | J119: 2015 | K119: 2015 | L119: 1
A120: 1 | B120: INCTSCU | C120: Total current weekly IU income from all sources (2005-06 basis) | D120: Flow | E120: Not specified | F120: AUD (2005-2006 basis) | G120: Continuous | H120: -9999999 | I120: 9999999 | J120: 2015 | K120: 2015 | L120: 1
B121: INCTOTPU | C121: Total previous financial year IU income from all sources (2005-06 basis) | D121: Flow | E121: Not specified | F121: AUD (2005-2006 basis) | G121: Continuous | H121: -9999999 | I121: 9999999 | J121: 2015 | K121: 2015 | L121: 1
B122: SUPVAL | C122: Value of superannuation account | D122: Stock | E122: Gross | F122: AUD in given year | G122: Continuous | H122: 0 | I122: 9999999 | J122: 2015 | K122: 2015 | L122: 1
B123: AMTBRLN | C123: Amount borrowed for loan | D123: Stock | E123: Gross | F123: AUD in given year | G123: Continuous | H123: 0 | I123: 9999999 | J123: 2015 | K123: 2015 | L123: 1
B124: AMTOLN | C124: Amount of principal outstanding on loan | D124: Stock | E124: Gross | F124: AUD in given year | G124: Continuous | H124: 0 | I124: 9999999 | J124: 2015 | K124: 2015 | L124: 1
A125: 1 | B125: VALWLTH | C125: Wealth value (not for net wealth estimates) | D125: Stock | E125: Gross | F125: AUD in given year | G125: Continuous | H125: 0 | I125: 9999999999 | J125: 2015 | K125: 2015 | L125: 1
...

Sheet HFCS
A1: Important | B1: Mnemonic | C1: Mnemonic description | D1: Type (Flow/stock) | E1: Gross/net | F1: Index | G1: Values | H1: Min | I1: Max | J1: Year_start | K1: Year_end | L1: Year_count | M1: Comments
B2: HB0300 | C2: main residence - tenure status: Do you (or anyone in the household) own all or part of the residence, do you rent it, or do you use it for free? | D2: Stock | E2: NA | F2: NA | G2: Categorical | H2: NA | I2: NA | J2: 2013 | K2: 2016 | L2: 1 | M2: Questions on size, when acquired etc.
B3: HB0410 | C3: amount of rent paid for partially owned household main residence (excluding utilities) | D3: Flow | E3: Gross | F3: Numerical value in EUR in given year | G3: Continuous | H3: 0 | I3: No max | J3: 2013 | K3: 2016 | L3: 1
B4: HB0500 | C4: % of ownership of household main residence | D4: Stock | E4: NA | F4: NA | G4: Continuous | H4: 0 | I4: 100 | J4: 2013 | K4: 2016 | L4: 1
B5: HB0600 | C5: way of acquiring property | D5: Stock | E5: NA | F5: NA | G5: Categorical | H5: NA | I5: NA | J5: 2013 | K5: 2016 | L5: 1
A6: 1 | B6: HB0800 | C6: property value at the time of its acquisition | D6: Stock | E6: Gross | F6: Numerical value in EUR in given year | G6: Continuous | H6: 0 | I6: No max | J6: 2013 | K6: 2016 | L6: 1
A7: 1 | B7: HB0900 | C7: current price of household main residence | D7: Stock | E7: Gross | F7: Numerical value in EUR in given year | G7: Continuous | H7: 0 | I7: No max | J7: 2013 | K7: 2016 | L7: 1
B8: HB1000 | C8: mortgages or loans using HMR as collateral: Are there currently any outstanding mortgages or loans that use the residence as collateral? | D8: Stock | E8: NA | F8: NA | G8: Categorical | H8: NA | I8: NA | J8: 2013 | K8: 2016 | L8: 1 | M8: Followed by a range of questions on the loan, refinancing, interest rate etc.
B9: HB140$x | C9: HMR mortgage $x: initial amount borrowed | D9: Stock | E9: Gross | F9: Numerical value in EUR in given year | G9: Continuous | H9: 0 | I9: No max | J9: 2013 | K9: 2016 | L9: 1
B10: HB150$x | C10: HMR mortgage $x: additional borrowing on the HMR mortgage | D10: Stock | E10: Gross | F10: Numerical value in EUR in given year | G10: Continuous | H10: 0 | I10: No max | J10: 2013 | K10: 2016 | L10: 1
B11: HB170$x | C11: HMR mortgage $x: amount still owed | D11: Stock | E11: Gross | F11: Numerical value in EUR in given year | G11: Continuous | H11: 0 | I11: No max | J11: 2013 | K11: 2016 | L11: 1
B12: HB2200 | C12: monthly amount of payment made on additional HMR loans | D12: Flow | E12: Gross | F12: Numerical value in EUR in given year | G12: Continuous | H12: 0 | I12: No max | J12: 2013 | K12: 2016 | L12: 1
B13: HB2300 | C13: monthly amount paid as rent | D13: Flow | E13: Gross | F13: Numerical value in EUR in given year | G13: Continuous | H13: 0 | I13: No max | J13: 2013 | K13: 2016 | L13: 1
B14: HB2400 | C14: household owns other properties than HMR | D14: Stock | E14: NA | F14: NA | G14: Categorical | H14: NA | I14: NA | J14: 2013 | K14: 2016 | L14: 1
B15: HB2410 | C15: number of properties other than household main residence | D15: Stock | E15: NA | F15: NA | G15: Continuous | H15: 0 | I15: No max | J15: 2013 | K15: 2016 | L15: 1
A16: 1 | B16: HB280$x | C16: other property $x: current value | D16: Stock | E16: Gross | F16: Numerical value in EUR in given year | G16: Continuous | H16: 0 | I16: No max | J16: 2013 | K16: 2016 | L16: 1
B17: HB2900 | C17: additional properties current value | D17: Stock | E17: Gross | F17: Numerical value in EUR in given year | G17: Continuous | H17: 0 | I17: No max | J17: 2013 | K17: 2016 | L17: 1
B18: HB3000 | C18: mortgages or loans using other properties as collateral (other property) | D18: Stock | E18: NA | F18: NA | G18: Categorical | H18: NA | I18: NA | J18: 2013 | K18: 2016 | L18: 1 | M18: Followed by a range of questions on the loan, refinancing, interest rate etc.
B19: HB340$x | C19: other property mortgage $x: initial amount borrowed | D19: Stock | E19: Gross | F19: Numerical value in EUR in given year | G19: Continuous | H19: 0 | I19: No max | J19: 2013 | K19: 2016 | L19: 1
B20: HB350$x | C20: other property mortgage $x: additional borrowing | D20: Stock | E20: Gross | F20: Numerical value in EUR in given year | G20: Continuous | H20: 0 | I20: No max | J20: 2013 | K20: 2016 | L20: 1
B21: HB370$x | C21: other property mortgage $x: amount still owed | D21: Stock | E21: Gross | F21: Numerical value in EUR in given year | G21: Continuous | H21: 0 | I21: No max | J21: 2013 | K21: 2016 | L21: 1
B22: HB4300 | C22: ownership of cars | D22: Stock | E22: NA | F22: NA | G22: Categorical | H22: NA | I22: NA | J22: 2013 | K22: 2016 | L22: 1
B23: HB4310 | C23: number of cars | D23: Stock | E23: NA | F23: NA | G23: Continuous | H23: 0 | I23: No max | J23: 2013 | K23: 2016 | L23: 1
B24: HB4400 | C24: total value of the cars: For the cars that you/your household own, if you sold them now, about how much do you think you could get? | D24: Stock | E24: Gross | F24: Numerical value in EUR in given year | G24: Continuous | H24: 0 | I24: No max | J24: 2013 | K24: 2016 | L24: 1
B25: HB4500 | C25: ownership of other vehicles | D25: Stock | E25: NA | F25: NA | G25: Categorical | H25: NA | I25: NA | J25: 2013 | K25: 2016 | L25: 1
B26: HB4510x | C26: number of other vehicles | D26: Stock | E26: NA | F26: NA | G26: Continuous | H26: 0 | I26: No max | J26: 2013 | K26: 2016 | L26: 1
B27: HB4600 | C27: total value of other vehicles | D27: Stock | E27: Gross | F27: Numerical value in EUR in given year | G27: Continuous | H27: 0 | I27: No max | J27: 2013 | K27: 2016 | L27: 1
B28: HB4700 | C28: ownership of other valuables | D28: Stock | E28: NA | F28: NA | G28: Categorical | H28: NA | I28: NA | J28: 2013 | K28: 2016 | L28: 1
B29: HB4710 | C29: value of other valuables: In total, approximately how much do you think all these valuables would bring if you sold them? | D29: Stock | E29: Gross | F29: Numerical value in EUR in given year | G29: Continuous | H29: 0 | I29: No max | J29: 2013 | K29: 2016 | L29: 1
B30: HB4800 | C30: purchase of vehicles | D30: Stock | E30: NA | F30: NA | G30: Categorical | H30: NA | I30: NA | J30: 2013 | K30: 2016 | L30: 1
B31: HB4810 | C31: price of purchased vehicles: What was the total amount that you/your household paid for these vehicles, net of anything you received for trading in or selling an earlier vehicle? | D31: Stock | E31: Gross | F31: Numerical value in EUR in given year | G31: Continuous | H31: 0 | I31: No max | J31: 2013 | K31: 2016 | L31: 1
B32: HC0200 | C32: household has credit line or overdraft | D32: Stock | E32: NA | F32: NA | G32: Categorical | H32: NA | I32: NA | J32: 2013 | K32: 2016 | L32: 1
B33: HC0210 | C33: household has outstanding credit line/overdraft balance | D33: Stock | E33: NA | F33: NA | G33: Categorical | H33: NA | I33: NA | J33: 2013 | K33: 2016 | L33: 1
B34: HC0220 | C34: amount of outstanding credit line/overdraft balance | D34: Stock | E34: Gross | F34: Numerical value in EUR in given year | G34: Continuous | H34: 0 | I34: No max | J34: 2013 | K34: 2016 | L34: 1
B35: HC0320 | C35: amount of outstanding credit cards balance | D35: Stock | E35: Gross | F35: Numerical value in EUR in given year | G35: Continuous | H35: 0 | I35: No max | J35: 2013 | K35: 2016 | L35: 1
B36: HC0330 | C36: has private loans | D36: Stock | E36: NA | F36: NA | G36: Categorical | H36: NA | I36: NA | J36: 2013 | K36: 2016 | L36: 1
B37: HC0340 | C37: how many private loans | D37: Stock | E37: NA | F37: NA | G37: Continuous | H37: 0 | I37: No max | J37: 2013 | K37: 2016 | L37: 1
B38: HC036$x | C38: private loan $x: outstanding amount | D38: Stock | E38: Gross | F38: Numerical value in EUR in given year | G38: Continuous | H38: 0 | I38: No max | J38: 2013 | K38: 2016 | L38: 1
B39: HC060$x | C39: non-collateralised loan $x: amount initially borrowed | D39: Stock | E39: Gross | F39: Numerical value in EUR in given year | G39: Continuous | H39: 0 | I39: No max | J39: 2013 | K39: 2016 | L39: 1
B40: HC080$x | C40: non-collateralised loan $x: outstanding balance of loan | D40: Stock | E40: Gross | F40: Numerical value in EUR in given year | G40: Continuous | H40: 0 | I40: No max | J40: 2013 | K40: 2016 | L40: 1
B41: HD0100 | C41: investments in businesses not publicly traded | D41: Stock | E41: NA | F41: NA | G41: Categorical | H41: NA | I41: NA | J41: 2013 | K41: 2016 | L41: 1
B42: HD070$x | C42: business $x: % of household ownership | D42: Stock | E42: NA | F42: NA | G42: Continuous | H42: 0 | I42: 100 | J42: 2013 | K42: 2016 | L42: 1
B43: HD080$x | C43: business $x: value of the business | D43: Stock | E43: Gross | F43: Numerical value in EUR in given year | G43: Continuous | H43: 0 | I43: No max | J43: 2013 | K43: 2016 | L43: 1
B44: HD0900 | C44: value of additional businesses | D44: Stock | E44: Gross | F44: Numerical value in EUR in given year | G44: Continuous | H44: 0 | I44: No max | J44: 2013 | K44: 2016 | L44: 1
B45: HD1010 | C45: value of non-selfemployment not publicly traded businesses | D45: Stock | E45: Gross | F45: Numerical value in EUR in given year | G45: Continuous | H45: 0 | I45: No max | J45: 2013 | K45: 2016 | L45: 1
B46: HD1110 | C46: value of sight accounts | D46: Stock | E46: Gross | F46: Numerical value in EUR in given year | G46: Continuous | H46: 0 | I46: No max | J46: 2013 | K46: 2016 | L46: 1
B47: HD1210 | C47: value of saving accounts | D47: Stock | E47: Gross | F47: Numerical value in EUR in given year | G47: Continuous | H47: 0 | I47: No max | J47: 2013 | K47: 2016 | L47: 1
B48: HD1320x | C48: market value of mutual funds - portfolio items | D48: Stock | E48: Gross | F48: Numerical value in EUR in given year | G48: Continuous | H48: 0 | I48: No max | J48: 2013 | K48: 2016 | L48: 1
B49: HD1330 | C49: market value of mutual funds - all funds together | D49: Stock | E49: Gross | F49: Numerical value in EUR in given year | G49: Continuous | H49: 0 | I49: No max | J49: 2013 | K49: 2016 | L49: 1
B50: HD1420 | C50: market value of bonds | D50: Stock | E50: Gross | F50: Numerical value in EUR in given year | G50: Continuous | H50: 0 | I50: No max | J50: 2013 | K50: 2016 | L50: 1
B51: HD1510 | C51: value of publicly traded shares | D51: Stock | E51: Gross | F51: Numerical value in EUR in given year | G51: Continuous | H51: 0 | I51: No max | J51: 2013 | K51: 2016 | L51: 1
B52: HD1620 | C52: value of additional assets in managed accounts | D52: Stock | E52: Gross | F52: Numerical value in EUR in given year | G52: Continuous | H52: 0 | I52: No max | J52: 2013 | K52: 2016 | L52: 1
B53: HD1710 | C53: amount owned to household | D53: Stock | E53: Gross | F53: Numerical value in EUR in given year | G53: Continuous | H53: 0 | I53: No max | J53: 2013 | K53: 2016 | L53: 1
B54: HD1900 | C54: value of the other assets (such as options, futures, index certificates, precious metals, oil and gas leases, future proceeds from a lawsuit or estate that is being settled, royalties, or something else) | D54: Stock | E54: Gross | F54: Numerical value in EUR in given year | G54: Continuous | H54: 0 | I54: No max | J54: 2013 | K54: 2016 | L54: 1
... B58: PG0110 | C58: gross cash employee income - What was the total gross amount over (the last 12 months / last calendar year)? Please include income from regular wages or salaries, as well as any overtime pay, tips, bonuses, profit sharing benefits (unless part of the pension arrangements) | D58: Flow | E58: Gross | F58: Numerical value in EUR in given year | G58: Continuous | H58: 0 | I58: No max | J58: 2013 | K58: 2016 | L58: 1
B59: PG0200 | C59: received self-employment income | D59: Flow | E59: NA | F59: NA | G59: Categorical | H59: NA | I59: NA | J59: 2013 | K59: 2016 | L59: 1
B60: PG0210 | C60: gross self-employment income (profit/losses of unincorporated enterprises) | D60: Flow | E60: Gross | F60: Numerical value in EUR in given year | G60: Continuous | H60: 0 | I60: No max | J60: 2013 | K60: 2016 | L60: 1
B61: PG0300 | C61: received income from public pensions | D61: Flow | E61: NA | F61: NA | G61: Categorical | H61: NA | I61: NA | J61: 2013 | K61: 2016 | L61: 1
B62: PG0310 | C62: gross income from public pensions | D62: Flow | E62: Gross | F62: Numerical value in EUR in given year | G62: Continuous | H62: 0 | I62: No max | J62: 2013 | K62: 2016 | L62: 1
B63: PG0410 | C63: gross income from occupational and private pension plans | D63: Flow | E63: Gross | F63: Numerical value in EUR in given year | G63: Continuous | H63: 0 | I63: No max | J63: 2013 | K63: 2016 | L63: 1
B64: PG0510 | C64: gross income from unemployment benefits | D64: Flow | E64: Gross | F64: Numerical value in EUR in given year | G64: Continuous | H64: 0 | I64: No max | J64: 2013 | K64: 2016 | L64: 1
B65: HG0110 | C65: gross income from regular social transfers | D65: Flow | E65: Gross | F65: Numerical value in EUR in given year | G65: Continuous | H65: 0 | I65: No max | J65: 2013 | K65: 2016 | L65: 1
B66: HG0210 | C66: income from regular private transfers | D66: Flow | E66: Gross | F66: Numerical value in EUR in given year | G66: Continuous | H66: 0 | I66: No max | J66: 2013 | K66: 2016 | L66: 1
B67: HG0310 | C67: gross rental income from real estate property | D67: Flow | E67: Gross | F67: Numerical value in EUR in given year | G67: Continuous | H67: 0 | I67: No max | J67: 2013 | K67: 2016 | L67: 1
A68: 1 | B68: HG0410 | C68: gross income from financial investments | D68: Flow | E68: Gross | F68: Numerical value in EUR in given year | G68: Continuous | H68: 0 | I68: No max | J68: 2013 | K68: 2016 | L68: 1
B69: HG0510 | C69: gross income from private business other than self-employment | D69: Flow | E69: Gross | F69: Numerical value in EUR in given year | G69: Continuous | H69: 0 | I69: No max | J69: 2013 | K69: 2016 | L69: 1
B70: HG0610 | C70: gross income from other income sources | D70: Flow | E70: Gross | F70: Numerical value in EUR in given year | G70: Continuous | H70: 0 | I70: No max | J70: 2013 | K70: 2016 | L70: 1
B71: HH0100 | C71: any substantial gift or inheritance received | D71: Stock | E71: NA | F71: NA | G71: Categorical | H71: NA | I71: NA | J71: 2013 | K71: 2016 | L71: 1
A72: 1 | B72: HH040$x | C72: gift/inheritance $x: value | D72: Stock | E72: Gross | F72: Numerical value in EUR in given year | G72: Continuous | H72: 0 | I72: No max | J72: 2013 | K72: 2016 | L72: 1
B73: DA1000 | C73: Total real assets 1 (incl. business wealth, vehicles and valuables) | D73: Stock | E73: Gross | F73: Numerical value in EUR in given year | G73: Continuous | H73: 0 | I73: No max | J73: 2013 | K73: 2016 | L73: 1
B74: DA1000i | C74: Has real assets | D74: Stock | E74: Gross | F74: Numerical value in EUR in given year | G74: Continuous | H74: 0 | I74: No max | J74: 2013 | K74: 2016 | L74: 1
B75: DA1000SH | C75: Real assets as share of gross wealth | D75: Stock | E75: Gross | F75: Numerical value in EUR in given year | G75: Continuous | H75: 0 | I75: 100 | J75: 2013 | K75: 2016 | L75: 1
B76: DA1110 | C76: Value of household's main residence | D76: Stock | E76: Gross | F76: Numerical value in EUR in given year | G76: Continuous | H76: 0 | I76: No max | J76: 2013 | K76: 2016 | L76: 1
B77: DA1121 | C77: Value of other real estate property used for business activities | D77: Stock | E77: Gross | F77: Numerical value in EUR in given year | G77: Continuous | H77: 0 | I77: No max | J77: 2013 | K77: 2016 | L77: 1
B78: DA1122 | C78: Value of other real estate property not for business activities | D78: Stock | E78: Gross | F78: Numerical value in EUR in given year | G78: Continuous | H78: 0 | I78: No max | J78: 2013 | K78: 2016 | L78: 1
B79: DA1130 | C79: Value of household's vehicles | D79: Stock | E79: Gross | F79: Numerical value in EUR in given year | G79: Continuous | H79: 0 | I79: No max | J79: 2013 | K79: 2016 | L79: 1
B80: DA1140 | C80: Value of self-employment businesses | D80: Stock | E80: Gross | F80: Numerical value in EUR in given year | G80: Continuous | H80: 0 | I80: No max | J80: 2013 | K80: 2016 | L80: 1
A81: 1 | B81: DA1200 | C81: Business wealth | D81: Stock | E81: Gross | F81: Numerical value in EUR in given year | G81: Continuous | H81: 0 | I81: No max | J81: 2013 | K81: 2016 | L81: 1
B82: DA1300 | C82: Total real assets 2 (excl. business wealth, incl. vehicles and valuables) | D82: Stock | E82: Gross | F82: Numerical value in EUR in given year | G82: Continuous | H82: 0 | I82: No max | J82: 2013 | K82: 2016 | L82: 1
B83: DA1400 | C83: Real estate (incl. property used for business activities | D83: Stock | E83: Gross | F83: Numerical value in EUR in given year | G83: Continuous | H83: 0 | I83: No max | J83: 2013 | K83: 2016 | L83: 1
B84: DA1500 | C84: Vehicles and valuables | D84: Stock | E84: Gross | F84: Numerical value in EUR in given year | G84: Continuous | H84: 0 | I84: No max | J84: 2013 | K84: 2016 | L84: 1
A85: 1 | B85: DA2100 | C85: Total financial assets 1 (excl. public and occupational pension plans) | D85: Stock | E85: Gross | F85: Numerical value in EUR in given year | G85: Continuous | H85: 0 | I85: No max | J85: 2013 | K85: 2016 | L85: 1
B86: DA2100SH | C86: Financial assets as share of gross wealth | D86: Stock | E86: NA | F86: NA | G86: Continuous | H86: 0 | I86: 100 | J86: 2013 | K86: 2016 | L86: 1
B87: DA2101 | C87: Deposits | D87: Stock | E87: Gross | F87: Numerical value in EUR in given year | G87: Continuous | H87: 0 | I87: No max | J87: 2013 | K87: 2016 | L87: 1
B88: DA21012 | C88: Deposits: saving accounts | D88: Stock | E88: Gross | F88: Numerical value in EUR in given year | G88: Continuous | H88: 0 | I88: No max | J88: 2013 | K88: 2016 | L88: 1
B89: DA2102 | C89: Mutual funds, total | D89: Stock | E89: Gross | F89: Numerical value in EUR in given year | G89: Continuous | H89: 0 | I89: No max | J89: 2013 | K89: 2016 | L89: 1
B90: DA2103 | C90: Bonds | D90: Stock | E90: Gross | F90: Numerical value in EUR in given year | G90: Continuous | H90: 0 | I90: No max | J90: 2013 | K90: 2016 | L90: 1
B91: DA2104 | C91: Value of non self-employment private business | D91: Stock | E91: Gross | F91: Numerical value in EUR in given year | G91: Continuous | H91: 0 | I91: No max | J91: 2013 | K91: 2016 | L91: 1
B92: DA2105 | C92: Shares, publicly traded | D92: Stock | E92: Gross | F92: Numerical value in EUR in given year | G92: Continuous | H92: 0 | I92: No max | J92: 2013 | K92: 2016 | L92: 1
B93: DA2106 | C93: Managed accounts | D93: Stock | E93: Gross | F93: Numerical value in EUR in given year | G93: Continuous | H93: 0 | I93: No max | J93: 2013 | K93: 2016 | L93: 1
B94: DA2108 | C94: Other assets | D94: Stock | E94: Gross | F94: Numerical value in EUR in given year | G94: Continuous | H94: 0 | I94: No max | J94: 2013 | K94: 2016 | L94: 1
B95: DA2199 | C95: Other types of financial assets | D95: Stock | E95: Gross | F95: Numerical value in EUR in given year | G95: Continuous | H95: 0 | I95: No max | J95: 2013 | K95: 2016 | L95: 1
B96: DA2200 | C96: Total financial assets 2 (incl. public and occupational pension plans) | D96: Stock | E96: Gross | F96: Numerical value in EUR in given year | G96: Continuous | H96: 0 | I96: No max | J96: 2013 | K96: 2016 | L96: 1
B97: DA3001 | C97: Total assets 1, excl. public and occupational pension plans | D97: Stock | E97: Gross | F97: Numerical value in EUR in given year | G97: Continuous | H97: 0 | I97: No max | J97: 2013 | K97: 2016 | L97: 1
B98: DA3001pc | C98: Total assets, excl. public and occupational pension plans, per capita | D98: Stock | E98: Gross | F98: Numerical value in EUR in given year | G98: Continuous | H98: 0 | I98: No max | J98: 2013 | K98: 2016 | L98: 1
... B103: DATOP10EA | C103: EA top 10% gross wealth | D103: Stock | E103: NA | F103: NA | G103: Categorical | H103: 0 | I103: top 1% | J103: 2013 | K103: 2016 | L103: 1
B104: DHAQ01 | C104: Quintile, gross wealth, among households | D104: Stock | E104: NA | F104: NA | G104: Categorical | H104: 1 | I104: 5 | J104: 2013 | K104: 2016 | L104: 1
B105: DHAQ01EA | C105: EA quintile, total assets | D105: Stock | E105: NA | F105: NA | G105: Categorical | H105: 1 | I105: 5 | J105: 2013 | K105: 2016 | L105: 1
B106: DHIQeq | C106: Quintile, equivalised gross income (DI2000eq), among households | D106: Flow | E106: NA | F106: NA | G106: Categorical | H106: 1 | I106: 5 | J106: 2013 | K106: 2016 | L106: 1
B107: DHLQ01 | C107: Quintile, total liabilities, among indebted households | D107: Stock | E107: NA | F107: NA | G107: Categorical | H107: 1 | I107: 5 | J107: 2013 | K107: 2016 | L107: 1
...

Sheet HILDA
A1: Important | B1: Mnemonic | C1: Mnemonic description | D1: Type (Flow/stock) | E1: Gross/net | F1: Index | G1: Values | H1: Min | I1: Max | J1: Year_start | K1: Year_end | L1: Year_count | M1: Comments
B2: CRJCOWE | C2: Total amount currently owed on joint credit card accounts | D2: Stock | E2: Gross | F2: Value in $ for the given year | G2: Continuous | H2: NA | I2: NA | J2: 2010 | K2: 2014 | L2: 2
B3: crycowe | C3: Total amount currently owed on own name credit card accounts [weighted topcode] | D3: Stock | E3: Gross | F3: Value in $ for the given year | G3: Continuous | H3: NA | I3: NA | J3: 2010 | K3: 2014 | L3: 2
B4: hsprice | C4: Price of home when purchased [weighted topcode] | D4: Stock | E4: Gross | F4: Value in $ for the given year | G4: Continuous | H4: NA | I4: NA | J4: 2002 | K4: 2014 | L4: 4
B5: hstenr/hstenur | C5: Own, Rent or live rent free | D5: Stock | E5: NA | F5: NA | G5: Categorical | H5: NA | I5: NA | J5: 2001 | K5: 2016 | L5: 16
A6: 1 | B6: hsvalue | C6: Approximate value of home today [weighted topcode] | D6: Stock | E6: Gross | F6: Value in $ for the given year | G6: Continuous | H6: NA | I6: NA | J6: 2001 | K6: 2016 | L6: 16
B7: hsvalui | C7: DV: Home value ($) [imputed] [weighted topcode] | D7: Stock | E7: Gross | F7: Value in $ for the given year | G7: Continuous | H7: NA | I7: NA | J7: 2001 | K7: 2016 | L7: 16
B8: hsmgowe | C8: Approximate amount outstanding on home loans [weighted topcode] | D8: Stock | E8: Gross | F8: Value in $ for the given year | G8: Continuous | H8: NA | I8: NA | J8: 2001 | K8: 2016 | L8: 16 | M8: There are extremely detailed questions on the mortgage and houseloan in the survey, which I have not coded
B9: igbfany | C9: I am now going to ask you about your receipt of government pensions, benefits and allowances during the 2008/2009 financial year. Before I do that, can I first ask if you received any of the government bonus payments listed on SHOWCARD F30? | D9: Flow | E9: NA | F9: NA | G9: Categorical | H9: NA | I9: NA | J9: 2009 | K9: 2009 | L9: 1 | M9: Follow up questions on the type of bonus. The questions do not seem to include the amount
B10: abnca1 | C10: How much was the last [pension / allowance] payment you received from this source / these sources [those listed at G15]? | D10: Flow | E10: Gross | F10: Value in $ for the given year | G10: Continuous | H10: NA | I10: NA | J10: 2001 | K10: 2016 | L10: 16
B11: abncalli | C11: DV: Current weekly Australian Government Allowances ($) [imputed] | D11: Flow | E11: Gross | F11: Value in $ for the given year | G11: Continuous | H11: NA | I11: NA | J11: 2001 | K11: 2016 | L11: 16 | M11: The survey covers a long range of benefits apart from Australian Government Allowance. These are Australian public transfers, Bereavement Allowance, DEP (Community Development Employment Project), Carer Allowance, Double Orphan Pension, Mature Age Allowance, Disability Pension, Mobility Allowance, non income support payments, Pensions or benefits paid by overseas governments, Australian Government Parenting Payment, Partner Allowance, Sickness Allowance, Special Benefit, Service Pension, War Widows Pension, Wife Pension, Widow Allowance, Youth Allowance, Baby Bonus, Farmers Hardship Bonus, Newstart Allowance, School Kids Bonus
B12: bifdiva | C12: Gross financial year business dividends ($) [weighted topcode] | D12: Flow | E12: Gross | F12: Value in $ for the given year | G12: Continuous | H12: NA | I12: NA | J12: 2001 | K12: 2016 | L12: 16
B13: bifiga | C13: G24 Gross financial year incorporated business ($) [weighted topcode] | D13: Flow | E13: Gross | F13: Value in $ for the given year | G13: Continuous | H13: NA | I13: NA | J13: 2001 | K13: 2016 | L13: 16
B14: bifin | C14: DV: Financial year business income ($) [imputed] Negative values | D14: Flow | E14: Gross | F14: Value in $ for the given year | G14: Continuous | H14: NA | I14: NA | J14: 2001 | K14: 2016 | L14: 16
B15: abifip | C15: DV: Financial year business income ($) [imputed] Positive values [weighted topcode] | D15: Flow | E15: Gross | F15: Value in $ for the given year | G15: Continuous | H15: NA | I15: NA | J15: 2001 | K15: 2016 | L15: 16
B16: bifuga | C16: G26b Unincorporated business financial year income ($) [weighted topcode] | D16: Flow | E16: Gross | F16: Value in $ for the given year | G16: Continuous | H16: NA | I16: NA | J16: 2001 | K16: 2016 | L16: 16
B17: hibifin | C17: DV: Household financial year business income ($) [imputed] Negative values | D17: Flow | E17: Gross | F17: Value in $ for the given year | G17: Continuous | H17: NA | I17: NA | J17: 2001 | K17: 2016 | L17: 16 | M17: These are a selected variables out of a larger set of variables (+150) on household income.
B18: hibifip | C18: DV: Household financial year business income ($) [imputed] Positive values [weighted topcode] | D18: Flow | E18: Gross | F18: Value in $ for the given year | G18: Continuous | H18: NA | I18: NA | J18: 2001 | K18: 2016 | L18: 16 | M18: These are a selected variables out of a larger set of variables (+150) on household income.
B19: hifdip | C19: DV: Household financial year disposable regular income ($) [imputed] Positive values [weighted topcode] | D19: Flow | E19: Net | F19: Value in $ for the given year | G19: Continuous | H19: NA | I19: NA | J19: 2001 | K19: 2016 | L19: 16 | M19: These are a selected variables out of a larger set of variables (+150) on household income.
B20: hifdin | C20: DV: Household financial year disposable regular income ($) [imputed] Negative values | D20: Flow | E20: Net | F20: Value in $ for the given year | G20: Continuous | H20: NA | I20: NA | J20: 2001 | K20: 2016 | L20: 16 | M20: These are a selected variables out of a larger set of variables (+150) on household income.
B21: hifefp | C21: DV: Household financial year gross regular income ($) [imputed] Positive values [weighted topcode] | D21: Flow | E21: Gross | F21: Value in $ for the given year | G21: Continuous | H21: NA | I21: NA | J21: 2001 | K21: 2016 | L21: 16 | M21: These are a selected variables out of a larger set of variables (+150) on household income.
A22: 1 | B22: hifeftn | C22: DV: Household financial year gross total income ($) [imputed] Negative values | D22: Flow | E22: Gross | F22: Value in $ for the given year | G22: Continuous | H22: NA | I22: NA | J22: 2001 | K22: 2016 | L22: 16 | M22: These are a selected variables out of a larger set of variables (+150) on household income.
B23: hifmkin | C23: DV: Household financial year regular market income ($) [imputed] Negative values | D23: Flow | E23: Gross | F23: Value in $ for the given year | G23: Continuous | H23: NA | I23: NA | J23: 2001 | K23: 2016 | L23: 16 | M23: These are a selected variables out of a larger set of variables (+150) on household income.
B24: hifmkip | C24: DV: Household financial year regular market income ($) [imputed] Positive values [weighted topcode] | D24: Flow | E24: Gross | F24: Value in $ for the given year | G24: Continuous | H24: NA | I24: NA | J24: 2001 | K24: 2016 | L24: 16 | M24: These are a selected variables out of a larger set of variables (+150) on household income.
B25: hifpiin | C25: DV: Household financial year regular private income ($) [imputed] Negative values | D25: Flow | E25: Gross | F25: Value in $ for the given year | G25: Continuous | H25: NA | I25: NA | J25: 2001 | K25: 2016 | L25: 16 | M25: These are a selected variables out of a larger set of variables (+150) on household income.
B26: hifpiip | C26: DV: Household financial year regular private income ($) [imputed] Positive values [weighted topcode] | D26: Flow | E26: Gross | F26: Value in $ for the given year | G26: Continuous | H26: NA | I26: NA | J26: 2001 | K26: 2016 | L26: 16 | M26: These are a selected variables out of a larger set of variables (+150) on household income.
B27: hiwscei | C27: DV: Household current weekly gross wages & salary - all jobs ($) [imputed] [weighted topcode] | D27: Flow | E27: Gross | F27: Value in $ for the given year | G27: Continuous | H27: NA | I27: NA | J27: 2001 | K27: 2016 | L27: 16 | M27: These are a selected variables out of a larger set of variables (+150) on household income.
B28: hiwsces | C28: DV: Household current weekly gross wages & salary - all jobs ($) [imputed][inc salary sacrifice] [weighted topcode] | D28: Flow | E28: Gross | F28: Value in $ for the given year | G28: Continuous | H28: NA | I28: NA | J28: 2001 | K28: 2016 | L28: 16 | M28: These are a selected variables out of a larger set of variables (+150) on household income.
B29: hiwsfei | C29: DV: Household financial year gross wages & salary ($) [imputed] [weighted topcode] | D29: Flow | E29: Gross | F29: Value in $ for the given year | G29: Continuous | H29: NA | I29: NA | J29: 2001 | K29: 2016 | L29: 16 | M29: These are a selected variables out of a larger set of variables (+150) on household income.
B30: oifrnta | C30: Financial year rental income ($) [weighted topcode] | D30: Flow | E30: Gross | F30: Value in $ for the given year | G30: Continuous | H30: NA | I30: NA | J30: 2001 | K30: 2016 | L30: 16
B31: oifsupa | C31: Financial year regular superannuation/annuity payments ($) [weighted topcode] | D31: Flow | E31: Gross | F31: Value in $ for the given year | G31: Continuous | H31: NA | I31: NA | J31: 2001 | K31: 2016 | L31: 16
B32: tifdin | C32: DV: Financial year disposable regular income ($) Negative values | D32: Flow | E32: Net | F32: Value in $ for the given year | G32: Continuous | H32: NA | I32: NA | J32: 2001 | K32: 2016 | L32: 16
B33: tifdip | C33: DV: Financial year disposable regular income ($) Positive values [weighted topcode] | D33: Flow | E33: Net | F33: Value in $ for the given year | G33: Continuous | H33: NA | I33: NA | J33: 2001 | K33: 2016 | L33: 16
B34: tifditn | C34: DV: Financial year disposable total income ($) Negative values | D34: Flow | E34: Net | F34: Value in $ for the given year | G34: Continuous | H34: NA | I34: NA | J34: 2001 | K34: 2016 | L34: 16
B35: tifditp | C35: DV: Financial year disposable total income ($) Positive values [weighted topcode] | D35: Flow | E35: Net | F35: Value in $ for the given year | G35: Continuous | H35: NA | I35: NA | J35: 2001 | K35: 2016 | L35: 16
B36: tifefn | C36: DV: Financial year gross regular income ($) [imputed] Negative values | D36: Flow | E36: Gross | F36: Value in $ for the given year | G36: Continuous | H36: NA | I36: NA | J36: 2001 | K36: 2016 | L36: 16
B37: tifefp | C37: DV: Financial year gross regular income ($) [imputed] Positive values [weighted topcode] | D37: Flow | E37: Gross | F37: Value in $ for the given year | G37: Continuous | H37: NA | I37: NA | J37: 2001 | K37: 2016 | L37: 16
A38: 1 | B38: tifeftn | C38: DV: Financial year gross total income ($) [imputed] Negative values | D38: Flow | E38: Gross | F38: Value in $ for the given year | G38: Continuous | H38: NA | I38: NA | J38: 2001 | K38: 2016 | L38: 16
B39: tifeftp | C39: DV: Financial year gross total income ($) [imputed] Positive values [weighted topcode] | D39: Flow | E39: Gross | F39: Value in $ for the given year | G39: Continuous | H39: NA | I39: NA | J39: 2001 | K39: 2016 | L39: 16
B40: tifmkin | C40: DV: Financial year regular market income ($) [imputed] Negative values | D40: Flow | E40: NA | F40: Value in $ for the given year | G40: Continuous | H40: NA | I40: NA | J40: 2001 | K40: 2016 | L40: 16
B41: tifmkip | C41: DV: Financial year regular market income ($) [imputed] Positive values [weighted topcode] | D41: Flow | E41: NA | F41: Value in $ for the given year | G41: Continuous | H41: NA | I41: NA | J41: 2001 | K41: 2016 | L41: 16
B42: tifpiip | C42: DV: Financial year regular private income ($) [imputed] Negative values | D42: Flow | E42: NA | F42: Value in $ for the given year | G42: Continuous | H42: NA | I42: NA | J42: 2001 | K42: 2016 | L42: 16
B43: tifprin | C43: DV: Financial year regular private income ($) [imputed] Positive values [weighted topcode] | D43: Flow | E43: NA | F43: Value in $ for the given year | G43: Continuous | H43: NA | I43: NA | J43: 2001 | K43: 2016 | L43: 16
B44: wsce | C44: DV: Current weekly gross wages & salary, all jobs, includes estimated from net ($) [weighted topcode] | D44: Flow | E44: Gross | F44: Value in $ for the given year | G44: Continuous | H44: NA | I44: NA | J44: 2001 | K44: 2016 | L44: 16 | M44: Also split into different jobs (main job and other jobs)
B45: wscei | C45: DV: Current weekly gross wages & salary - all jobs ($) [imputed] [weighted topcode] | D45: Flow | E45: Gross | F45: Value in $ for the given year | G45: Continuous | H45: NA | I45: NA | J45: 2001 | K45: 2016 | L45: 16 | M45: Also split into different jobs (main job and other jobs)
B46: wscg | C46: DV: All jobs, current weekly gross wages & salary ($) [weighted topcode] | D46: Flow | E46: Gross | F46: Value in $ for the given year | G46: Continuous | H46: NA | I46: NA | J46: 2001 | K46: 2016 | L46: 16
B47: wschave | C47: Currently receive income from wages/salary | D47: Flow | E47: NA | F47: NA | G47: Categorical | H47: NA | I47: NA | J47: 2001 | K47: 2016 | L47: 16
B48: wscoga | C48: Total amount of your most recent gross pay all other jobs | D48: Flow | E48: Gross | F48: Value in $ for the given year | G48: Continuous | H48: NA | I48: NA | J48: 2001 | K48: 2016 | L48: 16
B49: wscona | C49: What was the total amount of your most recent pay from all other jobs after tax was taken out | D49: Flow | E49: Net | F49: Value in $ for the given year | G49: Continuous | H49: NA | I49: NA | J49: 2001 | K49: 2016 | L49: 16
B50: wsfe | C50: DV: Financial year gross wages & salary, includes estimated from net ($) [weighted topcode] | D50: Flow | E50: Gross | F50: Value in $ for the given year | G50: Continuous | H50: NA | I50: NA | J50: 2001 | K50: 2016 | L50: 16
B51: wsfei | C51: DV: Financial year gross wages & salary ($) [imputed] [weighted topcode] | D51: Flow | E51: Gross | F51: Value in $ for the given year | G51: Continuous | H51: NA | I51: NA | J51: 2001 | K51: 2016 | L51: 16
B52: wsfg | C52: DV: Financial year gross wages & salary ($) [weighted topcode] | D52: Flow | E52: Gross | F52: Value in $ for the given year | G52: Continuous | H52: NA | I52: NA | J52: 2001 | K52: 2016 | L52: 16
A53: 1 | B53: wsfna | C53: Net financial year wages and salaries ($) [weighted topcode] | D53: Flow | E53: Net | F53: Value in $ for the given year | G53: Continuous | H53: NA | I53: NA | J53: 2001 | K53: 2016 | L53: 16
B54: bajta | C54: Total balance in all your joint accounts [weighted topcode] | D54: Stock | E54: Gross | F54: Value in $ for the given year | G54: Continuous | H54: NA | I54: NA | J54: 2002 | K54: 2014 | L54: 4
B55: bfdta | C55: Amount of debt as result of business [weighted topcode] | D55: Stock | E55: Gross | F55: Value in $ for the given year | G55: Continuous | H55: NA | I55: NA | J55: 2002 | K55: 2014 | L55: 4
B56: bftval | C56: Total for all Businesses [weighted topcode] | D56: Stock | E56: Gross | F56: Value in $ for the given year | G56: Continuous | H56: NA | I56: NA | J56: 2002 | K56: 2014 | L56: 4
A57: 1 | B57: fainvcv | C57: Total current value of all investments [weighted topcode] | D57: Stock | E57: Gross | F57: Value in $ for the given year | G57: Continuous | H57: NA | I57: NA | J57: 2002 | K57: 2014 | L57: 4
B58: faoficv | C58: Current value of other financial investments for all household members [weighted topcode] | D58: Stock | E58: Gross | F58: Value in $ for the given year | G58: Continuous | H58: NA | I58: NA | J58: 2002 | K58: 2014 | L58: 4
B59: fatrcv | C59: Total current value of trusts [weighted topcode] | D59: Stock | E59: Gross | F59: Value in $ for the given year | G59: Continuous | H59: NA | I59: NA | J59: 2002 | K59: 2014 | L59: 4
B60: hbval | C60: Total value of these unpaid overdue household bills | D60: Stock | E60: Gross | F60: Value in $ for the given year | G60: Continuous | H60: NA | I60: NA | J60: 2004 | K60: 2014 | L60: 3
B61: hwassei | C61: DV: Household Total Assets [imputed] ($) [weighted topcode] | D61: Stock | E61: Gross | F61: Value in $ for the given year | G61: Continuous | H61: NA | I61: NA | J61: 2002 | K61: 2014 | L61: 4
A62: 1 | B62: hwasset | C62: DV: Household Total Assets ($) [weighted topcode] | D62: Stock | E62: Gross | F62: Value in $ for the given year | G62: Continuous | H62: NA | I62: NA | J62: 2002 | K62: 2014 | L62: 4
B63: hwbeip | C63: DV: Household wealth: Business: Equity [positive values] [imputed] ($) [weighted topcode] | D63: Stock | E63: Gross | F63: Value in $ for the given year | G63: Continuous | H63: NA | I63: NA | J63: 2002 | K63: 2014 | L63: 4 | M63: More questions on business wealth
B64: hwcain | C64: DV: Household wealth: Cash investments ($) [weighted topcode] | D64: Stock | E64: Gross | F64: Value in $ for the given year | G64: Continuous | H64: NA | I64: NA | J64: 2002 | K64: 2014 | L64: 4
B65: hwcbani | C65: DV: Household wealth: Childrens bank accounts [imputed] ($) [weighted topcode] | D65: Stock | E65: Gross | F65: Value in $ for the given year | G65: Continuous | H65: NA | I65: NA | J65: 2002 | K65: 2014 | L65: 4
B66: hwccdt | C66: DV: Household wealth: Total credit card debt ($) [weighted topcode] | D66: Stock | E66: Gross | F66: Value in $ for the given year | G66: Continuous | H66: NA | I66: NA | J66: 2002 | K66: 2014 | L66: 4
B67: hwcoll | C67: DV: Household wealth: Collectibles and other assets ($) [weighted topcode] | D67: Stock | E67: Gross | F67: Value in $ for the given year | G67: Continuous | H67: NA | I67: NA | J67: 2002 | K67: 2014 | L67: 4
B68: hwdebt | C68: DV: Household Debt ($) [weighted topcode] | D68: Stock | E68: Gross | F68: Value in $ for the given year | G68: Continuous | H68: NA | I68: NA | J68: 2002 | K68: 2014 | L68: 4
A69: 1 | B69: hweqinv | C69: DV: Household wealth: Equity investments ($) [weighted topcode] | D69: Stock | E69: Gross | F69: Value in $ for the given year | G69: Continuous | H69: NA | I69: NA | J69: 2002 | K69: 2014 | L69: 4
A70: 1 | B70: hwfin | C70: DV: Household Financial Assets ($) [weighted topcode] | D70: Stock | E70: Gross | F70: Value in $ for the given year | G70: Continuous | H70: NA | I70: NA | J70: 2002 | K70: 2014 | L70: 4
B71: hwhecdt | C71: DV: Household wealth: HECS debt ($) | D71: Stock | E71: Gross | F71: Value in $ for the given year | G71: Continuous | H71: NA | I71: NA | J71: 2002 | K71: 2014 | L71: 4
B72: hwhmdt | C72: DV: Household wealth: Home: Apportioned debt ($) [weighted topcode] | D72: Stock | E72: Gross | F72: Value in $ for the given year | G72: Continuous | H72: NA | I72: NA | J72: 2002 | K72: 2014 | L72: 4
B73: hwhmeql | C73: DV: Household wealth: Home: Apportioned equity loan ($) [weighted topcode] | D73: Stock | E73: Gross | F73: Value in $ for the given year | G73: Continuous | H73: NA | I73: NA | J73: 2002 | K73: 2014 | L73: 4
B74: hwhmhl | C74: DV: Household wealth: Home: Apportioned home loans ($) [weighted topcode] | D74: Stock | E74: Gross | F74: Value in $ for the given year | G74: Continuous | H74: NA | I74: NA | J74: 2002 | K74: 2014 | L74: 4
B75: hwinsui | C75: DV: Household wealth: Life insurance [imputed] ($) [weighted topcode] | D75: Stock | E75: Gross | F75: Value in $ for the given year | G75: Continuous | H75: NA | I75: NA | J75: 2002 | K75: 2014 | L75: 4
B76: hwjbank | C76: DV: Household wealth: Joint bank accounts ($) [weighted topcode] | D76: Stock | E76: Gross | F76: Value in $ for the given year | G76: Continuous | H76: NA | I76: NA | J76: 2002 | K76: 2014 | L76: 4
B77: hwjccdt | C77: DV: Household wealth: Joint credit card debt ($) [weighted topcode] | D77: Stock | E77: Gross | F77: Value in $ for the given year | G77: Continuous | H77: NA | I77: NA | J77: 2002 | K77: 2014 | L77: 4
B78: hwnfin | C78: DV: Household Non-Financial Assets ($) [weighted topcode] | D78: Stock | E78: Gross | F78: Value in $ for the given year | G78: Continuous | H78: NA | I78: NA | J78: 2002 | K78: 2014 | L78: 4
B79: hwoccdt | C79: DV: Household wealth: Own credit card debt ($) [weighted topcode] | D79: Stock | E79: Gross | F79: Value in $ for the given year | G79: Continuous | H79: NA | I79: NA | J79: 2002 | K79: 2014 | L79: 4
B80: hwopdti | C80: DV: Household wealth: Other property: Apportioned debt [imputed] ($) [weighted topcode] | D80: Stock | E80: Gross | F80: Value in $ for the given year | G80: Continuous | H80: NA | I80: NA | J80: 2002 | K80: 2014 | L80: 4
B81: hwopval | C81: DV: Household wealth: Other property: Apportioned value ($) [weighted topcode] | D81: Stock | E81: Gross | F81: Value in $ for the given year | G81: Continuous | H81: NA | I81: NA | J81: 2002 | K81: 2014 | L81: 4
B82: hwothdt | C82: DV: Household wealth: Other debt: Car loans/Investment loans/Personal loans/Hire purchase/Overdue bills ($) [weighted topcode] | D82: Stock | E82: Gross | F82: Value in $ for the given year | G82: Continuous | H82: NA | I82: NA | J82: 2002 | K82: 2014 | L82: 4
... B99: opvalue | C99: Approximate value of other properties today [weighted topcode] | D99: Stock | E99: Gross | F99: Value in $ for the given year | G99: Continuous | H99: NA | I99: NA | J99: 2002 | K99: 2014 | L99: 4
B100: dtbilla | C100: Total value of these unpaid overdue personal bill | D100: Stock | E100: Gross | F100: Value in $ for the given year | G100: Continuous | H100: NA | I100: NA | J100: 2002 | K100: 2014 | L100: 4 | M100: Unpaid debt is specified on different types
B101: sacfnd2 | C101: What is total current value of capital in all these funds (pension) | D101: Stock | E101: Gross | F101: Value in $ for the given year | G101: Continuous | H101: NA | I101: NA | J101: 2012 | K101: 2014 | L101: 2
B102: saest | C102: Best estimate of superannuation value [weighted topcode] | D102: Stock | E102: Gross | F102: Value in $ for the given year | G102: Continuous | H102: NA | I102: NA | J102: 2002 | K102: 2014 | L102: 4
B104: Background variables
B105: anatsin | C105: Are you of Aboriginal or Torres Strait Islander origin | D105: Other | E105: NA | F105: NA | G105: Categorical | H105: NA | I105: NA | J105: 2002 | K105: 2016 | L105: 15 | M105: Survey does not include detailed questions on ethnicity. Alternatively, there are questions on birth country (anbcob)
B106: hgyob | C106: Year of birth | D106: Other | E106: NA | F106: NA | G106: Continuous | H106: NA | I106: NA | J106: 2001 | K106: 2016 | L106: 16
B107: hgage | C107: DV: Age last birthday at June 30 [YEAR] | D107: Other | E107: NA | F107: NA | G107: Continuous | H107: NA | I107: NA | J107: 2001 | K107: 2016 | L107: 16 | M107: Up 20 members of household
B108: hgebi | C108: DV: Household Form labour force status - broad [imputed] | D108: Other | E108: NA | F108: NA | G108: Categorical | H108: NA | I108: NA | J108: 2002 | K108: 2002 | L108: 1 | M108: Up 20 members of household
B109: hges | C109: Employment status on Household Form, answered by one person in household | D109: Other | E109: NA | F109: NA | G109: Categorical | H109: NA | I109: NA | J109: 2001 | K109: 2016 | L109: 15 | M109: Up 20 members of household
B110: hgsex | C110: Sex | D110: Other | E110: NA | F110: NA | G110: Categorical | H110: NA | I110: NA | J110: 2001 | K110: 2016 | L110: 16 | M110: Up 20 members of household
B111: hhadst | C111: Address status | D111: Other | E111: NA | F111: NA | G111: Categorical | H111: NA | I111: NA | J111: 2001 | K111: 2016 | L111: 16 | M111: I cannot find data on the precise address in the survey
B112: hhmsr | C112: DV: ASGC 2001 Major Statistical Region | D112: Other | E112: NA | F112: NA | G112: Categorical | H112: NA | I112: NA | J112: 2001 | K112: 2016 | L112: 16
B113: hhsgcc | C113: DV: ASGS 2011 Greater Capital City Statistical Area (GCCSA) | D113: Other | E113: NA | F113: NA | G113: Categorical | H113: NA | I113: NA | J113: 2001 | K113: 2016 | L113: 16
B114: hhsos | C114: DV: ASGC 2001 Section of State | D114: Other | E114: NA | F114: NA | G114: Categorical | H114: NA | I114: NA | J114: 2001 | K114: 2016 | L114: 16
B115: State | C115: hhstate | D115: Other | E115: NA | F115: NA | G115: Categorical | H115: NA | I115: NA | J115: 2001 | K115: 2016 | L115: 16
B116: XW | C116: Cross wave ID | D116: Other | E116: NA | F116: NA | G116: Categorical | H116: NA | I116: NA | J116: 2001 | K116: 2016 | L116: 16
B117: esempst | C117: Current employment status | D117: Other | E117: NA | F117: NA | G117: Categorical | H117: NA | I117: NA | J117: 2001 | K117: 2016 | L117: 16
...

Sheet HRS
A1: Important | B1: Mnemonic | C1: Mnemonic description | D1: Type (Flow/stock) | E1: Gross/net | F1: Index | G1: Values | H1: Min | I1: Max | J1: Year_start | K1: Year_end | L1: Year_count | M1: Comments
B2: HRS 1992 (Wave 1)
B3: V603 | C3: Do you [or your (husband/wife/partner)] own this (farm/ranch), do you own part of it, do you rent it, is it owned by a business, or what? | D3: Stock | E3: NA | F3: NA | G3: Categorical | H3: NA | I3: NA | J3: 1992 | K3: 1992 | L3: 1
A4: 1 | B4: V605 | C4: Could you tell me the present value of this house and the immediately surrounding land? I mean, about what would it bring if it were sold today? | D4: Stock | E4: Gross | F4: Price in $ in 1992 | G4: Continuous | H4: 0 | I4: 9999999 | J4: 1992 | K4: 1992 | L4: 1 | M4: Only refers V603 (farms)
A5: 1 | B5: V610 | C5: Do you [or your (husband/wife/partner)] own this house and the immediately surrounding land? | D5: Stock | E5: NA | F5: NA | G5: Categorical | H5: NA | I5: NA | J5: 1992 | K5: 1992 | L5: 1
B6: V611 | C6: Do you pay rent on this house, or what? | D6: Flow | E6: NA | F6: NA | G6: Categorical | H6: NA | I6: NA | J6: 1992 | K6: 1992 | L6: 1
B7: V612 | C7: Could you tell me the present value of just this house and immediately surrounding land? I mean, about what would it bring if it were sold today? | D7: Stock | E7: Gross | F7: Price in $ in 1992 | G7: Continuous | H7: 0 | I7: 9999999 | J7: 1992 | K7: 1992 | L7: 1
B8: V615 | C8: INTERVIEWER CHECKPOINT - R lives in a mobile home | D8: Other | E8: NA | F8: NA | G8: Categorical | H8: NA | I8: NA | J8: 1992 | K8: 1992 | L8: 1
B9: V616 | C9: Do you [or your (husband/wife/partner)] own both this mobile home and site or lot, do you own only the mobile home, do you own only the site, do you rent both the home and site, or what? [IMPUTED] | D9: Stock | E9: NA | F9: NA | G9: Categorical | H9: NA | I9: NA | J9: 1992 | K9: 1992 | L9: 1
B10: V617 | C10: About how much rent do you pay on this home each month? | D10: Flow | E10: Gross | F10: Price in $ in 1992 | G10: Continuous | H10: 0 | I10: 9999 | J10: 1992 | K10: 1992 | L10: 1
B11: V619 | C11: Could you tell me the present value of the site? I mean, about what would it bring if it were sold today? | D11: Stock | E11: Gross | F11: Price in $ in 1992 | G11: Continuous | H11: 0 | I11: 9999999 | J11: 1992 | K11: 1992 | L11: 1 | M11: N seems to be 1
B12: V620 | C12: In what month and year was this site purchased? | D12: Stock | E12: NA | F12: NA | G12: Categorical | H12: NA | I12: NA | J12: 1992 | K12: 1992 | L12: 1 | M12: N seems to be 1
B13: V622 | C13: How much did this site cost when it was purchased? | D13: Stock | E13: Gross | F13: Price in $ in given year | G13: Continuous | H13: 0 | I13: 9999999 | J13: 1992 | K13: 1992 | L13: 1 | M13: N seems to be 1
B14: V630 | C14: About how much rent do you pay on this site each month? | D14: Flow | E14: Gross | F14: Price in $ in 1992 | G14: Continuous | H14: 0 | I14: 9999 | J14: 1992 | K14: 1992 | L14: 1 | M14: Refers to mobile homes
B15: V632 | C15: Could you tell me the present value of this mobile home? I mean, about what would it bring if it were sold today? | D15: Stock | E15: Gross | F15: Price in $ in 1992 | G15: Continuous | H15: 0 | I15: 9999999 | J15: 1992 | K15: 1992 | L15: 1
B16: V634 | C16: In what month and year was this mobile home purchased? | D16: Stock | E16: NA | F16: NA | G16: Categorical | H16: NA | I16: NA | J16: 1992 | K16: 1992 | L16: 1
B17: V635 | C17: How much did this mobile home cost when it was purchased? | D17: Stock | E17: Gross | F17: Price in $ in given year | G17: Continuous | H17: 0 | I17: 9999999 | J17: 1992 | K17: 1992 | L17: 1
B18: V640 | C18: Could you tell me the present value of this home and site? I mean, about what would they bring if they were sold today? | D18: Stock | E18: Gross | F18: Price in $ in 1992 | G18: Continuous | H18: 0 | I18: 9999999 | J18: 1992 | K18: 1992 | L18: 1
B19: V643 | C19: In what month and year was this mobile home purchased? | D19: Stock | E19: NA | F19: NA | G19: Categorical | H19: NA | I19: NA | J19: 1992 | K19: 1992 | L19: 1
B20: V644 | C20: How much did the mobile home cost when it was purchased? | D20: Stock | E20: Gross | F20: Price in $ in given year | G20: Continuous | H20: 0 | I20: 9999999 | J20: 1992 | K20: 1992 | L20: 1
B21: V647 | C21: In what month and year was this site purchased? | D21: Stock | E21: NA | F21: NA | G21: Categorical | H21: NA | I21: NA | J21: 1992 | K21: 1992 | L21: 1
B22: V648 | C22: How much did this site cost when it was purchased? | D22: Stock | E22: Gross | F22: Price in $ in given year | G22: Continuous | H22: 0 | I22: 9999999 | J22: 1992 | K22: 1992 | L22: 1
B23: V653-V656 | C23: Same questions; one more mobile home
B24: V701 | C24: Do you [and your (husband/wife/partner)] own this (house and lot/apartment), do you rent, or what? [IMPUTED] | D24: Stock | E24: NA | F24: NA | G24: Categorical | H24: NA | I24: NA | J24: 1992 | K24: 1992 | L24: 1
B25: V702 | C25: Do you own it as part of a condo, co-op or townhouse association? | D25: Stock | E25: NA | F25: NA | G25: Categorical | H25: NA | I25: NA | J25: 1992 | K25: 1992 | L25: 1
B26: V712 | C26: What is the present value of this (home and land/apartment/property)? I mean, about what would it bring if it were sold today? [IMPUTED] | D26: Stock | E26: Gross | F26: Price in $ in 1992 | G26: Continuous | H26: 0 | I26: 9999999 | J26: 1992 | K26: 1992 | L26: 1
B27: V714 | C27: How much did it cost when it was purchased? | D27: Stock | E27: Gross | F27: Price in $ in given year | G27: Continuous | H27: 0 | I27: 9999999 | J27: 1992 | K27: 1992 | L27: 1
B28: V716-V717 | C28: In what month and year was it (purchased/received)? | D28: Stock | E28: NA | F28: NA | G28: Categorical | H28: NA | I28: NA | J28: 1992 | K28: 1992 | L28: 1
B29: V718 | C29: What are the real estate taxes per year on this (home and land/apartment/property)? | D29: Flow | E29: Gross | F29: Price in $ in 1992 | G29: Continuous | H29: 0 | I29: 9999999 | J29: 1992 | K29: 1992 | L29: 1
B30: V720 | C30: About how much did heat and electricity cost you in 1991? | D30: Flow | E30: Gross | F30: Price in $ in 1992 | G30: Continuous | H30: 0 | I30: 999999 | J30: 1992 | K30: 1992 | L30: 1
B31: V722 | C31: Is there a mortgage or land contract on this (home and land/apartment/ property)? [NOTE: If R asks, do not include home equity loans or lines of credit] [IMPUTED] | D31: Stock | E31: NA | F31: NA | G31: Categorical | H31: NA | I31: NA | J31: 1992 | K31: 1992 | L31: 1
B32: V723 | C32: How much is still owed on this loan? | D32: Stock | E32: Gross | F32: Price in $ in 1992 | G32: Continuous | H32: 0 | I32: 9999999 | J32: 1992 | K32: 1992 | L32: 1
B33: V724-V725 | C33: How much are the payments and how often are they due? | D33: Stock | E33: NA | F33: NA | G33: Categorical | H33: NA | I33: NA | J33: 1992 | K33: 1992 | L33: 1 | M33: Further questions on payments in V726-729
B34: V729-V734 | C34: Same questions on second mortgage
B35: V735 | C35: Do you have any (other) loans that use this property as collateral? (Please do not include any home equity lines of credit.) | D35: Stock | E35: NA | F35: NA | G35: Categorical | H35: NA | I35: NA | J35: 1992 | K35: 1992 | L35: 1
B36: V736-V744 | C36: Same questions on home equity loan
B37: V801 | C37: How much rent do you pay for this (house/apartment/farm/ranch/mobile home and site)? | D37: Flow | E37: Gross | F37: Price in $ in 1992 | G37: Continuous | H37: 0 | I37: 999999 | J37: 1992 | K37: 1992 | L37: 1 | M37: Followed by a range of questions on what the rent includes (V803-V805)
B38: V816 | C38: Do you [or your (husband/wife/partner)] own a second home or condo? [NOTE: Time-share weeks should be included.] [IMPUTED] | D38: Stock | E38: NA | F38: NA | G38: Categorical | H38: NA | I38: NA | J38: 1992 | K38: 1992 | L38: 1
B39: V818 | C39: When did you buy this property? [IMPUTED] | D39: Stock | E39: NA | F39: NA | G39: Categorical | H39: NA | I39: NA | J39: 1992 | K39: 1992 | L39: 1
B40: V819 | C40: Do you own all of it, part of it, or timeshares in it? [IMPUTED] | D40: Stock | E40: NA | F40: NA | G40: Categorical | H40: NA | I40: NA | J40: 1992 | K40: 1992 | L40: 1 | M40: Followed by a range of questions on which part the respondent owns (V820-V822)
B41: V822 | C41: What was the purchase price? [NOTE: If owns part, ask purchase price of R's share.] [IMPUTED] | D41: Stock | E41: Gross | F41: Price in $ in given year | G41: Continuous | H41: 0 | I41: 9999999 | J41: 1992 | K41: 1992 | L41: 1
B42: V824 | C42: Could you tell me the present value of (your part of) that property -- I mean about how much would it bring if it were sold today? [IMPUTED] | D42: Stock | E42: Gross | F42: Price in $ in 1992 | G42: Continuous | H42: 0 | I42: 9999999 | J42: 1992 | K42: 1992 | L42: 1
B43: V826 | C43: About how much do you owe? [IMPUTED] | D43: Stock | E43: Gross | F43: Price in $ in 1992 | G43: Continuous | H43: 0 | I43: 9999999 | J43: 1992 | K43: 1992 | L43: 1
B44: V838 | C44: Do you own a recreational vehicle or motor home? | D44: Stock | E44: NA | F44: NA | G44: Categorical | H44: NA | I44: NA | J44: 1992 | K44: 1992 | L44: 1
B45: V839 | C45: About how much is it worth, subtracting any money owed on it? | D45: Stock | E45: Gross | F45: Price in $ in 1992 | G45: Continuous | H45: 0 | I45: 9999999 | J45: 1992 | K45: 1992 | L45: 1
A46: 1 | B46: V2735 | C46: How much is your salary, before taxes and other deductions? | D46: Flow | E46: Gross | F46: Price in $ in 1992 | G46: Continuous | H46: 0 | I46: 9999999 | J46: 1992 | K46: 1992 | L46: 1
B47: V2739 | C47: What is your hourly wage rate for regular work time? | D47: Flow | E47: Gross | F47: Price in $ in 1992 | G47: Continuous | H47: 0 | I47: 500 | J47: 1992 | K47: 1992 | L47: 1
B48: V2743 | C48: What does that amount to, before taxes and other deductions, in an average week or month? (Piecework and commission) | D48: Flow | E48: Gross | F48: Price in $ in 1992 | G48: Continuous | H48: 0 | I48: 9999999 | J48: 1992 | K48: 1992 | L48: 1
B49: V2825 | C49: Self-employed: How much are you paid before taxes and other deductions? | D49: Flow | E49: Gross | F49: Price in $ in 1992 | G49: Continuous | H49: 0 | I49: 9999999 | J49: 1992 | K49: 1992 | L49: 1
B50: V2827 | C50: Self-employed: Do you receive some or all of the net earnings or profits? | D50: Flow | E50: NA | F50: NA | G50: Categorical | H50: NA | I50: NA | J50: 1992 | K50: 1992 | L50: 1
B51: V2828 | C51: Self-employed: How much of the net earnings or profits are you entitled to? [IF R HAS TROUBLE GIVING A DOLLAR FIGURE, ASK: What did you earn in 1991?] | D51: Flow | E51: Gross | F51: Price in $ in 1992 | G51: Continuous | H51: 0 | I51: 9999999 | J51: 1992 | K51: 1992 | L51: 1
B52: V2910/V3010/V3110 | C52: On pension: For that part of your plan where money is accumulated in an account, how much is in the account at present? | D52: Stock | E52: Gross | F52: Price in $ in 1992 | G52: Continuous | H52: 0 | I52: 9999999 | J52: 1992 | K52: 1992 | L52: 1
B53: V2911/V3011/V3111 | C53: On pension: How much do you currently contribute (as a percent of your pay or amount of money per month or year)? [NOTE: Include contributions through salary deductions, union dues or other sources.] | D53: Stock | E53: Gross | F53: Price in $ in 1992 | G53: Continuous | H53: 0 | I53: 100 | J53: 1992 | K53: 1992 | L53: 1
B54: V2912/V3012/V3112 | C54: On pension: How much do you currently contribute (as a percent of your pay or amount of money per month or year)? [NOTE: Include contributions through salary deductions, union dues or other sources.] -- DOLLARS | D54: Stock | E54: Gross | F54: Price in $ in 1992 | G54: Continuous | H54: 0 | I54: 99999 | J54: 1992 | K54: 1992 | L54: 1 | M54: More questions on pension plans V2913-V2940
A55: 1 | B55: V2940/V3040/V3140 | C55: How much money is in your account at present? | D55: Stock | E55: Gross | F55: Price in $ in 1992 | G55: Continuous | H55: 0 | I55: 9999999 | J55: 1992 | K55: 1992 | L55: 1
B56: V2942/V3042/V3142 | C56: Is the money in this account invested mostly in stocks, mostly in interest earning assets, is it about evenly split between these, or what? | D56: Stock | E56: NA | F56: NA | G56: Categorical | H56: NA | I56: NA | J56: 1992 | K56: 1992 | L56: 1
B57: V3334 | C57: About how much do you earn before taxes from (this other job/these other jobs)? (Is that per hour, week, month, year, or what?) [IMPUTED] | D57: Flow | E57: Gross | F57: Price in $ in 1992 | G57: Continuous | H57: 0 | I57: 9999999 | J57: 1992 | K57: 1992 | L57: 1
B58: Section G: Questions about last job for people, who are no longer working
B59: Section H: Questions about the person's job history
B60: V5025 | C60: Not counting IRA, Keogh, or any pension fund assets that you [and your (husband/wife/partner)] may have, roughly how much savings and reserve funds do you expect to have accumulated by the time you decide to retire? | D60: Stock | E60: Gross | F60: Price in $ in 1992 | G60: Continuous | H60: 0 | I60: 9999999 | J60: 1992 | K60: 1992 | L60: 1 | M60: Follow up questions: V5026-V5029
A61: 1 | B61: V5202 | C61: If you sold all that and paid off any debts on it, how much would you get? [IMPUTED] | D61: Stock | E61: Gross | F61: Price in $ in 1992 | G61: Continuous | H61: 0 | I61: 9999999 | J61: 1992 | K61: 1992 | L61: 1 | M61: Follow up questions: V5203-V5207
B62: V5208 | C62: Do you [or your (husband/wife/partner)] own part or all of a business? [IMPUTED] | D62: Stock | E62: NA | F62: NA | G62: Categorical | H62: NA | I62: NA | J62: 1992 | K62: 1992 | L62: 1
B63: V5209 | C63: If you sold (all of) the business(es) and paid off any debts on (it/them), how much would you get? [IMPUTED] | D63: Stock | E63: Gross | F63: Price in $ in 1992 | G63: Continuous | H63: 0 | I63: 9999999 | J63: 1992 | K63: 1992 | L63: 1 | M63: Follow up questions: V5210-V5211
B64: V5212 | C64: Do you [or your (husband/wife/partner)] have any individual Retirement Accounts, that is, IRA or Keogh accounts? [IMPUTED] | D64: Stock | E64: NA | F64: NA | G64: Categorical | H64: NA | I64: NA | J64: 1992 | K64: 1992 | L64: 1
A65: 1 | B65: V5213 | C65: How much in total is in all those accounts? | D65: Stock | E65: Gross | F65: Price in $ in 1992 | G65: Continuous | H65: 0 | I65: 9999999 | J65: 1992 | K65: 1992 | L65: 1
B66: V5216 | C66: How much did you put into (this/these) account(s) last year, 1991? | D66: Stock | E66: Gross | F66: Price in $ in 1992 | G66: Continuous | H66: 0 | I66: 9999999 | J66: 1992 | K66: 1992 | L66: 1
B67: V5218 | C67: If you sold all that and paid off anything you owed on it, how much would you have? | D67: Stock | E67: Gross | F67: Price in $ in 1992 | G67: Continuous | H67: 0 | I67: 9999999 | J67: 1992 | K67: 1992 | L67: 1
B68: V5221 | C68: Do you [or your (husband/wife/partner)] have any money in checking or savings accounts, or money market funds? [IMPUTED] | D68: Stock | E68: NA | F68: NA | G68: Categorical | H68: NA | I68: NA | J68: 1992 | K68: 1992 | L68: 1
B69: V5222 | C69: If you added up all such accounts [for you and your (husband/wife/partner)], about how much would they amount to right now? [IMPUTED] | D69: Stock | E69: Gross | F69: Price in $ in 1992 | G69: Continuous | H69: 0 | I69: 9999999 | J69: 1992 | K69: 1992 | L69: 1
B70: V5225 | C70: Do you [or your (husband/wife/partner)] have any money in certificates of deposit, government savings bonds, or Treasury bills? [IMPUTED] | D70: Stock | E70: NA | F70: NA | G70: Categorical | H70: NA | I70: NA | J70: 1992 | K70: 1992 | L70: 1
B71: V5226 | C71: If you added up all such accounts [for you and your (husband/wife/partner)], about how much would they amount to right now? [IMPUTED] | D71: Stock | E71: Gross | F71: Price in $ in 1992 | G71: Continuous | H71: 0 | I71: 9999999 | J71: 1992 | K71: 1992 | L71: 1
B72: V5229 | C72: Do you [or your (husband/wife/partner)] have any corporate, municipal, government, or foreign bonds, or any bond funds? [IMPUTED] | D72: Stock | E72: NA | F72: NA | G72: Categorical | H72: NA | I72: NA | J72: 1992 | K72: 1992 | L72: 1
B73: V5230 | C73: If you sold all those bonds or bond funds and paid off anything you owed on them, how much would you have? | D73: Stock | E73: Gross | F73: Price in $ in 1992 | G73: Continuous | H73: 0 | I73: 9999999 | J73: 1992 | K73: 1992 | L73: 1
B74: V5233 | C74: Do you [or your (husband/wife/partner)] have any other savings or assets, such as money owed to you by others, a valuable collection for investment purposes, an annuity, or rights in a trust or estate that you haven't already told me about? [NOTE: Exclude the cash value of any life insurance policies.] [IMPUTED] | D74: Stock | E74: NA | F74: NA | G74: Categorical | H74: NA | I74: NA | J74: 1992 | K74: 1992 | L74: 1
B75: V5234 | C75: If you sold all that and paid off any debts on it, how much would you have? | D75: Stock | E75: Gross | F75: Price in $ in 1992 | G75: Continuous | H75: 0 | I75: 9999999 | J75: 1992 | K75: 1992 | L75: 1
B76: V5237 | C76: And do you [or your (husband/wife/partner)] have any debts that we haven't asked about, such as credit card balances, medical debts, life insurance policy loans, loans from relatives, and so forth? [IMPUTED] | D76: Stock | E76: NA | F76: NA | G76: Categorical | H76: NA | I76: NA | J76: 1992 | K76: 1992 | L76: 1
B77: V5238 | C77: About how much would that amount to? | D77: Stock | E77: Gross | F77: Price in $ in 1992 | G77: Continuous | H77: 0 | I77: 9999999 | J77: 1992 | K77: 1992 | L77: 1
B78: V5301 | C78: Have you [or your (husband/wife/partner)] ever received an inheritance, or been given substantial assets in the form of a trust? | D78: Stock | E78: NA | F78: NA | G78: Categorical | H78: NA | I78: NA | J78: 1992 | K78: 1992 | L78: 1
B79: V5302 | C79: How many of these (inheritance/trust) have you [or your (husband/wife/partner)] ever received? | D79: Stock | E79: NA | F79: NA | G79: Categorical | H79: 0 | I79: 8 | J79: 1992 | K79: 1992 | L79: 1
B80: V5307/V5313/V5319 | C80: About how much was it worth at that time? | D80: Stock | E80: Gross | F80: Price in $ in 1992 | G80: Continuous | H80: 0 | I80: 9999999 | J80: 1992 | K80: 1992 | L80: 1
B81: V5321 | C81: How much altogether was the money value of any other inheritances or trusts you [or your (husband/wife/partner)] have received | D81: Stock | E81: Gross | F81: Price in $ in 1992 | G81: Continuous | H81: 0 | I81: 9999999 | J81: 1992 | K81: 1992 | L81: 1
B82: V5322 | C82: Excluding inheritances and trusts, have you [or your (husband/wife/partner)] ever received money or assets totaling $10,000 or more from relatives? | D82: Stock | E82: NA | F82: NA | G82: Categorical | H82: NA | I82: NA | J82: 1992 | K82: 1992 | L82: 1 | M82: Follow up questions: V5323-V5336
B83: V5337 | C83: Excluding inheritances and trusts, have you [or your (husband/wife/partner)] ever received $10,000 or more as the beneficiary of a life insurance settlement? | D83: Stock | E83: NA | F83: NA | G83: Categorical | H83: NA | I83: NA | J83: 1992 | K83: 1992 | L83: 1 | M83: Follow up questions: V5338-V5348
A84: 1 | B84: V5351 | C84: Net Worth: Housing Equity | D84: Stock | E84: Gross | F84: Price in $ in 1992 | G84: Continuous | H84: 0 | I84: 9999999 | J84: 1992 | K84: 1992 | L84: 1
A85: 1 | B85: V5352 | C85: Net Worth: Non-Housing Equity | D85: Stock | E85: Gross | F85: Price in $ in 1992 | G85: Continuous | H85: 0 | I85: 9999999 | J85: 1992 | K85: 1992 | L85: 1
A86: 1 | B86: V5353 | C86: Net Worth: Vehicles | D86: Stock | E86: Gross | F86: Price in $ in 1992 | G86: Continuous | H86: 0 | I86: 9999999 | J86: 1992 | K86: 1992 | L86: 1
A87: 1 | B87: V5355 | C87: Net Worth: IRA and KEOGH | D87: Stock | E87: Gross | F87: Price in $ in 1992 | G87: Continuous | H87: 0 | I87: 9999999 | J87: 1992 | K87: 1992 | L87: 1
A88: 1 | B88: V5356 | C88: Net Worth: Stocks and Mutual Funds | D88: Stock | E88: Gross | F88: Price in $ in 1992 | G88: Continuous | H88: 0 | I88: 9999999 | J88: 1992 | K88: 1992 | L88: 1
A89: 1 | B89: V5357 | C89: Net Worth: Business Equity | D89: Stock | E89: Gross | F89: Price in $ in 1992 | G89: Continuous | H89: 0 | I89: 9999999 | J89: 1992 | K89: 1992 | L89: 1
A90: 1 | B90: V5358 | C90: Net Worth: Bonds | D90: Stock | E90: Gross | F90: Price in $ in 1992 | G90: Continuous | H90: 0 | I90: 9999999 | J90: 1992 | K90: 1992 | L90: 1
A91: 1 | B91: V5359 | C91: Net Worth: Other Assets | D91: Stock | E91: Gross | F91: Price in $ in 1992 | G91: Continuous | H91: 0 | I91: 9999999 | J91: 1992 | K91: 1992 | L91: 1
A92: 1 | B92: V5360 | C92: Net Worth: Other Debts | D92: Stock | E92: Gross | F92: Price in $ in 1992 | G92: Continuous | H92: 0 | I92: 9999999 | J92: 1992 | K92: 1992 | L92: 1
A93: 1 | B93: V5361 | C93: Net Worth: Other Real Estate | D93: Stock | E93: Gross | F93: Price in $ in 1992 | G93: Continuous | H93: 0 | I93: 9999999 | J93: 1992 | K93: 1992 | L93: 1
A94: 1 | B94: V5362 | C94: Net Worth: Total Net Worth | D94: Stock | E94: Gross | F94: Price in $ in 1992 | G94: Continuous | H94: 0 | I94: 9999999 | J94: 1992 | K94: 1992 | L94: 1
B95: V5402 | C95: N2a/N4a.Wage or salary income from working on any job? | D95: Flow | E95: NA | F95: NA | G95: Categorical | H95: NA | I95: NA | J95: 1992 | K95: 1992 | L95: 1
B96: V5403 | C96: How much did you receive in 1991, before taxes and other deductions? | D96: Flow | E96: Gross | F96: Price in $ in 1991 | G96: Continuous | H96: 0 | I96: 9999999 | J96: 1992 | K96: 1992 | L96: 1
B97: V5404 | C97: Did your (husband/ wife/ partner) receive any ...[IMPUTED] | D97: Flow | E97: NA | F97: NA | G97: Categorical | H97: NA | I97: NA | J97: 1992 | K97: 1992 | L97: 1
B98: V5405 | C98: How much did (he/she) receive in 1991? [IMPUTED] | D98: Flow | E98: Gross | F98: Price in $ in 1991 | G98: Continuous | H98: 0 | I98: 9999999 | J98: 1992 | K98: 1992 | L98: 1
B99: V5406 | C99: N2b/N4b.Bonuses, overtime, tips, or commissions? | D99: Flow | E99: NA | F99: NA | G99: Categorical | H99: NA | I99: NA | J99: 1992 | K99: 1992 | L99: 1
B100: V5407 | C100: How much did you receive in 1991, before taxes and other deductions? [IMPUTED] (refers to V5406) | D100: Flow | E100: Gross | F100: Price in $ in 1991 | G100: Continuous | H100: 0 | I100: 9999999 | J100: 1992 | K100: 1992 | L100: 1
...

Sheet ISSP
A1: Important | B1: Mnemonic | C1: Mnemonic description | D1: Type (Flow/stock) | E1: Gross/net | F1: Index | G1: Values | H1: Min | I1: Max | J1: Year_start | K1: Year_end | L1: Year_count | M1: Comments
B2: V44 | C2: Groups tending towards top+bottom. Where would you put yourself on this scale | D2: Other | E2: NA | F2: NA | G2: Continuous | H2: 1 | I2: 10 | J2: 2009 | K2: 2009 | L2: 1
B3: V45 | C3: Where did the family that you grew up in, fit in then? | D3: Other | E3: NA | F3: NA | G3: Continuous | H3: 1 | I3: 10 | J3: 2009 | K3: 2009 | L3: 1 | M3: There are questions on type of job as well
B4: V66 | C4: Which social class would you say you belong to? | D4: Other | E4: NA | F4: NA | G4: Continuous | H4: 1 | I4: 10 | J4: 2009 | K4: 2009 | L4: 1
A5: 1 | B5: V67 | C5: How much money would be left if the home you and your family live in was sold without any debts? | D5: Stock | E5: Gross | F5: National currency of the country | G5: Categorical | H5: Just debts | I5: More than 1.200.000 EUR (or other currency) | J5: 2009 | K5: 2009 | L5: 1
A6: 1 | B6: V68 | C6: About how much money would be left if you and/or your immediate family converted to cash all savings? | D6: Stock | E6: Gross | F6: National currency of the country | G6: Categorical | H6: Just debts | I6: More than 1.000.000 EUR (or other currency) | J6: 2009 | K6: 2009 | L6: 1
A7: 1 | B7: AR_RINC | C7: R: Earnings: Argentina | D7: Flow | E7: ARS per month | F7: Net | G7: Continuous | H7: 0 | I7: 14000 | J7: 2009 | K7: 2009 | L7: 1 | M7: Argentina only. There is a separate variable for each country. The variable differs by country, and some countries are coded on a categorical scale, while others are continuous. In the same way, some are net, while others are gross.
A8: 1 | B8: AR_INC | C8: Family income: Argentina | D8: Flow | E8: ARS per month | F8: Net | G8: Continuous | H8: 0 | I8: 30000 | J8: 2009 | K8: 2009 | L8: 1 | M8: Argentina only. There is a separate variable for each country. The variable differs by country, and some countries are coded on a categorical scale, while others are continuous. In the same way, some are net, while others are gross.
B10: Background variable
B11: V4 | C11: Country/Sample | D11: Other | E11: NA | F11: NA | G11: Categorical | H11: NA | I11: NA | J11: 2009 | K11: 2009 | L11: 1
B12: V64 | C12: In your current job, for whom do you work? | D12: Other | E12: NA | F12: NA | G12: Categorical | H12: NA | I12: NA | J12: 2009 | K12: 2009 | L12: 1
B13: V65 | C13: And in your current job, what is your main occupation? | D13: Other | E13: NA | F13: NA | G13: Categorical | H13: NA | I13: NA | J13: 2009 | K13: 2009 | L13: 1
B14: V72 | C14: And which type of job do you have now in your current or last job? | D14: Other | E14: NA | F14: NA | G14: Categorical | H14: NA | I14: NA | J14: 2009 | K14: 2009 | L14: 1
B15: SEX | C15: Sex of Respondent | D15: Other | E15: NA | F15: NA | G15: Categorical | H15: NA | I15: NA | J15: 2009 | K15: 2009 | L15: 1
B16: AGE | C16: Age of Respondent | D16: Other | E16: NA | F16: NA | G16: Continuous | H16: 16 | I16: 98 | J16: 2009 | K16: 2009 | L16: 1
B17: WRKST | C17: Current employment status | D17: Other | E17: NA | F17: NA | G17: Categorical | H17: NA | I17: NA | J17: 2009 | K17: 2009 | L17: 1
B18: ISCO88 | C18: Occupation ILO,ISCO | D18: Other | E18: NA | F18: NA | G18: Categorical | H18: NA | I18: NA | J18: 2009 | K18: 2009 | L18: 1 | M18: Also for spouse
B19: HOMPOP | C19: How many persons in household | D19: Other | E19: NA | F19: NA | G19: Continuous | H19: 1 | I19: 44 | J19: 2009 | K19: 2009 | L19: 1
B20: AR_REG | C20: Region: Argentina | D20: Other | E20: NA | F20: NA | G20: Categorical | H20: NA | I20: NA | J20: 2009 | K20: 2009 | L20: 1 | M20: Argentina only. A specific question for each country in the survey. Mostly around 6-9 regions per country, but varies by quite a bit. France has 95, Iceland 2

Sheet KLIPS
A1: Important | B1: Mnemonic | C1: Mnemonic description | D1: Type (Flow/stock) | E1: Gross/net | F1: Index | G1: Values | H1: Min | I1: Max | J1: Year_start | K1: Year_end | L1: Year_count | M1: Comments
B2: Household survey
B3: h__1406 | C3: ownership of home | D3: Stock | E3: NA | F3: NA | G3: Categorical | H3: NA | I3: NA | J3: 1998 | K3: 2016 | L3: 18 | M3: Detailed questions on size and type of residence
A4: 1 | B4: h__1412 | C4: current monetary value of home (if owned) | D4: Stock | E4: Gross | F4: KRW 10,000 | G4: Continuous | H4: 0 | I4: No max | J4: 1998 | K4: 2016 | L4: 18
B5: h__1413 | C5: deposit | D5: Stock | E5: Gross | F5: KRW 10,000 | G5: Continuous | H5: 0 | I5: No max | J5: 1998 | K5: 2016 | L5: 18
B6: h__1414 | C6: monthly rent | D6: Flow | E6: Gross | F6: KRW 10,000 | G6: Continuous | H6: 0 | I6: No max | J6: 1998 | K6: 2016 | L6: 18
A7: 1 | B7: h__2102 | C7: (previous year) average total earnings for household | D7: Flow | E7: Net | F7: KRW 10,000 | G7: Continuous | H7: 0 | I7: No max | J7: 1998 | K7: 2016 | L7: 18
B8: h__2111 | C8: (previous year) existence of income from real estate | D8: Flow | E8: NA | F8: NA | G8: Categorical | H8: NA | I8: NA | J8: 1998 | K8: 2016 | L8: 18
A9: 1 | B9: h__2112 | C9: (previous year) financial income 1 - interest from savings in bank and other financial institutions (unit:10,000KRW/year) | D9: Flow | E9: Not specified | F9: KRW 10,000 | G9: Continuous | H9: 0 | I9: No max | J9: 1998 | K9: 2016 | L9: 18
B10: h__2113 | C10: (previous year) financial income 2 - interest from non-institutional financial products such as personal loans (unit:10,000KRW/year) | D10: Flow | E10: Not specified | F10: KRW 10,000 | G10: Continuous | H10: 0 | I10: No max | J10: 1999 | K10: 2016 | L10: 17
B11: h__2114 | C11: (previous year) financial income 3 - net gains from the sales of stocks (unit:10,000KRW/year) | D11: Flow | E11: Not specified | F11: KRW 10,000 | G11: Continuous | H11: 0 | I11: No max | J11: 1999 | K11: 2016 | L11: 17
B12: h__2115 | C12: (previous year) financial income 4 - dividends (unit:10,000KRW/ year) | D12: Flow | E12: Not specified | F12: KRW 10,000 | G12: Continuous | H12: 0 | I12: No max | J12: 1999 | K12: 2016 | L12: 17
B13: h__2116 | C13: (previous year) financial income 5 - other (unit:10,000KRW/ year) | D13: Flow | E13: Not specified | F13: KRW 10,000 | G13: Continuous | H13: 0 | I13: No max | J13: 1999 | K13: 2016 | L13: 17
B14: h__2121 | C14: (previous year) existence of income from real estate | D14: Flow | E14: NA | F14: NA | G14: Categorical | H14: NA | I14: NA | J14: 1998 | K14: 2016 | L14: 18
B15: h__2122 | C15: (previous year) real estate income 1 - net monthly rent(unit:10,000KRW/year) | D15: Flow | E15: Not specified | F15: KRW 10,000 | G15: Continuous | H15: 0 | I15: No max | J15: 1998 | K15: 2016 | L15: 18
B16: h__2123 | C16: (previous year) real estate income 2 - net gains from sales of real estate (unit:10,000KRW/year) | D16: Flow | E16: Not specified | F16: KRW 10,000 | G16: Continuous | H16: 0 | I16: No max | J16: 1999 | K16: 2016 | L16: 17
B17: h__2124 | C17: (previous year) real estate income 3 - other income from renting land or lot (unit:10,000KRW/year) | D17: Flow | E17: Not specified | F17: KRW 10,000 | G17: Continuous | H17: 0 | I17: No max | J17: 2000 | K17: 2016 | L17: 16
B18: h__2125 | C18: (previous year) real estate income 4 - a premium or key money (unit:10,000KRW/year) | D18: Flow | E18: Not specified | F18: KRW 10,000 | G18: Continuous | H18: 0 | I18: No max | J18: 2001 | K18: 2016 | L18: 15
B19: h__2126 | C19: (previous year) real estate income 5 - other (unit:10,000KRW/year) | D19: Flow | E19: Not specified | F19: KRW 10,000 | G19: Continuous | H19: 0 | I19: No max | J19: 1999 | K19: 2016 | L19: 17
B20: h__2131 | C20: (previous year) existence of recipient(s) of social insurance benefits in household | D20: Flow | E20: NA | F20: NA | G20: Categorical | H20: NA | I20: NA | J20: 1998 | K20: 2016 | L20: 18 | M20: Up to 5 receipients
B21: h__2134 | C21: amount of benefit from social insurance(unit:10,000KRW)-1 | D21: Flow | E21: Not specified | F21: KRW 10,000 | G21: Continuous | H21: 0 | I21: No max | J21: 1998 | K21: 2016 | L21: 18 | M21: Up to 5 receipients
B22: h__2151 | C22: (previous year) existence of transfer income | D22: Flow | E22: NA | F22: NA | G22: Categorical | H22: NA | I22: NA | J22: 1998 | K22: 2016 | L22: 18
B23: h__2155 | C23: (previous year) transfer income 3 - support from social groups (unit:10,000KRW/year) | D23: Flow | E23: Not specified | F23: KRW 10,000 | G23: Continuous | H23: 0 | I23: No max | J23: 1999 | K23: 2016 | L23: 17
B24: h__2156 | C24: (previous year) transfer income 4 - support from relatives (unit:10,000KRW/year) | D24: Flow | E24: Not specified | F24: KRW 10,000 | G24: Continuous | H24: 0 | I24: No max | J24: 1999 | K24: 2016 | L24: 17
B25: h__2157 | C25: (previous year) transfer income 4 - support from parents (including spouse's) who live separately (unit:10,000KRW/year) | D25: Flow | E25: Not specified | F25: KRW 10,000 | G25: Continuous | H25: 0 | I25: No max | J25: 2007 | K25: 2016 | L25: 9
B26: h__2158 | C26: (previous year) transfer income 5 - support from children who live separately (KRW 10,000) | D26: Flow | E26: Not specified | F26: KRW 10,000 | G26: Continuous | H26: 0 | I26: No max | J26: 2007 | K26: 2016 | L26: 9
B27: h__2159 | C27: (previous year) transfer income 6 - support from other relatives (KRW 10,000) | D27: Flow | E27: Not specified | F27: KRW 10,000 | G27: Continuous | H27: 0 | I27: No max | J27: 2007 | K27: 2016 | L27: 9
B28: h__2160 | C28: (previous year) transfer income 7 - other (KRW 10,000) | D28: Flow | E28: Not specified | F28: KRW 10,000 | G28: Continuous | H28: 0 | I28: No max | J28: 1999 | K28: 2016 | L28: 17
B29: h__2181 | C29: (previous year) existence of income from any other sources | D29: Flow | E29: NA | F29: NA | G29: Categorical | H29: NA | I29: NA | J29: 1998 | K29: 2016 | L29: 18
B30: h__2182 | C30: (previous year) other income (KRW 10,000) | D30: Flow | E30: Not specified | F30: KRW 10,000 | G30: Continuous | H30: 0 | I30: No max | J30: 1999 | K30: 2008 | L30: 9
B31: h__2183 | C31: (previous year) other income source 1 - insurance - payments received due to illness or accident (unit:10,000KRW/year) | D31: Flow | E31: Not specified | F31: KRW 10,000 | G31: Continuous | H31: 0 | I31: No max | J31: 2008 | K31: 2016 | L31: 8
B32: h__2184 | C32: (previous year) other income source 2 - insurance - refunds from cancellation or payments due to expiration (unit:10,000KRW/year) | D32: Flow | E32: Not specified | F32: KRW 10,000 | G32: Continuous | H32: 0 | I32: No max | J32: 2008 | K32: 2016 | L32: 8
B33: h__2185 | C33: (previous year) other income source 3 - insurance - life insurance (unit:10,000KRW/year) | D33: Flow | E33: Not specified | F33: KRW 10,000 | G33: Continuous | H33: 0 | I33: No max | J33: 2008 | K33: 2016 | L33: 8
B34: h__2186 | C34: (previous year) other income source 4 - retirement allowance (unit:10,000KRW/year) | D34: Flow | E34: Not specified | F34: KRW 10,000 | G34: Continuous | H34: 0 | I34: No max | J34: 1999 | K34: 2016 | L34: 17
B35: h__2187 | C35: (previous year) other income source 5 - donation/ inheritance (unit:10,000KRW/year) | D35: Flow | E35: Not specified | F35: KRW 10,000 | G35: Continuous | H35: 0 | I35: No max | J35: 2001 | K35: 2016 | L35: 15
B36: h__2188 | C36: (previous year) other income source 6 - congratulatory/ condolence money (unit:10,000KRW/year) | D36: Flow | E36: Not specified | F36: KRW 10,000 | G36: Continuous | H36: 0 | I36: No max | J36: 2008 | K36: 2016 | L36: 8
B37: h__2189 | C37: (previous year) other income source 7 - winnings from lottery/ raffles/ horseracing bets (unit:10,000KRW/year) | D37: Flow | E37: Not specified | F37: KRW 10,000 | G37: Continuous | H37: 0 | I37: No max | J37: 2008 | K37: 2016 | L37: 8
B38: h__2190 | C38: (previous year) other income source 8 - compensatory payments due to traffic accidents or natural disasters (unit:10,000KRW/year) | D38: Flow | E38: Not specified | F38: KRW 10,000 | G38: Continuous | H38: 0 | I38: No max | J38: 2008 | K38: 2016 | L38: 8
B39: h__2191 | C39: (previous year) other income source 9 - other (unit:10,000KRW/year) | D39: Flow | E39: Not specified | F39: KRW 10,000 | G39: Continuous | H39: 0 | I39: No max | J39: 1999 | K39: 2016 | L39: 17
B40: h__2201 | C40: (previous month) 1. earned income | D40: Flow | E40: NA | F40: NA | G40: Categorical | H40: NA | I40: NA | J40: 2002 | K40: 2016 | L40: 14
B41: h__2202 | C41: (previous month) 1. amount of earned income (unit:10,000KRW/month) | D41: Flow | E41: Not specified | F41: KRW 10,000/month | G41: Continuous | H41: 0 | I41: No max | J41: 2002 | K41: 2016 | L41: 14
B42: h__2203 | C42: (previous month) 2. financial income | D42: Flow | E42: NA | F42: NA | G42: Categorical | H42: NA | I42: NA | J42: 2002 | K42: 2016 | L42: 14
B43: h__2204 | C43: (previous month) 2. amount of financial income (unit:10,000KRW/month) | D43: Flow | E43: Not specified | F43: KRW 10,000/month | G43: Continuous | H43: 0 | I43: No max | J43: 2002 | K43: 2016 | L43: 14
B44: h__2205 | C44: (previous month) 3. real estate income | D44: Flow | E44: NA | F44: NA | G44: Categorical | H44: NA | I44: NA | J44: 2002 | K44: 2016 | L44: 14
B45: h__2206 | C45: (previous month) 3. amount of real estate income (unit:10,000KRW/month) | D45: Flow | E45: Not specified | F45: KRW 10,000/month | G45: Continuous | H45: 0 | I45: No max | J45: 2002 | K45: 2016 | L45: 14
B46: h__2207 | C46: (previous month) 4. social security/ pension payments | D46: Flow | E46: NA | F46: NA | G46: Categorical | H46: NA | I46: NA | J46: 2002 | K46: 2016 | L46: 14
B47: h__2208 | C47: (previous month) 4. amount of social security/ pension payments (unit:10,000KRW/month) | D47: Flow | E47: Not specified | F47: KRW 10,000/month | G47: Continuous | H47: 0 | I47: No max | J47: 2002 | K47: 2016 | L47: 14
B48: h__2209 | C48: (previous month) 5. transfer income other than social security/ pension payments | D48: Flow | E48: NA | F48: NA | G48: Categorical | H48: NA | I48: NA | J48: 2002 | K48: 2016 | L48: 14
B49: h__2210 | C49: (previous month) 5. amount of transfer income other than social security/ pension payments (unit:10,000KRW/month) | D49: Flow | E49: Not specified | F49: KRW 10,000/month | G49: Continuous | H49: 0 | I49: No max | J49: 2002 | K49: 2016 | L49: 14
B50: h__2211 | C50: (previous month) 6. other income | D50: Flow | E50: NA | F50: NA | G50: Categorical | H50: NA | I50: NA | J50: 2002 | K50: 2016 | L50: 14
B51: h__2212 | C51: (previous month) 6. amount of other income (unit:10,000KRW/month) | D51: Flow | E51: Not specified | F51: KRW 10,000/month | G51: Continuous | H51: 0 | I51: No max | J51: 2002 | K51: 2016 | L51: 14
B52: h__2401 | C52: (previous year) existence of savings | D52: Stock | E52: NA | F52: NA | G52: Categorical | H52: NA | I52: NA | J52: 1998 | K52: 2016 | L52: 18
B53: h__2402 | C53: (previous year) average monthly savings(unit:10,000KRW) | D53: Stock | E53: Not specified | F53: KRW 10,000/month | G53: Continuous | H53: 0 | I53: No max | J53: 1998 | K53: 2016 | L53: 18
B54: h__2411 | C54: (previous year) existence - savings in bank | D54: Stock | E54: NA | F54: NA | G54: Categorical | H54: NA | I54: NA | J54: 2001 | K54: 2016 | L54: 15
B55: h__2412 | C55: (previous year) amount(unit:10,000KRW) - savings in bank | D55: Stock | E55: Not specified | F55: KRW 10,000/month | G55: Continuous | H55: 0 | I55: No max | J55: 2001 | K55: 2016 | L55: 15
B56: h__2413 | C56: (previous year) existence - individual pension accounts (excluding national pension) | D56: Stock | E56: NA | F56: NA | G56: Categorical | H56: NA | I56: NA | J56: 2001 | K56: 2016 | L56: 15
B57: h__2414 | C57: (previous year) amount(unit:10,000KRW) - individual pension accounts (excluding national pension) | D57: Stock | E57: Not specified | F57: KRW 10,000/month | G57: Continuous | H57: 0 | I57: No max | J57: 2001 | K57: 2016 | L57: 15
B58: h__2415 | C58: (previous year) existence - compensation-type insurance (e.g., accident or injury insurance) | D58: Stock | E58: NA | F58: NA | G58: Categorical | H58: NA | I58: NA | J58: 2001 | K58: 2016 | L58: 15
B59: h__2416 | C59: (previous year) amount(unit:10,000KRW) - compensation-type insurance (e.g., accident or injury insurance) | D59: Stock | E59: Not specified | F59: KRW 10,000/month | G59: Continuous | H59: 0 | I59: No max | J59: 2001 | K59: 2016 | L59: 15
B60: h__2417 | C60: (previous year) existence - life insurance | D60: Stock | E60: NA | F60: NA | G60: Categorical | H60: NA | I60: NA | J60: 2001 | K60: 2016 | L60: 15
B61: h__2418 | C61: (previous year) amount(unit:10,000KRW) - life insurance | D61: Stock | E61: Not specified | F61: KRW 10,000/month | G61: Continuous | H61: 0 | I61: No max | J61: 2006 | K61: 2016 | L61: 10
B62: h__2425 | C62: (previous year) existence - mutual fund/ monthly investment plan | D62: Stock | E62: NA | F62: NA | G62: Categorical | H62: NA | I62: NA | J62: 2006 | K62: 2016 | L62: 10
B63: h__2426 | C63: (previous year) amount(unit:10,000KRW) - mutual fund/ monthly investment plan | D63: Stock | E63: Not specified | F63: KRW 10,000/month | G63: Continuous | H63: 0 | I63: No max | J63: 2007 | K63: 2016 | L63: 9
B64: h__2419 | C64: (previous year) existence - savings-type insurance (e.g., insurance as an investment, educational insurance) | D64: Stock | E64: NA | F64: NA | G64: Categorical | H64: NA | I64: NA | J64: 2007 | K64: 2016 | L64: 9
B65: h__2420 | C65: (previous year) amount(unit:10,000KRW) - savings-type insurance (e.g., insurance as an investment, educational insurance) | D65: Stock | E65: Not specified | F65: KRW 10,000/month | G65: Continuous | H65: 0 | I65: No max | J65: 2001 | K65: 2016 | L65: 15
B66: h__2421 | C66: (previous year) existence - 'Gye' (private mutual savings club) | D66: Stock | E66: NA | F66: NA | G66: Categorical | H66: NA | I66: NA | J66: 2001 | K66: 2016 | L66: 15
B67: h__2422 | C67: (previous year) amount(unit:10,000KRW) - 'Gye' (private mutual savings club) | D67: Stock | E67: Not specified | F67: KRW 10,000/month | G67: Continuous | H67: 0 | I67: No max | J67: 2001 | K67: 2016 | L67: 15
B68: h__2423 | C68: (previous year) existence - other | D68: Stock | E68: NA | F68: NA | G68: Categorical | H68: NA | I68: NA | J68: 2001 | K68: 2016 | L68: 15
B69: h__2424 | C69: (previous year) amount(unit:10,000KRW) - other | D69: Stock | E69: Not specified | F69: KRW 10,000/month | G69: Continuous | H69: 0 | I69: No max | J69: 2001 | K69: 2016 | L69: 15
B70: h__2501 | C70: (at time of interview) own real estate or property other than current dwelling | D70: Stock | E70: NA | F70: NA | G70: Categorical | H70: NA | I70: NA | J70: 1999 | K70: 2016 | L70: 17 | M70: Type is also specified
A71: 1 | B71: h__2513 | C71: (at time of interview) current market value of real estate or property(unit:10,000KRW) | D71: Stock | E71: Gross | F71: KRW10,000 | G71: Continuous | H71: 0 | I71: No max | J71: 1999 | K71: 2016 | L71: 17
A72: 1 | B72: h__2523 | C72: (at time of interview) total amount of deposit(unit:10,000KRW) | D72: Stock | E72: Gross | F72: KRW10,000 | G72: Continuous | H72: 0 | I72: No max | J72: 1999 | K72: 2016 | L72: 17 | M72: One out of many questions on renting out the property
B73: h__2561 | C73: (at time of interview) savings 1 - existence of savings in bank | D73: Stock | E73: NA | F73: NA | G73: Categorical | H73: NA | I73: NA | J73: 1999 | K73: 2016 | L73: 17
A74: 1 | B74: h__2562 | C74: (at time of interview) savings 1 - total amount of savings in bank(unit:10,000KRW) | D74: Stock | E74: Gross | F74: KRW10,000 | G74: Continuous | H74: 0 | I74: No max | J74: 1999 | K74: 2016 | L74: 17
B75: h__2563 | C75: (at time of interview) savings 2 - existence of stock,bond,trust | D75: Stock | E75: NA | F75: NA | G75: Categorical | H75: NA | I75: NA | J75: 1999 | K75: 2016 | L75: 17
A76: 1 | B76: h__2564 | C76: (at time of interview) savings 2 - total amount of stock,bond,trust(unit:10,000KRW) | D76: Stock | E76: Gross | F76: KRW10,000 | G76: Continuous | H76: 0 | I76: No max | J76: 1999 | K76: 2016 | L76: 17
B77: h__2565 | C77: (at time of interview) savings 3 - existence of saving-type insurance | D77: Stock | E77: NA | F77: NA | G77: Categorical | H77: NA | I77: NA | J77: 1999 | K77: 2016 | L77: 17
B78: h__2566 | C78: (at time of interview) savings 3 - total amount of saving-type insurance(unit:10,000KRW) | D78: Stock | E78: Gross | F78: KRW10,000 | G78: Continuous | H78: 0 | I78: No max | J78: 1999 | K78: 2016 | L78: 17
B79: h__2567 | C79: (at time of interview) savings 4 - existence of Gye | D79: Stock | E79: NA | F79: NA | G79: Categorical | H79: NA | I79: NA | J79: 1999 | K79: 2016 | L79: 17
B80: h__2568 | C80: (at time of interview) savings 4 - total amount of Gye (unit:10,000KRW) | D80: Stock | E80: Gross | F80: KRW10,000 | G80: Continuous | H80: 0 | I80: No max | J80: 1999 | K80: 2016 | L80: 17
B81: h__2569 | C81: (at time of interview) savings 5 - existence of personal loans to friends or relatives | D81: Stock | E81: NA | F81: NA | G81: Categorical | H81: NA | I81: NA | J81: 1999 | K81: 2016 | L81: 17
B82: h__2570 | C82: (at time of interview) savings 5 - total amount of personal loans to friends or relatives(unit:10,000KRW) | D82: Stock | E82: Gross | F82: KRW10,000 | G82: Continuous | H82: 0 | I82: No max | J82: 1999 | K82: 2016 | L82: 17
B83: h__2571 | C83: (at time of interview) savings 6 - existence of other financial assets | D83: Stock | E83: NA | F83: NA | G83: Categorical | H83: NA | I83: NA | J83: 1999 | K83: 2016 | L83: 17
B84: h__2572 | C84: (at time of interview) savings 6 - total amount of other financial assets (unit:10,000KRW) | D84: Stock | E84: Gross | F84: KRW10,000 | G84: Continuous | H84: 0 | I84: No max | J84: 1999 | K84: 2016 | L84: 17
A85: 1 | B85: h__2601 | C85: (at time of interview) debt 1 - debt from bank and other financial institutions | D85: Stock | E85: NA | F85: NA | G85: Categorical | H85: NA | I85: NA | J85: 1998 | K85: 2016 | L85: 18
B86: h__2602 | C86: (at time of interview) debt 1 - balance of debt from bank and other financial institutions (unit:10,000KRW) | D86: Stock | E86: Gross | F86: KRW10,000 | G86: Continuous | H86: 0 | I86: No max | J86: 1998 | K86: 2016 | L86: 18
B87: h__2604 | C87: (at time of interview) debt 2 - debt from non-financial institutions | D87: Stock | E87: NA | F87: NA | G87: Categorical | H87: NA | I87: NA | J87: 1999 | K87: 2016 | L87: 17
B88: h__2605 | C88: (at time of interview) debt 2 - balance of debt from non-financial institutions (unit:10,000KRW) | D88: Stock | E88: Gross | F88: KRW10,000 | G88: Continuous | H88: 0 | I88: No max | J88: 1999 | K88: 2016 | L88: 17
B89: h__2607 | C89: (at time of interview) debt 3 - personal loans from others | D89: Stock | E89: NA | F89: NA | G89: Categorical | H89: NA | I89: NA | J89: 1999 | K89: 2016 | L89: 17
B90: h__2608 | C90: (at time of interview) debt 3 - balance of personal loans from others (unit: 10,000KRW) | D90: Stock | E90: Gross | F90: KRW10,000 | G90: Continuous | H90: 0 | I90: No max | J90: 1999 | K90: 2016 | L90: 17
B91: h__2610 | C91: (at time of interview) debt 4 - rents or deposits to pay back | D91: Stock | E91: NA | F91: NA | G91: Categorical | H91: NA | I91: NA | J91: 1999 | K91: 2016 | L91: 17
B92: h__2611 | C92: (at time of interview) debt 4 - balance of rents or deposits to pay back (unit:10,000KRW) | D92: Stock | E92: Gross | F92: KRW10,000 | G92: Continuous | H92: 0 | I92: No max | J92: 1999 | K92: 2016 | L92: 17
B93: h__2613 | C93: (at time of interview) debt 5 - 'Gye' money to pay (i.e., to compensate a lump sum received in advance) | D93: Stock | E93: NA | F93: NA | G93: Categorical | H93: NA | I93: NA | J93: 1999 | K93: 2016 | L93: 17
B94: h__2614 | C94: (at time of interview) debt 5 - balance of 'Gye' money to pay (unit:10,000KRW) | D94: Stock | E94: Gross | F94: KRW10,000 | G94: Continuous | H94: 0 | I94: No max | J94: 1999 | K94: 2016 | L94: 17
B95: h__2616 | C95: (at time of interview) debt 6 - other debts | D95: Stock | E95: NA | F95: NA | G95: Categorical | H95: NA | I95: NA | J95: 1999 | K95: 2016 | L95: 17
B96: h__2617 | C96: (at time of interview) debt 6 - balance from other debts (unit:10,000KRW) | D96: Stock | E96: Gross | F96: KRW10,000 | G96: Continuous | H96: 0 | I96: No max | J96: 1999 | K96: 2016 | L96: 17
B97: h__2651 | C97: (at time of interview) respondent owns car(s) | D97: Stock | E97: NA | F97: NA | G97: Categorical | H97: NA | I97: NA | J97: 2007 | K97: 2016
A98: 1 | B98: h__2653 | C98: (at time of interview) current market value of car(s) | D98: Stock | E98: Gross | F98: KRW10,000 | G98: Continuous | H98: 0 | I98: No max | J98: 2007 | K98: 2016
B99: h__2655 | C99: (at time of interview) price of car(s) bought last year | D99: Stock | E99: Gross | F99: KRW10,000 | G99: Continuous | H99: 0 | I99: No max | J99: 2007 | K99: 2016
B100: h__2661 | C100: (at time of interview) ownership of other property, other than vehicle (or house, I suppose) | D100: Stock | E100: NA | F100: NA | G100: Categorical | H100: NA | I100: NA | J100: 2007 | K100: 2016
...

Sheet L.A.FANS
A1: Important | B1: Mnemonic | C1: Mnemonic description | D1: Type (Flow/stock) | E1: Gross/net | F1: Index | G1: Values | H1: Min | I1: Max | J1: Year_start | K1: Year_end | L1: Year_count | M1: Comments
B2: Public use
A3: 1 | B3: HA2 | C3: HOW MUCH INCOME DID YOU RECEIVE OVERALL | D3: Flow | E3: Gross | F3: Prices in $ in 2000 | G3: Continuous | H3: 0 | I3: 150,000 (public data top-coded) | J3: 2000 | K3: 2000 | L3: 1
A4: 1 | B4: HA5 | C4: HOW MUCH INCOME DID SPOUSSE RECEIVE | D4: Flow | E4: Gross | F4: Prices in $ in 2000 | G4: Continuous | H4: 0 | I4: 150,000 (public data top-coded) | J4: 2000 | K4: 2000 | L4: 1
B5: HA15A-HA15L | C5: Whether respondent received income from a range of sources such as unemployment compensation, SSI and veterans payments. | D5: Flow | E5: NA | F5: NA | G5: Categorical | H5: NA | I5: NA | J5: 2000 | K5: 2000 | L5: 1
B6: HA18_1 | C6: IS HOUSE/APARTMENT RENTED OR OWNED | D6: Stock | E6: NA | F6: NA | G6: Categorical | H6: NA | I6: NA | J6: 2000 | K6: 2000 | L6: 1 | M6: Follow up questions on rent and ownership
B7: HA22 | C7: IS THERE A MORTGAGE/LOAN ON HOUSE/APT | D7: Stock | E7: NA | F7: NA | G7: Categorical | H7: NA | I7: NA | J7: 2000 | K7: 2000 | L7: 1 | M7: Detailed questions on mortgage and mortgage payment
A8: 1 | B8: HA25 | C8: HOW MUCH WOULD HOUSE SALE FOR TODAY | D8: Stock | E8: Gross | F8: Prices in $ in 2000 | G8: Categorical | H8: Less than $50,000 | I8: $800,000 or more | J8: 2000 | K8: 2000 | L8: 1 | M8: May be continuous. Detailed questions on the house
B9: HA33 | C9: DOES ANY HH MEMBR OWN OTH REAL ESTATE | D9: Stock | E9: NA | F9: NA | G9: Categorical | H9: NA | I9: NA | J9: 2000 | K9: 2000 | L9: 1
B10: HA53 | C10: CURRENT HAVE MONEY IN RETIREMT ACCT | D10: Stock | E10: NA | F10: NA | G10: Categorical | H10: NA | I10: NA | J10: 2000 | K10: 2000 | L10: 1 | M10: The questions are repeated for 2nd respondent. Mnemonic is the same with _B attached
B11: HA60 | C11: HAVE STOCK, MUTUAL FUNDS ETC. | D11: Stock | E11: NA | F11: NA | G11: Categorical | H11: NA | I11: NA | J11: 2000 | K11: 2000 | L11: 1 | M11: The questions are repeated for 2nd respondent. Mnemonic is the same with _B attached
B12: HA70 | C12: HAVE CHECKING, SAVINGS, MONEY MARKET | D12: Stock | E12: NA | F12: NA | G12: Categorical | H12: NA | I12: NA | J12: 2000 | K12: 2000 | L12: 1 | M12: The questions are repeated for 2nd respondent. Mnemonic is the same with _B attached
B13: HA75 | C13: DO ACCTS/MONEY MARKET PAY INTEREST | D13: Flow | E13: NA | F13: NA | G13: Categorical | H13: NA | I13: NA | J13: 2000 | K13: 2000 | L13: 1 | M13: The questions are repeated for 2nd respondent. Mnemonic is the same with _B attached
B14: HA80 | C14: OWN ONE OR MORE CARS | D14: Stock | E14: NA | F14: NA | G14: Categorical | H14: NA | I14: NA | J14: 2000 | K14: 2000 | L14: 1 | M14: The questions are repeated for 2nd respondent. Mnemonic is the same with _B attached
B15: HA81 | C15: OWN OTHER TYPES OF VEHICLES | D15: Stock | E15: NA | F15: NA | G15: Categorical | H15: NA | I15: NA | J15: 2000 | K15: 2000 | L15: 1 | M15: The questions are repeated for 2nd respondent. Mnemonic is the same with _B attached
B16: HA87 | C16: HAVE OTH SAVINGS OR ASSETS | D16: Stock | E16: NA | F16: NA | G16: Categorical | H16: NA | I16: NA | J16: 2000 | K16: 2000 | L16: 1 | M16: The questions are repeated for 2nd respondent. Mnemonic is the same with _B attached
B17: HA98 | C17: HOW MUCH OTH INCOME RECEIVED | D17: Flow | E17: Gross | F17: Prices in $ in 2000 | G17: Continuous | H17: 1 | I17: 40,000 (public data top-coded) | J17: 2000 | K17: 2000 | L17: 1 | M17: The questions are repeated for 2nd respondent. Mnemonic is the same with _B attached
B18: FAMEARN | C18: FAMILY EARNED INCOME | D18: Flow | E18: Gross | F18: Prices in $ in 2000 | G18: Continuous | H18: 1 | I18: 150,000 (public data top-coded) | J18: 2000 | K18: 2000 | L18: 1 | M18: The questions are repeated for 2nd respondent. Mnemonic is the same with _B attached
B19: ALLTRAN | C19: ALL TRANSFER INCOME | D19: Flow | E19: Gross | F19: Prices in $ in 2000 | G19: Continuous | H19: 1 | I19: 25,000 (public data top-coded) | J19: 2000 | K19: 2000 | L19: 1 | M19: The questions are repeated for 2nd respondent. Mnemonic is the same with _B attached
A20: 1 | B20: ASTINC | C20: ASSET INCOME | D20: Flow | E20: Gross | F20: Prices in $ in 2000 | G20: Continuous | H20: 1 | I20: 40,000 (public data top-coded) | J20: 2000 | K20: 2000 | L20: 1 | M20: The questions are repeated for 2nd respondent. Mnemonic is the same with _B attached
A21: 1 | B21: ASSETS | C21: TOTAL ASSET VALUE | D21: Stock | E21: Gross | F21: Prices in $ in 2000 | G21: Categorical | H21: 1 | I21: 100,000 or more (public data top-coded) | J21: 2000 | K21: 2000 | L21: 1 | M21: The questions are repeated for 2nd respondent. Mnemonic is the same with _B attached
B22: CHEARN | C22: TOTAL CHILD EARNINGS | D22: Flow | E22: Gross | F22: Prices in $ in 2000 | G22: Continuous | H22: 1 | I22: 10,000 (public data top-coded) | J22: 2000 | K22: 2000 | L22: 1 | M22: The questions are repeated for 2nd respondent. Mnemonic is the same with _B attached
B23: The questions are repeated for 2nd respondent. Mnemonic is the same with _B attached
B24: AF10_1R | C24: SPOUSE WAGE: RECODED | D24: Flow | E24: Gross | F24: Prices in $ in 2000 | G24: Continuous | H24: 0.01 | I24: 150,000 (public data top-coded) | J24: 2000 | K24: 2000 | L24: 1
B25: AF10_2 | C25: UNIT AMOUNT OF WHAT SP/PARTNR EARNS | D25: Flow | E25: NA | F25: NA | G25: Categorical | H25: NA | I25: NA | J25: 2000 | K25: 2000 | L25: 1
B26: Restricted use
B27: HA44 | C27: IF SOLD & DEBT PAID HOW MUCH YOU'D GET | D27: Stock | E27: Gross | F27: Prices in $ in 2000 | G27: Continuous | H27: 0 | I27: No max | J27: 2000 | K27: 2000 | L27: 1 | M27: The questions are repeated for 2nd respondent. Mnemonic is the same with _B attached
B28: HA49 | C28: HOW MUCH PROFIT RECEIVED FR/BUSINESS | D28: Flow | E28: Gross | F28: Prices in $ in 2000 | G28: Continuous | H28: 1 | I28: No max | J28: 2000 | K28: 2000 | L28: 1 | M28: The questions are repeated for 2nd respondent. Mnemonic is the same with _B attached
A29: 1 | B29: HA54 | C29: TOTAL AMOUNT IN IND RETIREMENT ACCT | D29: Stock | E29: Gross | F29: Prices in $ in 2000 | G29: Continuous | H29: 0 | I29: No max | J29: 2000 | K29: 2000 | L29: 1 | M29: The questions are repeated for 2nd respondent. Mnemonic is the same with _B attached
B30: HA61 | C30: IF SOLD HOW MUCH WOULD YOU HAVE (stocks) | D30: Stock | E30: Gross | F30: Prices in $ in 2000 | G30: Continuous | H30: 0 | I30: No max | J30: 2000 | K30: 2000 | L30: 1 | M30: The questions are repeated for 2nd respondent. Mnemonic is the same with _B attached
A31: 1 | B31: HA71 | C31: TOT AMT FR/CHECKG, SAVNGS, MNY MARKT | D31: Stock | E31: Gross | F31: Prices in $ in 2000 | G31: Continuous | H31: 0 | I31: No max | J31: 2000 | K31: 2000 | L31: 1 | M31: The questions are repeated for 2nd respondent. Mnemonic is the same with _B attached
A32: 1 | B32: HA82 | C32: VALUE OF CARS & OTHER VEHICLES | D32: Stock | E32: Gross | F32: Prices in $ in 2000 | G32: Continuous | H32: 0 | I32: No max | J32: 2000 | K32: 2000 | L32: 1 | M32: The questions are repeated for 2nd respondent. Mnemonic is the same with _B attached
B33: HA88 | C33: IF ASSETS SOLD HOW MUCH YOU'D HAVE | D33: Stock | E33: Gross | F33: Prices in $ in 2000 | G33: Continuous | H33: 0 | I33: No max | J33: 2000 | K33: 2000 | L33: 1 | M33: The questions are repeated for 2nd respondent. Mnemonic is the same with _B attached
B34: FAMEARN | C34: FAMILY EARNED INCOME: ACTUAL | D34: Flow | E34: Gross | F34: Prices in $ in 2000 | G34: Continuous | H34: 0 | I34: No max | J34: 2000 | K34: 2000 | L34: 1 | M34: The questions are repeated for 2nd respondent. Mnemonic is the same with _B attached
B35: ALLTRAN | C35: ALL TRANSFER INCOME: ACTUAL | D35: Flow | E35: Gross | F35: Prices in $ in 2000 | G35: Continuous | H35: 0 | I35: No max | J35: 2000 | K35: 2000 | L35: 1 | M35: The questions are repeated for 2nd respondent. Mnemonic is the same with _B attached
A36: 1 | B36: ASTINC | C36: ASSET INCOME: ACTUAL | D36: Flow | E36: Gross | F36: Prices in $ in 2000 | G36: Continuous | H36: 0 | I36: No max | J36: 2000 | K36: 2000 | L36: 1 | M36: The questions are repeated for 2nd respondent. Mnemonic is the same with _B attached
A37: 1 | B37: ASSETS | C37: TOTAL ASSET VALUE: ACTUAL | D37: Stock | E37: Gross | F37: Prices in $ in 2000 | G37: Continuous | H37: 0 | I37: No max | J37: 2000 | K37: 2000 | L37: 1 | M37: The questions are repeated for 2nd respondent. Mnemonic is the same with _B attached
B38: CHEARN | C38: TOTAL CHILD EARNINGS: ACTUAL | D38: Flow | E38: Gross | F38: Prices in $ in 2000 | G38: Continuous | H38: 0 | I38: No max | J38: 2000 | K38: 2000 | L38: 1 | M38: The questions are repeated for 2nd respondent. Mnemonic is the same with _B attached
B39: HA16A_2-HA16L_2 | C39: Amount of income from a range of sources such as unemployment compensation, SSI and veterans payments. | D39: Flow | E39: Gross | F39: Prices in $ in 2000 | G39: Continuous | H39: 0 | I39: No max | J39: 2000 | K39: 2000 | L39: 1 | M39: The questions are repeated for 2nd respondent. Mnemonic is the same with _B attached
B40: AF10_1 | C40: HOW MUCH DOES SPOUSE/PARTNER MAKE | D40: Flow | E40: Gross | F40: Prices in $ in 2000 | G40: Continuous | H40: 0 | I40: No max | J40: 2000 | K40: 2000 | L40: 1 | M40: The questions are repeated for 2nd respondent. Mnemonic is the same with _B attached
B41: There is a section on "Event history", which asks to all residences and jobs, including salary, the person has had
B43: Background variables
B44: HHID | C44: HOUSEHOLD IDENTIFIER | D44: Other | E44: NA | F44: NA | G44: Categorical | H44: NA | I44: NA | J44: 2000 | K44: 2000 | L44: 1
B45: TOTALHH | C45: NUMBER OF HOUSEHOLD MEMBERS | D45: Other | E45: NA | F45: NA | G45: Categorical | H45: 1 | I45: 16 or more | J45: 2000 | K45: 2000 | L45: 1 | M45: Can be divded by adults and children
B46: RHHNAMEA | C46: AGE OF SELECTED HOUSEHOLD HEAD | D46: Other | E46: NA | F46: NA | G46: Categorical | H46: 5-9 years old | I46: 90-94 years | J46: 2000 | K46: 2000 | L46: 1 | M46: Data exists for all members of the household
B47: RHHNAMES | C47: SEX OF SELECTED HOUSEHOLD HEAD | D47: Other | E47: NA | F47: NA | G47: Categorical | H47: NA | I47: NA | J47: 2000 | K47: 2000 | L47: 1 | M47: Data exists for all members of the household
B48: RRSAA | C48: AGE OF RSA | D48: Other | E48: NA | F48: NA | G48: Categorical | H48: 15-19 years old | I48: 95.99 years | J48: 2000 | K48: 2000 | L48: 1 | M48: Data exists for all members of the household
B49: RRSAS | C49: SEX OF RSA | D49: Other | E49: NA | F49: NA | G49: Categorical | H49: NA | I49: NA | J49: 2000 | K49: 2000 | L49: 1 | M49: Data exists for all members of the household
B50: RB2_1-RB2_6 | C50: Race | D50: Other | E50: NA | F50: NA | G50: Categorical | H50: NA | I50: NA | J50: 2000 | K50: 2000 | L50: 1 | M50: Data exists for all members of the household
B51: OCC_AC17 | C51: OCCUPATION CODE AC17 | D51: Other | E51: NA | F51: NA | G51: Categorical | H51: NA | I51: NA | J51: 2000 | K51: 2000 | L51: 1 | M51: Data exists for all members of the household and all jobs
B52: IND_AC17 | C52: INDUSTRY CODE AC17 | D52: Other | E52: NA | F52: NA | G52: Categorical | H52: NA | I52: NA | J52: 2000 | K52: 2000 | L52: 1 | M52: Data exists for all members of the household and all jobs
B53: OCC_AK4 | C53: OCCUPATION CODE AK4 | D53: Other | E53: NA | F53: NA | G53: Categorical | H53: NA | I53: NA | J53: 2000 | K53: 2000 | L53: 1 | M53: Data exists for all members of the household and all jobs
B54: IND_AK4 | C54: INDUSTRY CODE AK4 | D54: Other | E54: NA | F54: NA | G54: Categorical | H54: NA | I54: NA | J54: 2000 | K54: 2000 | L54: 1 | M54: Data exists for all members of the household and all jobs
B55: TRACTX | C55: Current residence | D55: Other | E55: NA | F55: NA | G55: Categorical | H55: NA | I55: NA | J55: 2000 | K55: 2000 | L55: 1 | M55: They have geolocation for the current residence, but this data is (very) restricted
B56: SPA_ID | C56: SPA IDENTIFIER | D56: Other | E56: NA | F56: NA | G56: Categorical | H56: NA | I56: NA | J56: 2000 | K56: 2000 | L56: 1
B57: SPA_NAME | C57: SPA LOCATION NAME | D57: Other | E57: NA | F57: NA | G57: Categorical | H57: NA | I57: NA | J57: 2000 | K57: 2000 | L57: 1
B58: LAFANHID | C58: LONGITUDINAL HOUSEHOLD ID | D58: Other | E58: NA | F58: NA | G58: Categorical | H58: NA | I58: NA | J58: 2000 | K58: 2000 | L58: 1

Sheet LWS
A1: Important | B1: Mnemonic | C1: Mnemonic description | D1: Type (Flow/stock) | E1: Gross/net | F1: Index | G1: Values | H1: Min | I1: Max | J1: Year_start | K1: Year_end | L1: Year_count | M1: Comments
B2: LIS
B3: own | C3: owned/rented housing | D3: Stock | E3: NA | F3: NA | G3: Categorical | H3: NA | I3: NA | J3: 2013 | K3: 2013 | L3: 1
B4: dwelval | C4: value of dwelling | D4: Stock | E4: Gross | F4: Price in USD (or other country specific currency) for the given year | G4: Continuous | H4: 0 | I4: 9999999 | J4: 2013 | K4: 2013 | L4: 1
B5: gross1 | C5: gross hourly wage, job 1 | D5: Flow | E5: Gross | F5: Price in USD (or other country specific currency) for the given year | G5: Continuous | H5: 0 | I5: 2875 | J5: 2013 | K5: 2013 | L5: 1
B6: net1 | C6: net hourly wage in job 1 | D6: Flow | E6: Net | F6: Price in USD (or other country specific currency) for the given year | G6: Continuous | H6: 0 | I6: NA | J6: 2013 | K6: 2013 | L6: 1
B7: hi | C7: total income, household | D7: Flow | E7: See grossnet | F7: Price in USD (or other country specific currency) for the given year | G7: Continuous | H7: -15680 | I7: 2199998 | J7: 2013 | K7: 2013 | L7: 1
B8: hmi | C8: total income, household, monetary | D8: Flow | E8: See grossnet | F8: Price in USD (or other country specific currency) for the given year | G8: Continuous | H8: -15680 | I8: 2199998 | J8: 2013 | K8: 2013 | L8: 1
B9: hni | C9: total income, household, non-monetary | D9: Flow | E9: See grossnet | F9: Price in USD (or other country specific currency) for the given year | G9: Continuous | H9: 0 | I9: 3648 | J9: 2013 | K9: 2013 | L9: 1
B10: hil | C10: labour income, household | D10: Flow | E10: See grossnet | F10: Price in USD (or other country specific currency) for the given year | G10: Continuous | H10: -19998 | I10: 2199998 | J10: 2013 | K10: 2013 | L10: 1
B11: hmil | C11: labour income, household, monetary | D11: Flow | E11: See grossnet | F11: Price in USD (or other country specific currency) for the given year | G11: Continuous | H11: -19998 | I11: 2199998 | J11: 2013 | K11: 2013 | L11: 1
B12: hile | C12: paid employment income, household | D12: Flow | E12: See grossnet | F12: Price in USD (or other country specific currency) for the given year | G12: Continuous | H12: 0 | I12: 2199998 | J12: 2013 | K12: 2013 | L12: 1
B13: hmile | C13: paid employment income, household, monetary | D13: Flow | E13: See grossnet | F13: Price in USD (or other country specific currency) for the given year | G13: Continuous | H13: 0 | I13: 2199998 | J13: 2013 | K13: 2013 | L13: 1
B14: hiler | C14: regular paid employment income, household | D14: Flow | E14: See grossnet | F14: Price in USD (or other country specific currency) for the given year | G14: Continuous | H14: 0 | I14: 2199998 | J14: 2013 | K14: 2013 | L14: 1
B15: hmiler | C15: regular paid employment income, household, monetary | D15: Flow | E15: See grossnet | F15: Price in USD (or other country specific currency) for the given year | G15: Continuous | H15: 0 | I15: 2199998 | J15: 2013 | K15: 2013 | L15: 1
B16: hils | C16: self-employment income, household | D16: Flow | E16: See grossnet | F16: Price in USD (or other country specific currency) for the given year | G16: Continuous | H16: -19998 | I16: 1118000 | J16: 2013 | K16: 2013 | L16: 1
B17: hmils | C17: self-employment income, household, monetary | D17: Flow | E17: See grossnet | F17: Price in USD (or other country specific currency) for the given year | G17: Continuous | H17: -19998 | I17: 1118000 | J17: 2013 | K17: 2013 | L17: 1
B18: hilsf | C18: farm self-employment income, household | D18: Flow | E18: See grossnet | F18: Price in USD (or other country specific currency) for the given year | G18: Continuous | H18: -19998 | I18: 820000 | J18: 2013 | K18: 2013 | L18: 1
... B140: hmxiha | C140: alimony/child support paid, household, monetary | D140: Flow | E140: NA | F140: Price in USD (or other country specific currency) for the given year | G140: Continuous | H140: 0 | I140: 90000 | J140: 2013 | K140: 2013 | L140: 1
B141: dhi | C141: disposable household income | D141: Flow | E141: Net | F141: Price in USD (or other country specific currency) for the given year | G141: Continuous | H141: -15680 | I141: 1183638 | J141: 2013 | K141: 2013 | L141: 1 | M141: Aggregate
B142: dpi | C142: cash disposable household income | D142: Flow | E142: Net | F142: Price in USD (or other country specific currency) for the given year | G142: Continuous | H142: -15680 | I142: 1183638 | J142: 2013 | K142: 2013 | L142: 1 | M142: Aggregate
B143: factor | C143: factor income | D143: Flow | E143: See grossnet | F143: Price in USD (or other country specific currency) for the given year | G143: Continuous | H143: -19996 | I143: 2199998 | J143: 2013 | K143: 2013 | L143: 1 | M143: Aggregate
B144: socred | C144: social security redistribution | D144: Flow | E144: See grossnet | F144: Price in USD (or other country specific currency) for the given year | G144: Continuous | H144: 0 | I144: 207026 | J144: 2013 | K144: 2013 | L144: 1 | M144: Aggregate
B145: privred | C145: private redistribution | D145: Flow | E145: See grossnet | F145: Price in USD (or other country specific currency) for the given year | G145: Continuous | H145: 0 | I145: 296000 | J145: 2013 | K145: 2013 | L145: 1 | M145: Aggregate
B146: pension | C146: total pension income | D146: Flow | E146: See grossnet | F146: Price in USD (or other country specific currency) for the given year | G146: Continuous | H146: 0 | I146: 181599 | J146: 2013 | K146: 2013 | L146: 1 | M146: Aggregate
B147: grossnet | C147: gross/net income amounts | D147: Other | E147: NA | F147: NA | G147: Categorical | H147: NA | I147: NA | J147: 2013 | K147: 2013 | L147: 1
B148: pi | C148: total income, person | D148: Flow | E148: See grossnet | F148: Price in USD (or other country specific currency) for the given year | G148: Continuous | H148: -9999 | I148: 1409999 | J148: 2013 | K148: 2013 | L148: 1
B149: pmi | C149: total income, person, monetary | D149: Flow | E149: See grossnet | F149: Price in USD (or other country specific currency) for the given year | G149: Continuous | H149: -9999 | I149: 1409999 | J149: 2013 | K149: 2013 | L149: 1
B150: pil | C150: labour income, person | D150: Flow | E150: See grossnet | F150: Price in USD (or other country specific currency) for the given year | G150: Continuous | H150: -9999 | I150: 1409999 | J150: 2013 | K150: 2013 | L150: 1
B151: pmil | C151: labour income, person, monetary | D151: Flow | E151: See grossnet | F151: Price in USD (or other country specific currency) for the given year | G151: Continuous | H151: -9999 | I151: 1409999 | J151: 2013 | K151: 2013 | L151: 1
B152: pile | C152: paid employment income, person | D152: Flow | E152: See grossnet | F152: Price in USD (or other country specific currency) for the given year | G152: Continuous | H152: 0 | I152: 1249999 | J152: 2013 | K152: 2013 | L152: 1
B153: pmile | C153: paid employment income, person, monetary | D153: Flow | E153: See grossnet | F153: Price in USD (or other country specific currency) for the given year | G153: Continuous | H153: 0 | I153: 1249999 | J153: 2013 | K153: 2013 | L153: 1
B154: piler | C154: regular paid employment income, person | D154: Flow | E154: See grossnet | F154: Price in USD (or other country specific currency) for the given year | G154: Continuous | H154: 0 | I154: 1249999 | J154: 2013 | K154: 2013 | L154: 1
B155: pmiler | C155: regular paid employment income, person, monetary | D155: Flow | E155: See grossnet | F155: Price in USD (or other country specific currency) for the given year | G155: Continuous | H155: 0 | I155: 1249999 | J155: 2013 | K155: 2013 | L155: 1
B156: pils | C156: self-employment income, person | D156: Flow | E156: See grossnet | F156: Price in USD (or other country specific currency) for the given year | G156: Continuous | H156: -19998 | I156: 1099999 | J156: 2013 | K156: 2013 | L156: 1
B157: pmils | C157: self-employment income, person, monetary | D157: Flow | E157: See grossnet | F157: Price in USD (or other country specific currency) for the given year | G157: Continuous | H157: -19998 | I157: 1099999 | J157: 2013 | K157: 2013 | L157: 1
B158: pilsf | C158: farm self-employment income, person | D158: Flow | E158: See grossnet | F158: Price in USD (or other country specific currency) for the given year | G158: Continuous | H158: -19998 | I158: 550000 | J158: 2013 | K158: 2013 | L158: 1
